 Dungeon Crawl Stone Soup version 0.24-a0-582-g4d4af813a0 (webtiles) character file.

Game seed: 1580722555850836529

11942934 PlumEater the Conqueror (level 27, 214/214 HPs)
             Began as a Gargoyle Earth Elementalist on Aug 21, 2019.
             Was the Champion of Vehumet.
             Escaped with the Orb
             ... and 15 runes on Aug 27, 2019!
             The game lasted 12:26:10 (143803 turns).

PlumEater the Conqueror (GrEE)                    Turns: 143803, Time: 12:26:10

Health: 214/214    AC: 57    Str: 14    XL:     27
Magic:  57/64      EV: 37    Int: 29    God:    Vehumet [******]
Gold:   29228      SH: 14    Dex: 13    Spells: 0/80 levels left

rFire    + + .     SeeInvis +   H - +18 lance "Wyrmbane" {slay drac, rPois rF+ rC+ AC+3}
rCold    + . .     Gourm    .   t - +3 warlock's mirror {reflect}
rNeg     + . .     Faith    .   y - +4 moon troll leather armour {Spirit, Regen++ MP+5}
rPois    ∞         Spirit   +   z - +3 crown of Dyrovepreva {rElec Int+2 SInv}
rElec    +         Reflect  +   I - scarf {cloud immunity}
rCorr    .         Harm     .   w - +1 pair of gloves "Keurghab" {+Inv MR- Dex+3 SInv}
MR       +....                  n - +2 pair of boots of the Assassin {Detection Stab+ Stlth++}
Stlth    ++++......             P - amulet of Vitality {Regen+ HP+15}
HPRegen  1.65/turn              p - ring of Robustness {AC+8}
MPRegen  0.39/turn              G - ring of Phasing {EV+8}

@: flying, hasted (expiring), very quick
A: antennae 1, big wings, molten scales 1, fire resistance 1, high mp 1,
negative energy resistance 1, sense surroundings 1, electricity resistance,
unbreathing, petrification resistance, rot immunity, AC +20
0: Orb of Zot
}: 15/15 runes: serpentine, barnacled, slimy, silver, golden, iron, obsidian,
icy, bone, abyssal, demonic, glowing, magical, fiery, dark
a: Stop Flying, Renounce Religion, Evoke Invisibility


You escaped.
You worshipped Vehumet.
Vehumet was exalted by your worship.
You were full.

You visited 18 branches of the dungeon, and saw 90 of its levels.
You visited Pandemonium 1 time, and saw 14 of its levels.
You visited the Abyss 6 times.
You visited 3 bazaars.
You visited 8 ziggurats (completing 6), and saw 210 of their levels.
You also visited: Ossuary, Gauntlet, Ice Cave, Volcano and Wizlab.

You collected 34697 gold pieces.
You spent 5469 gold pieces at shops.

Inventory:

Hand Weapons
 c - the +7 sceptre of Asmodeus
   (You took it off Asmodeus on level 7 of Gehenna)
 o - the +4 staff of Dispater
   (You took it off Dispater on level 7 of the Iron City of Dis)
 H - the +18 lance "Wyrmbane" (weapon) {slay drac, rPois rF+ rC+ AC+3}
   (You found it on level 17 of a ziggurat)

   It affects your AC (+3).
   It protects you from fire.
   It protects you from cold.
   It protects you from poison.
Missiles
 a - 51 throwing nets (quivered)
 i - 1246 silver javelins
Armour
 n - the +2 pair of boots of the Assassin (worn) {Detection Stab+ Stlth++}
   (You found it on level 20 of a ziggurat)

   It makes you much more stealthy.
 t - the +3 warlock's mirror (worn) {reflect}
   (You found it on level 21 of a ziggurat)
 w - the +1 pair of gloves "Keurghab" (worn) {+Inv MR- Dex+3 SInv}
   (You found it in a Gauntlet)

   It affects your dexterity (+3).
   It affects your resistance to hostile enchantments.
   It lets you see invisible.
   It lets you turn invisible.
 y - the +4 moon troll leather armour (worn) {Spirit, Regen++ MP+5}
   (You found it on level 22 of a ziggurat)

   It affects your magic capacity (+5).
   It increases your rate of regeneration.
 z - the +3 crown of Dyrovepreva (worn) {rElec Int+2 SInv}
   (You found it on level 4 of a ziggurat)

   It affects your intelligence (+2).
   It insulates you from electricity.
   It lets you see invisible.
 I - a scarf of cloud immunity (worn)
Magical Staves
 q - an uncursed staff of power
 v - an uncursed staff of fire
 R - an uncursed staff of energy
Jewellery
 p - the ring of Robustness (left hand) {AC+8}
   (You found it on level 5 of the Depths)

   [ring of protection]

   It affects your AC (+8).
 G - the ring of Phasing (right hand) {EV+8}
   (You found it on level 19 of a ziggurat)

   [ring of evasion]

   It affects your evasion (+8).
 L - the ring "Boeps" {rCorr Int+4}
   (You found it on level 21 of a ziggurat)

   [ring of resist corrosion]

   It affects your intelligence (+4).
   It provides partial protection from all sources of acid and corrosion.
 P - the amulet of Vitality (around neck) {Regen+ HP+15}
   (You took it off a kobold demonologist on level 14 of the Dungeon)

   [amulet of regeneration]

   It affects your health (+15).
   It increases your rate of regeneration.
 U - the ring of the Lily {rN+++ MR- EV+2 Str+2}
   (You found it on level 7 of a ziggurat)

   [ring of evasion]

   It affects your evasion (+2).
   It affects your strength (+2).
   It renders you almost immune to negative energy.
   It affects your resistance to hostile enchantments.
Wands
 g - a wand of acid (58)
 x - a wand of iceblast (65)
 W - a wand of scattershot (5)
Scrolls
 j - 163 scrolls of teleportation
 k - 177 scrolls of remove curse
 u - 46 scrolls of amnesia
 A - 107 scrolls of fog
 E - 49 scrolls of identify
 F - 4 scrolls of summoning
 J - 36 scrolls of holy word
 M - 22 scrolls of blinking
 T - 13 scrolls of magic mapping
Potions
 e - 12 potions of curing
 f - 9 potions of haste
 h - 5 potions of brilliance
 l - 125 potions of mutation
 m - 2 potions of cancellation
 C - 7 potions of heal wounds
 K - 2 potions of resistance
 N - 2 potions of might
 O - 7 potions of berserk rage
Miscellaneous
 b - the horn of Geryon (inert)
 B - 70 boxes of beasts
 Q - 72 phantom mirrors
Comestibles
 d - 18 rations


   Skills:
 O Level 27 Fighting
 O Level 27 Short Blades
 O Level 27 Long Blades
 O Level 27 Axes
 O Level 27 Maces & Flails
 O Level 27 Polearms
 O Level 27 Staves
 O Level 27 Slings
 O Level 27 Bows
 O Level 27 Crossbows
 O Level 27 Throwing
 O Level 27 Armour
 O Level 27 Dodging
 O Level 27 Stealth
 O Level 27 Shields
 O Level 27 Unarmed Combat
 O Level 27 Spellcasting
 O Level 27 Conjurations
 O Level 27 Hexes
 O Level 27 Charms
 O Level 27 Summonings
 O Level 27 Necromancy
 O Level 27 Translocations
 O Level 27 Transmutations
 O Level 27 Fire Magic
 O Level 27 Ice Magic
 O Level 27 Air Magic
 O Level 27 Earth Magic
 O Level 27 Poison Magic
 O Level 27 Invocations
 O Level 27 Evocations


You couldn't memorise any spells.
You knew the following spells:

 Your Spells              Type           Power        Failure   Level  Hunger
a - Shatter               Erth           ########..   1%          9    #####..
b - Necromutation         Tmut/Necr      ########..   1%          8    ###....
c - Controlled Blink      Tloc           N/A          1%          8    ###....
d - Iron Shot             Conj/Erth      ########..   0%          6    None
e - Fire Storm            Conj/Fire      ########..   1%          9    #####..
f - Bolt of Fire          Conj/Fire      ########..   0%          6    None
g - Tornado               Air            ########..   1%          9    #####..
h - Ignition              Fire           ########..   1%          8    ###....
i - Glaciate              Conj/Ice       ########..   1%          9    #####..
j - Lehudib's Crystal Sp  Conj/Erth      ########..   1%          8    ###....

Your spell library contained the following spells:

 Spells                   Type           Power        Failure   Level  Hunger
 Animate Skeleton         Necr           N/A          0%          1    None
 Apportation              Tloc           ######       0%          1    None
 Beastly Appendage        Tmut           ######       0%          1    None
 Confusing Touch          Hex            ######       0%          1    None
 Corona                   Hex            #######      0%          1    None
 Flame Tongue             Conj/Fire      #####        0%          1    None
 Freeze                   Ice            ####         0%          1    None
 Infusion                 Chrm           ####         0%          1    None
 Magic Dart               Conj           ####         0%          1    None
 Pain                     Necr           ####         0%          1    None
 Sandblast                Erth           ######       0%          1    None
 Shock                    Conj/Air       ####         0%          1    None
 Sting                    Conj/Pois      ####         0%          1    None
 Summon Butterflies       Summ           ########     0%          1    None
 Summon Small Mammal      Summ           ####         0%          1    None
 Blink                    Tloc           N/A          0%          2    None
 Call Imp                 Summ           ########     0%          2    None
 Corpse Rot               Necr           N/A          0%          2    None
 Ensorcelled Hibernation  Hex/Ice        ######       0%          2    None
 Passwall                 Tmut/Erth      ########     0%          2    None
 Poisonous Vapours        Pois/Air       ######       0%          2    None
 Searing Ray              Conj           ######       0%          2    None
 Shroud of Golubria       Chrm/Tloc      ######       0%          2    None
 Slow                     Hex            ########     0%          2    None
 Song of Slaying          Chrm           ########     0%          2    None
 Sticks to Snakes         Tmut           ########     0%          2    None
 Swiftness                Chrm/Air       ########     0%          2    None
 Throw Flame              Conj/Fire      ######       0%          2    None
 Throw Frost              Conj/Ice       ######       0%          2    None
 Call Canine Familiar     Summ           ########     0%          3    None
 Confuse                  Hex            ########     0%          3    None
 Conjure Flame            Conj/Fire      ########     0%          3    None
 Dazzling Spray           Conj/Hex       ######       0%          3    None
 Gell's Gravitas          Tloc           ########..   0%          3    None
 Ignite Poison            Fire/Tmut/Pois ########     0%          3    None
 Inner Flame              Hex/Fire       ########     0%          3    None
 Lesser Beckoning         Tloc           ########..   0%          3    None
 Mephitic Cloud           Conj/Pois/Air  ########     0%          3    None
 Ozocubu's Armour         Chrm/Ice       ########     0%          3    None
 Portal Projectile        Hex/Tloc       ######       0%          3    None
 Recall                   Summ/Tloc      N/A          0%          3    None
 Regeneration             Chrm/Necr      ########..   0%          3    None
 Spectral Weapon          Hex/Chrm       ########     0%          3    None
 Spider Form              Tmut/Pois      ########..   0%          3    None
 Static Discharge         Conj/Air       ########     0%          3    None
 Stone Arrow              Conj/Erth      ######       0%          3    None
 Summon Guardian Golem    Hex/Summ       ########     0%          3    None
 Teleport Other           Tloc           ########     0%          3    None
 Tukima's Dance           Hex            ########     0%          3    None
 Vampiric Draining        Necr           ########..   0%          3    None
 Airstrike                Air            ########..   0%          4    None
 Animate Dead             Necr           N/A          0%          4    None
 Cause Fear               Hex            ########..   0%          4    None
 Force Lance              Conj/Tloc      ########     0%          4    None
 Fulminant Prism          Conj/Hex       ########..   0%          4    None
 Ice Form                 Ice/Tmut       ########     0%          4    None
 Iskenderun's Mystic Bla  Conj           ########     0%          4    None
 Leda's Liquefaction      Hex/Erth       ########..   0%          4    None
 Olgreb's Toxic Radiance  Pois           ########     0%          4    None
 Petrify                  Tmut/Erth      ########     0%          4    None
 Sticky Flame             Conj/Fire      ########     0%          4    None
 Summon Ice Beast         Ice/Summ       ########     0%          4    None
 Summon Lightning Spire   Summ/Air       ########     0%          4    None
 Throw Icicle             Conj/Ice       ########     0%          4    None
 Agony                    Necr           ########     0%          5    None
 Alistair's Intoxication  Tmut/Pois      ########     0%          5    None
 Aura of Abjuration       Summ           ########..   0%          5    None
 Blade Hands              Tmut           ########..   0%          5    None
 Bolt of Draining         Conj/Necr      ########..   0%          5    None
 Bolt of Magma            Conj/Fire/Erth ########..   0%          5    None
 Borgnjor's Vile Clutch   Necr/Erth      ########..   0%          5    None
 Dispel Undead            Necr           ########     0%          5    None
 Excruciating Wounds      Chrm/Necr      ########..   0%          5    None
 Fireball                 Conj/Fire      ########..   0%          5    None
 Irradiate                Conj/Tmut      ########..   0%          5    None
 Iskenderun's Battlesphe  Conj/Chrm      ########     0%          5    None
 Lee's Rapid Deconstruct  Erth           ########..   0%          5    None
 Lightning Bolt           Conj/Air       ########..   0%          5    None
 Metabolic Englaciation   Hex/Ice        ########..   0%          5    None
 Silence                  Hex/Air        ########..   0%          5    None
 Summon Demon             Summ           ########..   0%          5    None
 Summon Forest            Summ/Tloc      ########..   0%          5    None
 Summon Mana Viper        Hex/Summ       ########     0%          5    None
 Venom Bolt               Conj/Pois      ########..   0%          5    None
 Yara's Violent Unravell  Hex/Tmut       ########..   0%          5    None
 Bolt of Cold             Conj/Ice       ########..   0%          6    None
 Conjure Ball Lightning   Conj/Air       ########..   0%          6    None
 Darkness                 Hex            ########..   0%          6    None
 Death Channel            Necr           ########..   0%          6    None
 Deflect Missiles         Chrm/Air       ########..   0%          6    None
 Dispersal                Tloc           ########..   0%          6    None
 Freezing Cloud           Conj/Ice/Air   ########..   0%          6    None
 Hydra Form               Tmut           ########..   0%          6    None
 Invisibility             Hex            ########     0%          6    None
 Ozocubu's Refrigeration  Ice            ########..   0%          6    None
 Poison Arrow             Conj/Pois      ########..   0%          6    None
 Shadow Creatures         Summ           N/A          0%          6    None
 Simulacrum               Ice/Necr       ########..   0%          6    None
 Dragon Form              Tmut           ########..   0%          7    None
 Haunt                    Necr/Summ      ########..   0%          7    None
 Malign Gateway           Summ/Tloc      ########..   0%          7    None
 Monstrous Menagerie      Summ           ########..   0%          7    None
 Orb of Destruction       Conj           ########..   0%          7    None
 Ring of Flames           Chrm/Fire      ########..   0%          7    None
 Spellforged Servitor     Conj/Summ      ########..   0%          7    None
 Summon Greater Demon     Summ           ########..   0%          7    None
 Summon Hydra             Summ           ########..   0%          7    None
 Borgnjor's Revivificati  Necr           ########..   1%          8    ###....
 Chain Lightning          Conj/Air       ########..   1%          8    ###....
 Death's Door             Chrm/Necr      ########..   1%          8    ###....
 Discord                  Hex            ########..   1%          8    ###....
 Disjunction              Tloc           ########..   1%          8    ###....
 Infestation              Necr           ########..   1%          8    ###....
 Summon Horrible Things   Summ           ########..   1%          8    ###....
 Dragon's Call            Summ           ########..   1%          9    #####..
 Sublimation of Blood     Necr           Unusable     N/A         2    N/A
 Passage of Golubria      Tloc           Unusable     N/A         4    N/A
 Statue Form              Tmut/Erth      Unusable     N/A         6    N/A

Dungeon Overview and Level Annotations

Branches:
Dungeon (15/15)            Temple (1/1) D:7            Lair (6/6) D:9
 Shoals (4/4) Lair:4        Snake (4/4) Lair:4        Slime (5/5) Lair:6
    Orc (2/2) D:12            Elf (3/3) Orc:2        Vaults (5/5) D:14
  Crypt (3/3) Vaults:3       Tomb (3/3) Crypt:3      Depths (5/5) D:15
   Hell (visited)             Dis (7/7) Hell            Geh (7/7) Hell
    Coc (7/7) Hell            Tar (7/7) Hell            Zot (5/5) Depths:5
Ossuary (visited)           IceCv (visited)         Volcano (visited)
 WizLab (visited)         Gauntlet (visited)

Altars:
Ashenzari
Cheibriados
Dithmenos
Elyvilon
Fedhas
Gozag
Hepliaklqana
Kikubaaqudgha
Makhleb
Nemelex Xobeh
Okawaru
Qazlal
Ru
Sif Muna
Trog
Uskayaw
Vehumet
Wu Jian
Xom
Yredelemnul
Zin
The Shining One
Jiyva

Shops:
D:4 [   Orc:2 (!(?}?   Elf:1 [?   Elf:2 *   Snake:2 }   Snake:3 ?   Vaults:1 !
Vaults:5 :   Depths:1 *   Depths:5 :[

Portals:
Hell: Depths:1 Depths:2 Depths:3 Depths:4 Depths:5
Abyss: Depths:2 Depths:4
Pandemonium: Depths:1 Depths:3 Depths:5

Annotations:
Elf:2 3 runed translucent doors


Innate Abilities, Weirdness & Mutations

You are resistant to torment.
Your stone body is resilient. (AC +20)
You are immune to poison.
Your large and strong wings let you fly indefinitely.
You resist negative energy. (rN+)
You are resistant to electric shocks. (rElec)
You can survive without breathing.
You are immune to petrification.
You are immune to rotting.
You have a pair of small antennae on your head.
You are partially covered in molten scales. (AC +2)
Your flesh is heat resistant. (rF+)
You have an increased reservoir of magic. (+10% MP)
You passively map a small area around you.


Message History

The Orb Guardian is almost dead.
The Orb Guardian completely misses you.
You completely miss the Orb Guardian.
The Orb Guardian is almost dead.
You hit the Orb Guardian but do no damage.
The Orb Guardian is almost dead.
The Orb Guardian hits you but does no damage.
You impale the Orb Guardian!!
You kill the Orb Guardian!
Vehumet accepts your kill.
You feel your power returning.
No target in view!
You fly upwards.
There is a stone staircase leading down here.
Unknown command.
A green death comes into view.
The green death gestures at you.
Your extra speed is starting to run out.
There is a staircase leading out of the dungeon here.
You have escaped!

.# #.# ###...## ####### .# #.#
#...# ###.(...## .# #.####
#...###........# ## #.##.#
#...##.......÷.# .# #.##.#
#...##..##...### .# #.##.#
#...#..####### .#####.##.#
#####'## ###### .......##.#
#....# #....# .########.# #°.@.#
#....# .##.......#####°### #....#
........2☼○☼°°..# ####.#
..#.#########°○## #####..#####
..#.....# #°## #...........
#[......# #.# #...........
...(..### #.# #...........
........#####.########...........
......#.............)............


There were no monsters in sight!

Vanquished Creatures
  Antaeus (Coc:7)
  the Royal Jelly (Slime:5)
  Asmodeus (Geh:7)
  Gloorx Vloq (Pan)
  Ereshkigal (Tar:7)
  Mnoleg (Pan)
  the Serpent of Hell (Geh:7)
  Dispater (Dis:7)
  3 orbs of fire (Zot:5)
  180 ancient liches
  Khufu (Tomb:3)
  Mara (Depths:2)
  117 juggernauts
  110 greater mummies
  Sojobo (Tomb:1)
  59 Killer Klowns
  59 shard shrikes
  Bai Suzhen (Shoals:3)
  4 curse toes
  37 caustic shrikes
  Nikola (Depths:1)
  Vashnia (Snake:3)
  55 profane servitors
  Geryon (Hell)
  Jory (Depths:3)
  145 bone dragons
  The ghost of Leposok the Hoplite, an adept DDFi of Makhleb (Depths:1)
  160 golden dragons
  66 Tzitzimimeh
  25 electric golems
  133 pandemonium lords
  47 pearl dragons (Zig:24)
  28 doom hounds
  68 Brimstone Fiends
  112 liches
  A shard shrike zombie (Crypt:2)
  23 iron giants
  42 hellephants
  118 Ice Fiends
  Rupert (D:15)
  Jorgrun (Snake:3)
  95 tentacled monstrosities
  57 Hell Sentinels
  6 quicksilver dragons (shapeshifter)
  129 titans
  26 Orb Guardians
  59 deep elf blademasters
  256 acid blobs
  69 quicksilver dragons
  103 deep elf master archers
  57 sphinxes
  Gastronok (D:12)
  4 sphinxes (shapeshifter)
  3 eldritch tentacles
  8 death cobs
  3 krakens
  12 thorn hunters
  155 ancient champions
  Murray (Hell)
  58 Executioners
  Donald (Snake:3)
  32 storm dragons
  129 revenants
  16 tengu reavers
  2 storm dragons (shapeshifter)
  89 tentacled starspawn
  55 shadow dragons
  5 azure jellies (shapeshifter)
  119 azure jellies
  4 shadow dragons (shapeshifter)
  63 draconian monks
  An iron dragon (shapeshifter) (Zig:14)
  65 blood saints
  3 fire giants (shapeshifter)
  409 nagarajas
  59 cacodemons
  67 frost giants
  43 daevas
  32 vault wardens
  90 draconian knights
  48 fire giants
  2 frost giants (shapeshifter)
  66 draconian scorchers
  Aizul (Crypt:1)
  Louise (Snake:3)
  32 angels
  A spectral caustic shrike (Zig:10)
  20 deep elf sorcerers
  113 corrupters
  A ghost moth (shapeshifter) (Zig:27)
  99 balrugs
  62 emperor scorpions
  38 ghouls
  220 orc warlords
  109 ghost moths
  8 iron dragons
  17 caustic shrike zombies
  49 warmongers
  15 deep elf elementalists
  6 stone giants (shapeshifter)
  36 ironheart preservers
  57 draconian stormcallers
  26 juggernaut zombies
  217 reapers
  62 draconian shifters
  69 draconian annihilators
  22 caustic shrike skeletons
  110 curse skulls
  3 spriggan defenders
  33 war gargoyles
  58 deep elf demonologists
  205 stone giants
  16 ophanim (Zig:24)
  80 entropy weavers
  2 entropy weavers (shapeshifter)
  Nessos (Lair:5)
  3 elemental wellsprings (Coc:7)
  70 very ugly things
  19 apis (Zig:24)
  101 vampire knights
  23 juggernaut skeletons
  30 bennus
  66 black suns
  31 green draconians
  Azrael (Snake:3)
  37 black draconians
  2 minotaurs
  43 red draconians
  47 purple draconians
  26 dire elephants
  A dire elephant (shapeshifter) (Zig:18)
  35 lorocyprocas
  The ghost of Tiemiph the Brawler, a journeyman OgTm of Makhleb (D:14)
  53 deep elf annihilators
  47 yellow draconians
  2 spark wasps (shapeshifter)
  29 spark wasps
  35 white draconians
  50 ettins
  66 deep elf death magi
  108 eidola
  46 merfolk impalers
  177 blizzard demons
  28 death oozes
  135 green deaths
  3 crystal guardians
  Josephine (D:13)
  72 mummy priests
  A fire dragon (shapeshifter) (Zig:9)
  55 deep elf high priests
  97 merfolk javelineers
  14 quicksilver dragon zombies
  A kraken zombie (Coc:7)
  26 jiangshi
  99 yaktaur captains
  A great orb of eyes (shapeshifter) (Zig:26)
  Erolcha (D:9)
  57 great orbs of eyes
  19 fire dragons
  115 naga warriors
  22 quicksilver dragon skeletons
  22 rakshasas
  82 ice dragons
  23 catoblepae
  9 monstrous demonspawn
  103 hydras
  An ice dragon (shapeshifter) (Zig:27)
  25 spriggan air magi
  35 vault guards
  A hydra (shapeshifter) (Depths:4)
  A caustic shrike simulacrum (Zig:24)
  6 alligator snapping turtles (shapeshifter)
  14 ghost crabs
  A juggernaut simulacrum (Zig:26)
  7 alligator snapping turtles
  26 hell beasts
  65 shambling mangroves
  A spectral shadow dragon (Zig:16)
  17 merfolk avatars
  78 anacondas
  43 centaur warriors
  8 anacondas (shapeshifter)
  19 alligators
  54 satyrs
  4 tengu warriors
  129 death scarabs
  13 deep troll earth magi
  2 two-headed ogres (shapeshifter)
  An alligator (shapeshifter) (Zig:26)
  3 satyrs (shapeshifter)
  16 death knights
  45 ogre magi
  82 two-headed ogres
  A death yak (shapeshifter) (Zig:14)
  118 vampire magi
  A queen ant (Lair:5)
  36 hell hogs
  152 dancing weapons
  101 merfolk aquamancers
  8 deep troll shamans
  290 orc high priests
  30 titan zombies
  113 soul eaters
  Urug (Lair:5)
  6 spriggan berserkers
  6 death yaks
  123 shock serpents
  4 shock serpents (shapeshifter)
  73 thrashing horrors
  48 hell knights
  A spectral spriggan (Zig:16)
  193 naga sharpshooters
  Sonja (D:10)
  33 titan skeletons
  155 skeletal warriors
  152 wretched stars
  3 spectral elves
  74 shadow wraiths
  2 fire crabs (shapeshifter)
  17 storm dragon skeletons
  6 iron trolls (shapeshifter)
  5 iron golems
  A fire crab (Zig:14)
  2 death drakes (shapeshifter)
  53 sun demons
  2 sea snakes (shapeshifter)
  25 storm dragon zombies
  114 deep elf knights
  4 spark wasp zombies
  30 sixfirhies
  74 death drakes
  104 iron trolls
  27 golden dragon zombies
  29 spatial maelstroms
  26 salamander mystics
  A spectral iron dragon (Zig:10)
  52 sea snakes
  6 unseen horrors
  A ghost moth zombie (Crypt:1)
  27 spriggan druids
  23 cherubim
  5 swamp dragons (shapeshifter)
  2 quicksilver dragon simulacra
  14 torturous demonspawn
  12 wizards
  33 golden dragon skeletons
  252 starcursed masses
  8 glowing orange brains (shapeshifter)
  8 infernal demonspawn
  23 shadow dragon zombies
  105 flayed ghosts
  15 gelid demonspawn
  25 glowing orange brains
  39 ironbrand convokers
  A deep troll (shapeshifter) (Zig:26)
  104 orc knights
  68 naga ritualists
  12 anaconda zombies
  75 phantasmal warriors
  99 shadow demons
  65 swamp dragons
  36 deep trolls
  22 obsidian statues
  2 lindwurms
  20 necromancers
  117 orb spiders
  29 orange crystal statues
  104 harpies
  28 iron dragon zombies
  5 wolf spider zombies
  4 harpies (shapeshifter)
  4 lindwurms (shapeshifter)
  79 deep elf archers
  3 orb spiders (shapeshifter)
  63 mana vipers
  21 sphinx zombies
  82 wolf spiders
  151 orc sorcerers
  58 ugly things
  81 fauns
  26 tengu skeletons
  49 shining eyes
  7 fire giant zombies
  4 fauns (shapeshifter)
  6 frost giant zombies
  2 glowing shapeshifters
  5 oklob plants (Lair:5)
  A wolf spider (shapeshifter) (Zig:14)
  47 manticores
  3 anaconda skeletons
  318 deep elf magi
  28 worldbinders
  2 stone giant zombies
  54 salamanders
  31 shadow dragon skeletons
  A mana viper (shapeshifter) (Zig:9)
  266 large abominations
  2 manticores (shapeshifter)
  4 shining eyes (shapeshifter)
  16 elephants
  69 cyclopes
  29 sphinx skeletons
  3 salamanders (shapeshifter)
  19 iron dragon skeletons
  185 moths of wrath
  3 water nymphs (shapeshifter)
  38 rust devils
  15 frost giant skeletons
  4 dire elephant zombies
  A guardian serpent (shapeshifter) (Zig:18)
  6 stone giant skeletons
  A black mamba (shapeshifter) (Zig:6)
  54 vault sentinels
  12 cyclopes (shapeshifter)
  9 fire giant skeletons
  3 moths of wrath (shapeshifter)
  25 eyes of devastation
  36 merfolk sirens
  3 titan simulacra
  Joseph (D:7)
  6 elephants (shapeshifter)
  2 torpor snails (shapeshifter)
  43 apocalypse crabs
  102 smoke demons
  343 black mambas
  4 molten gargoyles (Geh:7)
  3 eyes of devastation (shapeshifter)
  3 spiny frogs (shapeshifter)
  160 naga magi
  A shock serpent skeleton (Crypt:2)
  31 ice statues
  111 water nymphs
  139 guardian serpents
  A red draconian zombie (Crypt:2)
  69 torpor snails
  51 orange demons
  A storm dragon simulacrum (Depths:1)
  43 spiny frogs
  6 gargoyles
  78 yaktaurs
  29 efreet
  146 freezing wraiths
  103 hellions
  2 rime drakes (shapeshifter)
  23 rime drakes
  A green draconian zombie (Dis:4)
  3 spectral glowing shapeshifters
  A minotaur zombie (Geh:7)
  2 tengu conjurers
  160 tormentors
  A dire elephant skeleton (Crypt:1)
  An anaconda simulacrum (Hell)
  27 komodo dragons
  142 ice devils
  71 demonic crawlers
  6 kobold demonologists
  2 ghost moth simulacra
  25 hellwings
  82 ancient zymes
  A golden dragon simulacrum (Zig:18)
  181 guardian mummies
  3 harpy zombies
  A purple draconian skeleton (Crypt:1)
  19 silent spectres
  4 yaktaurs (shapeshifter)
  A spectral human (Zig:10)
  43 red devils
  4 human skeletons
  101 trolls
  3 yaktaur skeletons
  3 meliai (shapeshifter)
  3 queen bees (shapeshifter)
  77 jumping spiders
  A catoblepas skeleton (Crypt:3)
  7 hydra zombies
  4 merfolk (shapeshifter)
  17 tyrant leeches
  178 merfolk
  4 hornets (shapeshifter)
  162 hornets
  7 polar bears
  2 raiju (shapeshifter)
  A wind drake (shapeshifter) (Zig:13)
  4 jumping spiders (shapeshifter)
  2 tengu simulacra
  A polar bear (shapeshifter) (Zig:16)
  3 meliai
  34 snapping turtles
  89 raiju
  A blink frog (shapeshifter) (Zig:20)
  3 wolf spider simulacra
  A sphinx simulacrum (Zig:21)
  25 blink frogs
  4 harpy skeletons
  A fire giant simulacrum (Crypt:1)
  32 wind drakes
  26 hippogriffs
  7 hydra skeletons
  34 spriggan zombies
  3 tyrant leeches (shapeshifter)
  6 ice dragon zombies
  6 fire dragon zombies
  266 slime creatures
  8 dream sheep (shapeshifter)
  3 shadow dragon simulacra
  3 iron dragon simulacra
  6 slime creatures (shapeshifter)
  10 dream sheep
  2 frost giant simulacra
  6 alligator zombies
  4 hippogriffs (shapeshifter)
  23 bog bodies
  2 ettin zombies
  A deep troll zombie (Zig:2)
  70 redbacks
  A black mamba zombie (Geh:1)
  9 snapping turtles (shapeshifter)
  201 flying skulls
  67 shadows
  83 ynoxinuls
  5 ettin skeletons
  2 spriggan simulacra
  4 alligator skeletons
  78 elf skeletons
  7 fire dragon skeletons
  7 elf simulacra
  A redback (shapeshifter) (Zig:4)
  69 yaks
  122 water elementals
  18 spriggan skeletons
  79 wraiths
  3 vampires
  47 spriggans
  58 air elementals
  79 tarantellas
  2 yaks (shapeshifter)
  Eustachio (D:4)
  A black mamba skeleton (Geh:5)
  5 ice dragon skeletons
  2 spriggans (shapeshifter) (Zig:14)
  3 tarantellas (shapeshifter)
  11 wyverns
  5 basilisks
  2 basilisks (shapeshifter)
  55 ushabtiu
  45 fire elementals
  30 golden eyes
  3 humans (shapeshifter)
  A dire elephant simulacrum (Crypt:2)
  A golden eye (shapeshifter) (Zig:9)
  3 humans (D:14)
  A fire bat (shapeshifter) (Zig:16)
  82 neqoxecs
  A hog (shapeshifter) (Zig:16)
  A catoblepas simulacrum (Coc:7)
  26 vampire mosquitoes
  96 chaos spawn
  5 steam dragons (Zig:22)
  23 hungry ghosts
  A spectral spiny frog (Gauntlet)
  8 spatial vortices
  76 wargs
  Menkaure (D:6)
  22 insubstantial wisps
  165 nagas
  A merfolk zombie (Crypt:1)
  A naga (shapeshifter) (D:15)
  A swamp worm (shapeshifter) (Zig:14)
  A water moccasin (shapeshifter) (Depths:4)
  A warg (shapeshifter) (Depths:4)
  2 acid dragons (Zig:22)
  19 floating eyes
  Duvessa (D:6)
  25 soldier ants (Lair:5)
  2 hydra simulacra
  43 water moccasins
  6 floating eyes (shapeshifter)
  5 spiny frog zombies
  61 hell hounds
  A spiny frog skeleton (Coc:7)
  6 porcupines
  4 black bears (shapeshifter)
  3 ettin simulacra
  An eye of draining (shapeshifter) (Zig:13)
  An ice dragon simulacrum (Crypt:2)
  3 sky beasts
  437 orc warriors
  42 ice beasts
  6 black bears
  An alligator simulacrum (Coc:7)
  26 swamp drakes
  8 phantoms
  3 swamp dragon zombies
  53 eyes of draining
  215 ogres
  11 boggarts
  58 necrophages
  35 centaurs
  4 snapping turtle skeletons
  30 wolves
  47 crocodiles
  6 big kobolds
  83 elf zombies
  2 octopode zombies
  A wyvern zombie (D:14)
  13 bullfrogs
  2 gnoll sergeants
  40 earth elementals
  A rime drake skeleton (Crypt:2)
  Dowan (D:6)
  97 small abominations
  2 spiny frog simulacra
  2 wyvern skeletons
  6 killer bees (D:12)
  5 scorpions
  A troll zombie (Dis:7)
  46 wights
  2 howler monkeys
  A vampire bat (D:4)
  A troll skeleton (Tar:7)
  A wolf zombie (Crypt:2)
  2 electric eels (Lair:4)
  12 crimson imps
  4 hounds
  A centaur zombie (D:10)
  16 iron imps
  2 bullfrog zombies
  A gnoll shaman (Zig:15)
  4 quasits
  A bullfrog skeleton (D:12)
  5 human zombies
  67 orc priests
  18 jellies
  An iguana (D:11)
  94 orc wizards
  6 hell rats
  26 worker ants
  2 killer bee zombies
  A naga zombie (Crypt:3)
  22 tengu zombies
  An ogre zombie (Crypt:2)
  2 hound zombies
  2 hound skeletons
  305 mummies
  2 worker ant zombies
  A steam dragon zombie (Crypt:2)
  13 gnolls
  16 adders
  2 river rats (D:9)
  50 shadow imps
  107 white imps
  3 ufetubi (Abyss:3)
  2 adder zombies
  4 oozes
  2 adder skeletons (D:4)
  A worm (shapeshifter) (Zig:24)
  2 ball lightnings (Pan)
  6 fire bats
  3 leopard geckos
  90 orcs
  2 spectral bats (D:4)
  16 bats
  4 bat skeletons
  A bat zombie (D:4)
  A giant cockroach (shapeshifter) (Depths:4)
  3 giant cockroaches
  8 goblins
  A goblin (shapeshifter) (Zig:27)
  6 hobgoblins
  27 kobolds
  12 quokkas
  A ball python (D:2)
  A bat simulacrum (D:4)
  A dart slug zombie (Crypt:1)
  2 frilled lizards
  A giant cockroach zombie (Crypt:1)
  2 gnoll zombies (Ossuary)
  A goblin zombie (Ossuary)
  A hobgoblin zombie (Ossuary)
  2 jackal zombies (Ossuary)
  A kobold zombie (Ossuary)
  A quokka zombie (D:5)
  13 rats
  A rat zombie (Ossuary)
  662 blocks of ice
  20 briar patches
  20 bushes (Depths:2)
  69 crawling corpses
  2 demonic plants (Pan)
  582 fire vortices
  4 fungi
  A lurking horror (Abyss:3)
  39 plants
  57 starspawn tentacles
  9 tentacles
23455 creatures vanquished.

Vanquished Creatures (collateral kills)
  Cerebov (Pan)
  3 pandemonium lords
  Lom Lobon (Pan)
  A greater mummy (Tomb:1)
  A Cloud Mage (WizLab)
  An Orb Guardian (Zot:5)
  2 Ice Fiends (Zig:18)
  14 acid blobs
  A tentacled starspawn (Zig:12)
  A storm dragon (Zig:23)
  3 azure jellies
  A revenant (Zig:18)
  An orc warlord (Zig:15)
  A daeva (Zig:24)
  A warmonger (Zig:8)
  A cacodemon (Zig:4)
  3 balrugs (D:15)
  A juggernaut zombie (Zig:25)
  An ophan (Zig:24)
  3 vampire knights
  2 corrupters
  2 black suns
  An eidolon (Zig:17)
  A blizzard demon (Zig:25)
  A mummy priest (Tomb:2)
  A quicksilver dragon zombie (Dis:7)
  A great orb of eyes (Zig:6)
  An ice dragon (Zig:22)
  A death scarab (Tomb:3)
  A vampire mage (Zig:17)
  A storm dragon zombie (Zig:23)
  A wretched star (Zig:6)
  A sun demon (Pan)
  A titan skeleton (Zig:25)
  A golden dragon zombie (Zig:21)
  An orc knight (Zig:15)
  2 shining eyes
  An orc sorcerer (Zig:17)
  A black mamba (Zig:3)
  A demonic crawler (Zig:4)
  2 orange demons (Pan)
  A hellion (Dis:7)
  A slime creature (Zig:23)
  A flying skull (Zig:21)
  A chaos spawn (Zig:24)
  A spatial vortex (Zig:16)
  A floating eye (shapeshifter) (Zig:22)
  2 floating eyes
  An orc warrior (Zig:17)
  An eye of draining (Zig:21)
  A starcursed mass (Zig:16)
  3 mummies
  A white imp (Zig:25)
  A block of ice (Zig:4)
83 creatures vanquished.

Vanquished Creatures (others)
  A greater mummy (Tomb:1)
  A pandemonium lord (Pan)
  An Ice Fiend (Zig:16)
  2 deep elf master archers
  2 eldritch tentacles
  A storm dragon (Zig:23)
  A tengu reaver (Vaults:5)
  2 blood saints
  A draconian knight (Zig:23)
  A draconian scorcher (Zig:25)
  A corrupter (Zig:26)
  A vault warden (Vaults:2)
  A draconian annihilator (Pan)
  2 ironheart preservers
  A vampire knight (Zig:17)
  8 stone giants
  A green draconian (Zig:12)
  2 black suns
  A spark wasp (Zig:23)
  A deep elf death mage (Zig:23)
  A fire dragon (Zig:9)
  2 yaktaur captains
  A rakshasa (Pan)
  A hell beast (Zig:19)
  A vault guard (Vaults:4)
  A satyr (Zig:17)
  5 centaur warriors
  A death scarab (Tomb:3)
  2 naga sharpshooters
  A dancing weapon (Zig:20)
  3 sun demons (Pan)
  A shadow demon (Pan)
  A deep elf archer (Zig:5)
  An orc knight (Zig:11)
  2 deep elf magi
  A cyclops (Zig:14)
  2 manticores
  A black mamba (Zig:12)
  A smoke demon (Zig:26)
  A centaur skeleton (D:14)
  A spiny frog (shapeshifter) (Zig:24)
  A yaktaur (Zig:27)
  An ice devil (Pan)
  A red devil (Pan)
  A large abomination (Zig:26)
  A hornet (Zig:11)
  An air elemental (Zig:24)
  A shadow (Zig:25)
  3 water elementals (Zig:21)
  A ynoxinul (Pan)
  2 golden eyes
  A fire elemental (Hell)
  A golden eye (shapeshifter) (Zig:5)
  A neqoxec (Pan)
  2 nagas
  An insubstantial wisp (Zig:23)
  A warg (Zig:15)
  3 small abominations
  A tengu (shapeshifter) (Zig:22)
  A necrophage (Crypt:1)
  A centaur (Zig:27)
  2 earth elementals (Zig:21)
  An iron imp (Dis:7)
  29 ball lightnings
  313 blocks of ice
  5 briar patches (Zig:27)
  4 bushes (Depths:2)
  A crawling corpse (Zig:21)
  928 fire vortices
  39 fungi
  A lurking horror (Abyss:3)
  81 plants
  39 starspawn tentacles
  7 tentacles (Shoals:4)
  26 withered plants (Crypt:3)
1565 creatures vanquished.

Grand Total: 25103 creatures vanquished

Notes
Turn   | Place    | Note
-------+----------+-------------------------------------------
     0 | D:1      | PlumEater the Gargoyle Earth Elementalist began the quest
                  | for the Orb.
     0 | D:1      | Reached XP level 1. HP: 10/10 MP: 3/3
   356 | D:1      | Reached XP level 2. HP: 11/15 MP: 5/5
  1241 | D:1      | Reached XP level 3. HP: 19/19 MP: 7/7
  1249 | D:1      | Learned a level 3 spell: Stone Arrow
  1323 | D:2      | Gained mutation: Armour fits poorly on your strangely
                  | shaped body. [potion of mutation]
  1323 | D:2      | Gained mutation: You are partially covered in slimy green
                  | scales. (AC +2) [potion of mutation]
  1323 | D:2      | Gained mutation: You passively map a small area around you.
                  | [potion of mutation]
  1323 | D:2      | Gained mutation: Your mind is acute. (Int +2) [potion of
                  | mutation]
  1753 | D:2      | Reached skill level 1 in Conjurations
  1753 | D:2      | Reached XP level 4. HP: 24/24 MP: 3/8
  1881 | D:2      | Found a hazy altar of Hepliaklqana.
  1994 | D:2      | Found a stormy altar of Qazlal.
  2080 | D:2      | Noticed a water elemental
  2080 | D:2      | Noticed an air elemental
  2081 | D:2      | Noticed a fire elemental
  2081 | D:2      | Noticed an earth elemental
  2362 | D:3      | Noticed a bullfrog
  2368 | D:3      | Killed a bullfrog
  2368 | D:3      | Reached skill level 5 in Earth Magic
  2368 | D:3      | Reached XP level 5. HP: 19/28 MP: 1/10
  2478 | D:3      | Learned a level 5 spell: Lee's Rapid Deconstruction
  2784 | D:3      | Reached XP level 6. HP: 32/32 MP: 11/11
  3069 | D:4      | Noticed Eustachio
  3093 | D:4      | Found Biniovut's Armour Emporium.
  3310 | D:4      | Killed Eustachio
  3310 | D:4      | Reached XP level 7. HP: 16/36 MP: 9/13
  4568 | D:5      | Entered Level 5 of the Dungeon
  4570 | D:5      | Reached skill level 1 in Fighting
  4570 | D:5      | Reached skill level 1 in Armour
  4668 | D:5      | Found a bloodstained altar of Trog.
  4742 | D:5      | Reached skill level 1 in Maces & Flails
  4742 | D:5      | Reached XP level 8. HP: 43/43 MP: 4/15
  4885 | D:5      | Reached skill level 5 in Spellcasting
  5170 | D:5      | Reached skill level 5 in Conjurations
  5568 | D:6      | Reached skill level 1 in Evocations
  5651 | D:6      | Noticed Dowan
  5653 | D:6      | Noticed Duvessa
  5671 | D:6      | Killed Duvessa
  5673 | D:6      | Killed Dowan
  6030 | D:6      | Noticed Menkaure
  6035 | D:6      | Killed Menkaure
  6035 | D:6      | Reached XP level 9. HP: 48/49 MP: 17/17
  6397 | D:7      | Noticed Joseph
  6430 | D:7      | Found a sand-covered staircase.
  6472 | Ossuary  | Entered an ossuary
  6894 | D:7      | Killed Joseph
  7075 | D:7      | Found a staircase to the Ecumenical Temple.
  7104 | Temple   | Entered the Ecumenical Temple
  7201 | Temple   | Became a worshipper of Vehumet
  7582 | D:8      | You fall into a shaft and drop 2 floors!
  7582 | D:10     | Entered Level 10 of the Dungeon
  7599 | D:10     | Reached XP level 10. HP: 54/56 MP: 19/19
  8315 | D:9      | Reached * piety under Vehumet
  8315 | D:9      | Offered knowledge of Magic Dart by Vehumet.
  8365 | D:9      | Learned a level 3 spell: Mephitic Cloud
  8395 | D:9      | Noticed a death yak
  8402 | D:9      | Noticed a death yak
  8412 | D:9      | Noticed a death yak
  8434 | D:9      | Killed a death yak
  8434 | D:9      | Killed a death yak
  8468 | D:9      | Killed a death yak
  8468 | D:9      | Reached skill level 5 in Fighting
  8468 | D:9      | Reached skill level 5 in Armour
  8848 | D:9      | Found a staircase to the Lair.
  8886 | D:9      | Noticed Erolcha
  8893 | D:9      | Killed Erolcha
  8893 | D:9      | Reached skill level 5 in Maces & Flails
  8893 | D:9      | Reached XP level 11. HP: 40/64 MP: 7/21
  9046 | D:9      | Reached ** piety under Vehumet
  9046 | D:9      | Offered knowledge of Flame Tongue by Vehumet.
  9155 | D:9      | Found a sparkling altar of Nemelex Xobeh.
  9943 | D:10     | Noticed Sonja
 10128 | D:10     | Killed Sonja
 11145 | D:11     | Offered knowledge of Searing Ray by Vehumet.
 11152 | D:11     | Noticed a two-headed ogre
 11163 | D:11     | Killed a two-headed ogre
 11163 | D:11     | Reached skill level 5 in Dodging
 11174 | D:11     | Reached *** piety under Vehumet
 11377 | D:11     | Noticed a cyclops
 11380 | D:11     | Noticed a two-headed ogre
 11380 | D:11     | a cyclops changed into a two-headed ogre
 11384 | D:11     | Killed a two-headed ogre
 11384 | D:11     | Reached skill level 5 in Evocations
 12425 | D:12     | Reached skill level 10 in Earth Magic
 12439 | D:12     | Reached XP level 12. HP: 28/71 MP: 23/23
 12659 | D:12     | Found a staircase to the Orcish Mines.
 12669 | D:12     | Offered knowledge of Throw Icicle by Vehumet.
 13280 | D:12     | Noticed a centaur warrior
 13284 | D:12     | Killed a centaur warrior
 13504 | D:12     | Reached **** piety under Vehumet
 13771 | D:13     | Noticed Josephine
 13891 | D:13     | Found a frozen archway.
 13905 | D:13     | Offered knowledge of Ignite Poison by Vehumet.
 13929 | D:13     | Killed Josephine
 13934 | D:13     | Noticed a two-headed ogre
 13942 | IceCv    | Entered an ice cave
 15338 | D:13     | Killed a two-headed ogre
 15865 | D:13     | Reached XP level 13. HP: 67/78 MP: 25/25
 15867 | D:13     | Got an ichor-stained short sword
 15868 | D:13     | Identified the +7 short sword of Tumult {drain, rF+ rC+
                  | Dex+4} (You found it on level 13 of the Dungeon)
 16652 | D:14     | Reached ***** piety under Vehumet
 16671 | D:14     | Offered knowledge of Lightning Bolt by Vehumet.
 17129 | D:14     | Noticed a vault guard
 17249 | D:14     | Killed a vault guard
 17255 | D:14     | Noticed a vault guard
 17385 | D:14     | Noticed a vault guard
 17416 | D:14     | Killed a vault guard
 17892 | D:14     | Killed a vault guard
 17892 | D:14     | Reached skill level 10 in Conjurations
 17975 | D:14     | Noticed a vault guard
 17975 | D:14     | Noticed a vault guard
 17982 | D:14     | Killed a vault guard
 17990 | D:14     | Killed a vault guard
 18074 | D:14     | Found a gate to the Vaults.
 18277 | D:14     | Found a runed translucent gate.
 18279 | D:14     | Found a runed translucent gate.
 18280 | D:14     | Found a runed translucent gate.
 18283 | D:14     | Noticed a minotaur
 18287 | D:14     | Noticed Tiemiph's ghost (journeyman OgTm)
 19004 | Lair:1   | Entered Level 1 of the Lair of Beasts
 20303 | Lair:2   | Gained mutation: Your large and strong wings let you fly
                  | indefinitely. [Gargoyle growth]
 20303 | Lair:2   | Reached XP level 14. HP: 86/86 MP: 27/27
 21169 | Lair:3   | Found a gate leading to a gauntlet.
 21177 | Gauntlet | Entered a Gauntlet
 21177 | Gauntlet | Found a transporter.
 21184 | Gauntlet | Found a transporter.
 21186 | Gauntlet | Found a transporter.
 21191 | Gauntlet | Found a runed translucent door.
 21193 | Gauntlet | Found a runed translucent door.
 21195 | Gauntlet | Found a transporter.
 21197 | Gauntlet | Found a transporter.
 21205 | Gauntlet | Found a transporter.
 21227 | Gauntlet | Found a transporter.
 21237 | Gauntlet | Found a transporter.
 21240 | Gauntlet | Noticed a dire elephant
 21247 | Gauntlet | Found a transporter.
 21263 | Gauntlet | Found a runed translucent door.
 21263 | Gauntlet | Found a runed translucent door.
 21267 | Gauntlet | Found a transporter.
 21282 | Gauntlet | Found a transporter.
 21282 | Gauntlet | Found a transporter.
 21329 | Gauntlet | Found a transporter.
 21343 | Gauntlet | Found a transporter.
 21694 | Gauntlet | Got a pair of bloodstained gloves
 21812 | Gauntlet | Identified the +1 pair of gloves "Keurghab" {+Inv MR- Dex+3
                  | SInv} (You found it in a Gauntlet)
 21864 | Gauntlet | Identified Roit's Guide on Combat Magic and Summoning
 21873 | Gauntlet | Learned a level 6 spell: Bolt of Fire
 22386 | Lair:3   | Reached skill level 1 in Fire Magic
 22940 | Lair:4   | Found a staircase to the Snake Pit.
 22967 | Lair:4   | HP: 2/102 [elephant/exploding inner flame[the player
                  | character] (35)]
 23002 | Lair:4   | Reached skill level 10 in Fighting
 23414 | Lair:4   | Offered knowledge of Bolt of Magma by Vehumet.
 23424 | Lair:4   | Learned a level 5 spell: Bolt of Magma
 23431 | Lair:4   | Found the +8 whip "Snakebite" {curare, rPois}
 23577 | Lair:4   | Learned a level 5 spell: Fireball
 23864 | Lair:4   | Found a staircase to the Shoals.
 24333 | Lair:5   | Noticed Nessos
 24335 | Lair:5   | Noticed Urug
 24401 | Lair:5   | Killed Nessos
 24669 | Lair:5   | Noticed an entropy weaver
 24680 | Lair:5   | Killed an entropy weaver
 24680 | Lair:5   | Reached XP level 15. HP: 92/92 MP: 12/28
 24701 | Lair:5   | Killed Urug
 24781 | Lair:5   | Offered knowledge of Venom Bolt by Vehumet.
 24964 | Lair:5   | Reached skill level 10 in Spellcasting
 25051 | Lair:5   | Identified the cursed +0 robe "Myattiwku" {*Corrode +Blink
                  | +Fly rF+} (You found it on level 5 of the Lair of Beasts)
 25722 | Lair:6   | Entered Level 6 of the Lair of Beasts
 25864 | Lair:6   | Reached skill level 5 in Fire Magic
 26249 | Lair:6   | Reached ****** piety under Vehumet
 26263 | Lair:6   | Offered knowledge of Iron Shot by Vehumet.
 26322 | Lair:6   | Learned a level 6 spell: Iron Shot
 26823 | Lair:6   | Found a staircase to the Slime Pits.
 27660 | Orc:1    | Entered Level 1 of the Orcish Mines
 27684 | Orc:1    | Noticed Gastronok
 28038 | D:12     | Reached skill level 10 in Maces & Flails
 28085 | D:12     | Killed Gastronok
 28196 | Orc:1    | Paralysed by an orc sorcerer for 3 turns
 28627 | Orc:2    | Entered Level 2 of the Orcish Mines
 28627 | Orc:2    | Found Qeigebb's Weapon Boutique.
 28629 | Orc:2    | Found Justru's Distillery.
 28692 | Orc:2    | Found a dark tunnel.
 28701 | Volcano  | Entered a volcano
 28784 | Volcano  | Found a radiant altar of Vehumet.
 28847 | Volcano  | Offered knowledge of Poison Arrow by Vehumet.
 29251 | Orc:2    | Bought a potion of heal wounds for 70 gold pieces
 29252 | Orc:2    | Found a staircase to the Elven Halls.
 29574 | Orc:2    | Found Cualon's Distillery.
 29583 | Orc:2    | Bought a potion of heal wounds for 85 gold pieces
 29583 | Orc:2    | Bought a potion of heal wounds for 85 gold pieces
 29653 | Orc:2    | Reached XP level 16. HP: 100/100 MP: 30/30
 29698 | Orc:2    | Found Noig's Magic Scroll Shop.
 29698 | Orc:2    | Found Umaolat's Gadget Shop.
 29701 | Orc:2    | Paralysed by an orc sorcerer for 7 turns
 29859 | Orc:2    | Found Deacoadgh's Magic Scroll Shoppe.
 29859 | Orc:2    | Found Xoxumnemm's Antique Weapon Shoppe.
 29894 | Orc:2    | Bought a scroll of magic mapping for 45 gold pieces
 29919 | Orc:2    | Bought a scroll of teleportation for 51 gold pieces
 29919 | Orc:2    | Bought a scroll of identify for 34 gold pieces
 29919 | Orc:2    | Bought a scroll of summoning for 161 gold pieces
 29919 | Orc:2    | Bought a scroll of summoning for 161 gold pieces
 29922 | Orc:2    | Bought a scroll of identify for 26 gold pieces
 29922 | Orc:2    | Bought a scroll of summoning for 123 gold pieces
 29922 | Orc:2    | Bought a scroll of holy word for 97 gold pieces
 29922 | Orc:2    | Bought a scroll of teleportation for 39 gold pieces
 30093 | Orc:2    | Bought a potion of mutation for 112 gold pieces
 30093 | Orc:2    | Bought 2 potions of curing for 84 gold pieces
 30093 | Orc:2    | Bought a potion of haste for 140 gold pieces
 30093 | Orc:2    | Bought a potion of curing for 42 gold pieces
 30093 | Orc:2    | Bought a potion of curing for 42 gold pieces
 30093 | Orc:2    | Bought a potion of agility for 56 gold pieces
 30093 | Orc:2    | Bought a potion of curing for 42 gold pieces
 30093 | Orc:2    | Bought a potion of magic for 112 gold pieces
 30200 | D:14     | Killed Tiemiph's ghost
 30241 | D:14     | Got a sparkling copper ring
 30242 | D:14     | Identified the ring of Niruatet {+Fly rElec rPois Int+7
                  | Dex-2} (You found it on level 14 of the Dungeon)
 30269 | D:15     | Entered Level 15 of the Dungeon
 31104 | D:15     | Noticed Rupert
 31119 | D:15     | Killed Rupert
 31315 | D:15     | Offered knowledge of Spellforged Servitor by Vehumet.
 31504 | D:15     | Found a staircase to the Depths.
 32137 | Elf:1    | Entered Level 1 of the Elven Halls
 32158 | Elf:1    | Found a shimmering blue altar of Sif Muna.
 32199 | Elf:1    | Found Nauloon's Magic Scroll Emporium.
 32207 | Elf:1    | Bought a scroll of teleportation for 30 gold pieces
 32207 | Elf:1    | Bought a scroll of teleportation for 30 gold pieces
 32207 | Elf:1    | Bought a scroll of immolation for 35 gold pieces
 32207 | Elf:1    | Bought a scroll of immolation for 35 gold pieces
 32207 | Elf:1    | Bought a scroll of identify for 20 gold pieces
 32207 | Elf:1    | Bought a scroll of identify for 20 gold pieces
 32207 | Elf:1    | Bought a scroll of acquirement for 520 gold pieces
 32251 | Elf:1    | Found Yxzu's Antique Armour Shoppe.
 32257 | Elf:1    | Bought a cloak for 153 gold pieces
 33112 | Elf:1    | Reached XP level 17. HP: 106/106 MP: 18/32
 33737 | Elf:2    | Found Eloiv's Assorted Antiques.
 33767 | Elf:2    | Bought a scroll labeled TODGHI WUVEUGOW for 25 gold pieces
 33767 | Elf:2    | Bought a jewelled ivory wand for 100 gold pieces
 33767 | Elf:2    | Bought a scroll of blinking for 187 gold pieces
 34402 | Elf:2    | Found a runed translucent gate.
 34402 | Elf:2    | Found a runed translucent gate.
 34402 | Elf:2    | Found a runed translucent gate.
 34602 | Elf:3    | Entered Level 3 of the Elven Halls
 35024 | Elf:3    | Offered knowledge of Freezing Cloud by Vehumet.
 35935 | Elf:3    | Reached skill level 10 in Fire Magic
 35941 | Elf:3    | Identified the +11 battleaxe "Lexiytil" {chop, +Fly Str+5
                  | Int-4 Dex-2}
 35944 | Elf:3    | Noticed a deep elf blademaster
 35950 | Elf:3    | Killed a deep elf blademaster
 36074 | Elf:3    | Identified the +3 battleaxe of the Hummingbird {chaos, rC-
                  | rN+ Dex+2}
 36074 | Elf:3    | Identified the ring "Esham Xepom" {rF+ rC+}
 36112 | Elf:3    | Noticed a deep elf master archer
 36113 | Elf:3    | Identified the +1 robe of Royalty {Str-2 Dex+5}
 36114 | Elf:3    | Noticed a deep elf blademaster
 36119 | Elf:3    | Killed a deep elf blademaster
 36119 | Elf:3    | Reached XP level 18. HP: 112/112 MP: 16/33
 36407 | Elf:3    | Killed a deep elf master archer
 36407 | Elf:3    | Reached skill level 10 in Dodging
 36619 | Elf:3    | Identified Tiry's Almanac of Battle Magic and Fire
 36623 | Elf:3    | Identified Fokhiho's Guide on the Supportive Oath
 36694 | Elf:3    | Noticed a deep elf master archer
 36711 | Elf:3    | Killed a deep elf master archer
 36788 | Elf:3    | Identified the Collected Works on the Assistive Glacier
 36837 | Elf:3    | Identified the +2 whip of Hospitality {slash, rPois rC+++
                  | Dex-2 Stlth+} (You found it on level 3 of the Elven Halls)
 37155 | Snake:1  | Entered Level 1 of the Snake Pit
 39122 | Snake:2  | Offered knowledge of Lehudib's Crystal Spear by Vehumet.
 39122 | Snake:2  | Offered knowledge of Glaciate by Vehumet.
 39122 | Snake:2  | Offered knowledge of Tornado by Vehumet.
 39309 | Snake:2  | Learned a level 8 spell: Ignition
 39392 | Snake:2  | Identified the +8 dagger of the Well-Known Wishes {drain,
                  | rElec rPois Str-3 Dex+3}
 40119 | Snake:2  | Found Xepty's Gadget Shoppe.
 40458 | Snake:3  | Noticed Jorgrun
 40583 | Snake:3  | Reached skill level 15 in Earth Magic
 40590 | Snake:3  | Killed Jorgrun
 40754 | Snake:3  | Noticed Azrael
 40758 | Snake:3  | Killed Azrael
 41143 | Snake:3  | Found Xaten's Magic Scroll Boutique.
 41146 | Snake:3  | Bought a scroll of magic mapping for 45 gold pieces
 41146 | Snake:3  | Bought a scroll of identify for 26 gold pieces
 41146 | Snake:3  | Bought a scroll of identify for 26 gold pieces
 41146 | Snake:3  | Bought a scroll of summoning for 123 gold pieces
 41146 | Snake:3  | Bought a scroll of teleportation for 39 gold pieces
 41146 | Snake:3  | Bought a scroll of identify for 26 gold pieces
 41282 | Snake:3  | Noticed Donald
 41283 | Snake:3  | Noticed Louise
 41295 | Snake:3  | Killed Donald
 41295 | Snake:3  | Reached XP level 19. HP: 118/118 MP: 18/34
 41297 | Snake:3  | Killed Louise
 41452 | Snake:3  | Noticed Vashnia
 41461 | Snake:3  | Killed Vashnia
 42018 | Snake:4  | Entered Level 4 of the Snake Pit
 42366 | Shoals:1 | Entered Level 1 of the Shoals
 42769 | Shoals:1 | Reached skill level 10 in Evocations
 43123 | Shoals:1 | Identified the Catalogue of Enchantment
 45238 | Shoals:3 | Noticed Bai Suzhen
 45254 | Shoals:3 | Killed Bai Suzhen
 46367 | Shoals:4 | Entered Level 4 of the Shoals
 46524 | Shoals:4 | Got a barnacled rune of Zot
 46533 | Shoals:4 | Reached XP level 20. HP: 106/125 MP: 24/36
 48292 | Vaults:1 | Entered Level 1 of the Vaults
 48559 | Vaults:1 | Found Uppir's Distillery.
 48569 | Vaults:1 | Bought a potion of heal wounds for 85 gold pieces
 48569 | Vaults:1 | Bought a potion of heal wounds for 85 gold pieces
 49507 | Vaults:1 | You are sucked into a shaft and drop 1 floor!
 49625 | Vaults:2 | Found a magical portal.
 49716 | WizLab   | Reached XP level 21. HP: 132/132 MP: 15/37
 51109 | WizLab   | Identified the Grimoire of the Sailor
 51714 | Vaults:2 | Reached skill level 15 in Conjurations
 52725 | Vaults:3 | Reached skill level 15 in Fire Magic
 52976 | Vaults:3 | Reached XP level 22. HP: 138/138 MP: 35/39
 53041 | Vaults:3 | Found a sacrificial altar of Ru.
 53498 | Vaults:3 | Found a staircase to the Crypt.
 53498 | Vaults:3 | Found an ancient bone altar of Kikubaaqudgha.
 53499 | Vaults:3 | Found a basalt altar of Yredelemnul.
 53954 | Vaults:4 | Reached skill level 15 in Fighting
 54012 | Vaults:4 | Found a flickering gateway to a bazaar.
 54023 | Bazaar   | Entered a bazaar
 54027 | Bazaar   | Found Iptygic's Jewellery Boutique.
 54046 | Bazaar   | Found Ujuexudi's Weapon Emporium.
 54063 | Bazaar   | Found Sikeul's Book Boutique.
 54157 | Bazaar   | Found Feummar's Antique Armour Shoppe.
 54319 | Vaults:4 | Paralysed by a sphinx for 3 turns
 55118 | Vaults:4 | Paralysed by a great orb of eyes for 5 turns
 55331 | Vaults:4 | Paralysed by a great orb of eyes for 5 turns
 55417 | Vaults:5 | Entered Level 5 of the Vaults
 55419 | Vaults:5 | Reached XP level 23. HP: 145/145 MP: 40/40
 55421 | Vaults:5 | Noticed a golden dragon
 55471 | Vaults:4 | Learned a level 9 spell: Shatter
 55491 | Vaults:5 | Killed a golden dragon
 55496 | Vaults:5 | Noticed a golden dragon
 55506 | Vaults:5 | Noticed an ancient lich
 55508 | Vaults:5 | Killed an ancient lich
 55509 | Vaults:5 | Killed a golden dragon
 55517 | Vaults:5 | Identified the cursed ring "Musow" {*Drain rElec rC+ Dex-3
                  | Stlth+}
 55520 | Vaults:5 | Paralysed by a sphinx for 2 turns
 55523 | Vaults:5 | Noticed a golden dragon
 55527 | Vaults:5 | Killed a golden dragon
 55529 | Vaults:5 | Noticed an ancient lich
 55530 | Vaults:5 | Paralysed by an ancient lich for 2 turns
 55815 | Vaults:5 | Killed an ancient lich
 55815 | Vaults:5 | Reached XP level 24. HP: 145/152 MP: 41/41
 55826 | Vaults:5 | Reached skill level 15 in Maces & Flails
 56284 | Vaults:5 | Found Ronuraq's Book Emporium.
 56836 | Vaults:5 | Identified the Papyrus of Toxic Orientation
 56848 | Vaults:5 | Got a slimy steel ring
 56849 | Vaults:5 | Identified the ring "Sefes" {Str+3 Dex+3} (You found it on
                  | level 5 of the Vaults)
 57104 | Vaults:5 | Identified the Reference Book on Envenoming
 57244 | Vaults:5 | Identified the Almanac of Creative Beguiling
 57316 | Vaults:5 | Identified the Compendium of Earthen Translocation
 57321 | Vaults:5 | Identified the Grimoire of Ashen Conjuration
 57670 | Vaults:5 | Got a silver rune of Zot
 57863 | Crypt:1  | Entered Level 1 of the Crypt
 57913 | Crypt:1  | Paralysed by a vampire knight for 2 turns
 57945 | Crypt:1  | Noticed Aizul
 58089 | Crypt:1  | Killed Aizul
 58909 | Crypt:2  | Reached skill level 15 in Spellcasting
 58989 | Crypt:2  | Reached XP level 25. HP: 76/159 MP: 11/42
 59545 | Crypt:2  | Learned a level 9 spell: Fire Storm
 59821 | Crypt:3  | Entered Level 3 of the Crypt
 60581 | Crypt:3  | Paralysed by a sphinx for 4 turns
 60853 | Crypt:3  | Found a staircase to the Tomb.
 61036 | Crypt:3  | Noticed an ancient lich
 61039 | Crypt:3  | Killed an ancient lich
 61306 | Crypt:3  | Found an ancient bone altar of Kikubaaqudgha.
 61311 | Crypt:3  | Paralysed by a lich for 6 turns
 61343 | Crypt:3  | Found the cursed +13 scythe of Curses {drain, *Curse}
 61349 | Crypt:3  | Noticed an ancient lich
 61352 | Crypt:3  | Killed an ancient lich
 62004 | Slime:1  | Entered Level 1 of the Pits of Slime
 62633 | Slime:4  | Gained mutation: You occasionally shout uncontrollably at
                  | your foes. [a shining eye]
 62642 | Slime:4  | Gained mutation: You are clumsy. (Dex -2) [a shining eye]
 62862 | Slime:5  | Entered Level 5 of the Pits of Slime
 63000 | Slime:5  | Gained mutation: Scrolls take you a little longer to read.
                  | [a shining eye]
 63211 | Slime:5  | Reached XP level 26. HP: 123/167 MP: 3/42
 63392 | Slime:5  | Found a viscous altar of Jiyva.
 63442 | Slime:5  | Noticed the Royal Jelly
 63445 | Slime:5  | Killed the Royal Jelly
 63655 | Slime:5  | Got a slimy rune of Zot
 63676 | Slime:5  | Identified Asmodeus's Reference Book on Fire
 63693 | Slime:5  | Identified the Collected Works on Aid and Cold
 64112 | Depths:1 | Entered Level 1 of the Depths
 64146 | Depths:1 | Lost mutation: You are clumsy. (Dex -2) [potion of
                  | mutation]
 64146 | Depths:1 | Lost mutation: You occasionally shout uncontrollably at
                  | your foes. [potion of mutation]
 64146 | Depths:1 | Gained mutation: You are agile. (Dex +2) [potion of
                  | mutation]
 64146 | Depths:1 | Gained mutation: You possess an exceptional clarity of
                  | mind. [potion of mutation]
 64146 | Depths:1 | Gained mutation: You have sharp fingernails. [potion of
                  | mutation]
 64146 | Depths:1 | Gained mutation: Your mind is very acute. (Int +4) [potion
                  | of mutation]
 64147 | Depths:1 | Lost mutation: Your mind is very acute. (Int +4) [potion of
                  | mutation]
 64147 | Depths:1 | Lost mutation: Scrolls take you a little longer to read.
                  | [potion of mutation]
 64147 | Depths:1 | Lost mutation: You possess an exceptional clarity of mind.
                  | [potion of mutation]
 64147 | Depths:1 | Lost mutation: Your mind is acute. (Int +2) [potion of
                  | mutation]
 64147 | Depths:1 | Gained mutation: You have a beak for a mouth. [potion of
                  | mutation]
 64148 | Depths:1 | Noticed Nikola
 64153 | Depths:1 | Killed Nikola
 64395 | Depths:1 | Found a runed translucent gate.
 64395 | Depths:1 | Found a runed translucent gate.
 64396 | Depths:1 | Found a runed translucent gate.
 64397 | Depths:1 | Found an opulent altar of Gozag.
 64403 | Depths:1 | Noticed Leposok's ghost (adept DDFi)
 64404 | Depths:1 | Found Naysizi's Assorted Antiques.
 64435 | Depths:1 | Killed Leposok's ghost
 64707 | Depths:1 | Bought a scroll of blinking for 157 gold pieces
 64707 | Depths:1 | Bought a wand of acid (7) for 168 gold pieces
 64707 | Depths:1 | Bought a scroll of identify for 42 gold pieces
 64836 | Depths:1 | Found a one-way gate leading to the halls of Pandemonium.
 64957 | Depths:1 | Found a gateway to Hell.
 65094 | Depths:1 | Found a gateway to a ziggurat.
 65161 | Depths:1 | Identified the ring of Dishonour {MR+ rCorr}
 65195 | Depths:1 | Lost mutation: You passively map a small area around you.
                  | [potion of mutation]
 65195 | Depths:1 | Lost mutation: You are partially covered in slimy green
                  | scales. (AC +2) [potion of mutation]
 65195 | Depths:1 | Lost mutation: Armour fits poorly on your strangely shaped
                  | body. [potion of mutation]
 65195 | Depths:1 | Gained mutation: Your spells are a little easier to cast,
                  | but a little less powerful. [potion of mutation]
 65195 | Depths:1 | Gained mutation: You have an increased reservoir of magic.
                  | (+10% MP) [potion of mutation]
 65196 | Depths:1 | Lost mutation: You are agile. (Dex +2) [potion of mutation]
 65196 | Depths:1 | Lost mutation: Your spells are a little easier to cast, but
                  | a little less powerful. [potion of mutation]
 65196 | Depths:1 | Lost mutation: You have a beak for a mouth. [potion of
                  | mutation]
 65196 | Depths:1 | Gained mutation: You are partially covered in iridescent
                  | scales. (AC +2) [potion of mutation]
 65196 | Depths:1 | Gained mutation: You are mostly covered in iridescent
                  | scales. (AC +4) [potion of mutation]
 65487 | Depths:2 | Found a one-way gate to the infinite horrors of the Abyss.
 65535 | Depths:2 | Found a flickering gateway to a bazaar.
 65546 | Bazaar   | Entered a bazaar
 65546 | Bazaar   | Found Woucve's Jewellery Shoppe.
 65546 | Bazaar   | Found Pauma's Distillery.
 65546 | Bazaar   | Found Athu's Armour Shop.
 65548 | Bazaar   | Found Giojana's Gadget Emporium.
 65626 | Bazaar   | Bought a potion of resistance for 120 gold pieces
 65626 | Bazaar   | Bought a potion of invisibility for 96 gold pieces
 65626 | Bazaar   | Bought a potion of magic for 96 gold pieces
 65626 | Bazaar   | Bought a potion of might for 48 gold pieces
 65626 | Bazaar   | Bought a potion of invisibility for 96 gold pieces
 65626 | Bazaar   | Bought 2 potions of curing for 72 gold pieces
 65626 | Bazaar   | Bought 2 potions of heal wounds for 120 gold pieces
 65626 | Bazaar   | Bought a potion of curing for 36 gold pieces
 65626 | Bazaar   | Bought a potion of curing for 36 gold pieces
 65767 | Depths:2 | Noticed Mara
 65780 | Depths:2 | Noticed PlumEater's illusion
 66017 | Depths:2 | Noticed PlumEater's illusion
 66362 | Depths:2 | Killed Mara
 67048 | Depths:2 | Reached XP level 27. HP: 174/174 MP: 36/47
 68227 | Depths:3 | Noticed Jory
 68232 | Depths:3 | Killed Jory
 68800 | Depths:3 | Reached skill level 15 in Dodging
 69206 | Hell     | Entered the Vestibule of Hell
 69206 | Hell     | Noticed Geryon
 69209 | Hell     | Gained mutation: You are dopey. (Int -2) [a cacodemon]
 69216 | Hell     | Gained mutation: Your body sometimes deteriorates upon
                  | taking damage. [a cacodemon]
 69217 | Hell     | Killed Geryon
 69218 | Hell     | Noticed Murray
 69226 | Depths:3 | Gained mutation: You occasionally shout uncontrollably at
                  | your foes. [a cacodemon]
 69297 | Depths:3 | Lost mutation: You have an increased reservoir of magic.
                  | (+10% MP) [potion of mutation]
 69297 | Depths:3 | Lost mutation: You occasionally shout uncontrollably at
                  | your foes. [potion of mutation]
 69297 | Depths:3 | Lost mutation: You are dopey. (Int -2) [potion of mutation]
 69297 | Depths:3 | Gained mutation: You are weak. (Str -2) [potion of
                  | mutation]
 69297 | Depths:3 | Gained mutation: You are agile. (Dex +2) [potion of
                  | mutation]
 69297 | Depths:3 | Gained mutation: You have an increased reservoir of magic.
                  | (+10% MP) [potion of mutation]
 69298 | Depths:3 | Lost mutation: You are agile. (Dex +2) [potion of mutation]
 69298 | Depths:3 | Lost mutation: Your body sometimes deteriorates upon taking
                  | damage. [potion of mutation]
 69298 | Depths:3 | Gained mutation: You are resistant to hostile enchantments.
                  | (MR+) [potion of mutation]
 69298 | Depths:3 | Gained mutation: You are partially covered in thin metallic
                  | scales. (AC +2) [potion of mutation]
 69298 | Depths:3 | Gained mutation: You have a pair of small antennae on your
                  | head. [potion of mutation]
 69298 | Depths:3 | Lost mutation: You are weak. (Str -2) [potion of mutation]
 69358 | Hell     | Killed Murray
 69567 | Depths:3 | Gained mutation: You are clumsy. (Dex -2) [mutagenic glow]
 69728 | Depths:3 | Lost mutation: You are clumsy. (Dex -2) [potion of
                  | mutation]
 69728 | Depths:3 | Lost mutation: You have a pair of small antennae on your
                  | head. [potion of mutation]
 69728 | Depths:3 | Lost mutation: You are resistant to hostile enchantments.
                  | (MR+) [potion of mutation]
 69728 | Depths:3 | Gained mutation: You expend magic power (3 MP) to
                  | strengthen your wands. [potion of mutation]
 69754 | Depths:4 | Paralysed by a vampire knight for 3 turns
 70196 | Depths:4 | Identified the +7 short sword "Ogre's Demise" {drain,
                  | Str+3}
 70284 | Depths:4 | Reached skill level 1 in Shields
 70449 | Depths:4 | Identified the amulet of Life {rC+ rN+ MR+ Regen+}
 70453 | Depths:4 | Reached skill level 5 in Shields
 70544 | Depths:4 | Paralysed by a sphinx for 7 turns
 71431 | Depths:5 | Entered Level 5 of the Depths
 71446 | Depths:5 | Found Xuedghe's Book Boutique.
 71491 | Depths:5 | Found a flickering gateway to a bazaar.
 71500 | Bazaar   | Entered a bazaar
 71500 | Bazaar   | Found Tuickits's Antique Weapon Shop.
 71500 | Bazaar   | Found Yprykaw's Antique Armour Shop.
 71545 | Bazaar   | Found Paafros's Distillery.
 71557 | Bazaar   | Bought a potion of curing for 42 gold pieces
 71557 | Bazaar   | Bought a potion of magic for 112 gold pieces
 71557 | Bazaar   | Bought a potion of curing for 42 gold pieces
 71557 | Bazaar   | Bought a potion of brilliance for 56 gold pieces
 71557 | Bazaar   | Bought a potion of curing for 42 gold pieces
 71557 | Bazaar   | Bought a potion of haste for 140 gold pieces
 71641 | Depths:5 | Found the ring of Robustness {AC+8}
 71734 | Depths:5 | Found Estanaw's Antique Armour Shoppe.
 72338 | Depths:5 | Found a gate to the Realm of Zot.
 72809 | Depths:5 | Learned a level 9 spell: Glaciate
 72863 | Depths:4 | Voluntarily entered the Abyss.
 73012 | Abyss:3  | Found a corrupted altar of Lugonu.
 73343 | Abyss:3  | Found a corrupted altar of Lugonu.
 73369 | Abyss:3  | Reached skill level 1 in Ice Magic
 73404 | Abyss:3  | Found a corrupted altar of Lugonu.
 73696 | Abyss:3  | Got an abyssal rune of Zot
 73762 | Abyss:3  | Found a corrupted altar of Lugonu.
 73912 | Abyss:3  | Found a corrupted altar of Lugonu.
 74100 | Abyss:3  | Lost mutation: You have an increased reservoir of magic.
                  | (+10% MP) [a cacodemon]
 74146 | Abyss:3  | Gained mutation: You are frail. (-10% HP) [a neqoxec]
 74242 | Depths:4 | Escaped the Abyss
 74248 | Depths:4 | Reached skill level 5 in Ice Magic
 74908 | Snake:4  | Got a serpentine rune of Zot
 75970 | Zot:1    | Entered Level 1 of the Realm of Zot
 78130 | Zot:3    | Reached skill level 10 in Ice Magic
 79385 | Zot:4    | Noticed an ancient lich
 79628 | Zot:4    | Killed an ancient lich
 80340 | Zot:5    | Entered Level 5 of the Realm of Zot
 81468 | Zot:5    | Noticed an ancient lich
 81469 | Zot:5    | Noticed an ancient lich
 81470 | Zot:5    | Killed an ancient lich
 81470 | Zot:5    | Noticed an ancient lich
 81471 | Zot:5    | Killed an ancient lich
 81471 | Zot:5    | Noticed an ancient lich
 81472 | Zot:5    | Noticed an orb of fire
 81484 | Zot:5    | Killed an ancient lich
 81484 | Zot:5    | Noticed an orb of fire
 81490 | Zot:5    | Noticed an ancient lich
 81498 | Zot:5    | Gained mutation: You are dopey. (Int -2) [an orb of fire]
 81943 | Zot:4    | Lost mutation: You have sharp fingernails. [potion of
                  | mutation]
 81943 | Zot:4    | Lost mutation: You are mostly covered in iridescent scales.
                  | (AC +4) [potion of mutation]
 81943 | Zot:4    | Lost mutation: You are frail. (-10% HP) [potion of
                  | mutation]
 81943 | Zot:4    | Gained mutation: You tend to lose your temper in combat.
                  | [potion of mutation]
 81943 | Zot:4    | Gained mutation: You are partially covered in molten
                  | scales. (AC +2) [potion of mutation]
 81943 | Zot:4    | Gained mutation: You have supernaturally acute eyesight.
                  | (SInv) [potion of mutation]
 81944 | Zot:4    | Lost mutation: You expend magic power (3 MP) to strengthen
                  | your wands. [potion of mutation]
 81944 | Zot:4    | Lost mutation: You are partially covered in iridescent
                  | scales. (AC +2) [potion of mutation]
 81944 | Zot:4    | Gained mutation: You are resistant to hostile enchantments.
                  | (MR+) [potion of mutation]
 81944 | Zot:4    | Gained mutation: You passively map a small area around you.
                  | [potion of mutation]
 81944 | Zot:4    | Lost mutation: You are dopey. (Int -2) [potion of mutation]
 81944 | Zot:4    | Gained mutation: You are partially covered in large bone
                  | plates. (SH +4) [potion of mutation]
 82148 | Zig:1    | Entered Level 1 of a ziggurat
 82166 | Zig:2    | Entered Level 2 of a ziggurat
 82370 | Zig:3    | Entered Level 3 of a ziggurat
 82455 | Zig:4    | Entered Level 4 of a ziggurat
 82500 | Zig:5    | Entered Level 5 of a ziggurat
 82630 | Zig:6    | Entered Level 6 of a ziggurat
 82678 | Zig:6    | Got a dazzling buckler
 82679 | Zig:6    | Identified the +2 buckler of the Shoals {Stlth+} (You found
                  | it on level 6 of a ziggurat)
 82684 | Zig:6    | Identified Dispater's Tome of Creation
 82689 | Zig:7    | Entered Level 7 of a ziggurat
 82763 | Zig:7    | Identified the Volume of Confrontation
 82774 | Zig:8    | Entered Level 8 of a ziggurat
 82862 | Zig:9    | Entered Level 9 of a ziggurat
 82915 | Zig:9    | Learned a level 8 spell: Necromutation
 82940 | Zig:10   | Entered Level 10 of a ziggurat
 82953 | Zig:10   | Found the +10 dark maul {crush}
 82954 | Zig:10   | Reached skill level 1 in Transmutations
 82955 | Zig:10   | Reached skill level 1 in Necromancy
 83108 | Zig:10   | Identified Sif Muna's Handbook of Floating Moulding
 83120 | Zig:10   | Got a twisted morningstar
 83121 | Zig:10   | Identified the +7 morningstar of the Five Demons {speed,
                  | Dex+5} (You found it on level 10 of a ziggurat)
 83136 | Zig:11   | Entered Level 11 of a ziggurat
 83146 | Zig:11   | Cast into level 3 of the Abyss (a lich)
 83179 | Abyss:3  | Gained mutation: You are frail. (-10% HP) [a neqoxec]
 83264 | Zig:11   | Escaped the Abyss
 83317 | Zig:11   | Identified the Volume of Dark Boosts
 83339 | Zig:12   | Entered Level 12 of a ziggurat
 83662 | Zig:13   | Entered Level 13 of a ziggurat
 83675 | Zig:13   | Noticed a juggernaut
 83676 | Zig:13   | Noticed a juggernaut
 83676 | Zig:13   | Noticed a juggernaut
 83677 | Zig:13   | Reached skill level 15 in Ice Magic
 83678 | Zig:13   | Killed a juggernaut
 83679 | Zig:13   | Killed a juggernaut
 83680 | Zig:13   | Killed a juggernaut
 83830 | Zig:14   | Entered Level 14 of a ziggurat
 83845 | Zig:14   | Reached skill level 5 in Necromancy
 83926 | Zig:15   | Entered Level 15 of a ziggurat
 83934 | Zig:15   | Noticed a juggernaut
 83940 | Zig:15   | Noticed a juggernaut
 83945 | Zig:15   | Noticed a juggernaut
 83945 | Zig:15   | Killed a juggernaut
 83947 | Zig:15   | Noticed a juggernaut
 83948 | Zig:15   | Noticed a juggernaut
 83948 | Zig:15   | Killed a juggernaut
 83952 | Zig:15   | Killed a juggernaut
 83953 | Zig:15   | Killed a juggernaut
 83953 | Zig:15   | Reached skill level 5 in Transmutations
 84156 | Zig:15   | Identified Acsuzac's Disquisition on Translocation and
                  | Confrontation
 84167 | Zig:16   | Entered Level 16 of a ziggurat
 84326 | Zig:16   | Identified Opibolef's Incunabulum of Freezing Summoning
 84328 | Zig:16   | Identified the Disquisition on Cloudy Creation
 84337 | Zig:17   | Entered Level 17 of a ziggurat
 84401 | Zig:17   | Identified the Almanac of Lucky Heat
 84407 | Zig:17   | Got a faintly glowing ruby amulet
 84408 | Zig:17   | Identified the amulet "Xarepu" {rF- MR+++ Regen+ Str+5}
                  | (You found it on level 17 of a ziggurat)
 84423 | Zig:18   | Entered Level 18 of a ziggurat
 84435 | Zig:18   | Noticed an ancient lich
 84439 | Zig:18   | Killed an ancient lich
 84444 | Zig:18   | Noticed an ancient lich
 84446 | Zig:18   | Killed an ancient lich
 84512 | Zig:18   | Identified the Handbook of the Supportive Traveller
 84545 | Zig:19   | Entered Level 19 of a ziggurat
 84569 | Zig:19   | Gained mutation: You are very frail. (-20% HP) [a neqoxec]
 84653 | Zig:20   | Entered Level 20 of a ziggurat
 84682 | Zig:20   | Found the +2 pair of boots of the Assassin {Detection Stab+
                  | Stlth++}
 84748 | Zig:20   | Got a slimy copper ring
 84749 | Zig:20   | Identified the ring of Life {Dex+5 Stlth-} (You found it on
                  | level 20 of a ziggurat)
 84802 | Zig:21   | Entered Level 21 of a ziggurat
 84969 | Zig:21   | Found the +3 warlock's mirror {reflect}
 84981 | Zig:21   | Identified Reah's Collected Works on Slavery and
                  | Augmentations
 84990 | Zig:21   | Identified the +1 cloak "Feimaikk" {rN++ Regen+ Dex-3} (You
                  | found it on level 21 of a ziggurat)
 84997 | Zig:21   | Reached skill level 10 in Necromancy
 85005 | Zig:21   | Identified the +2 morningstar "Soishegeick" {crush, rPois
                  | Str+3} (You found it on level 21 of a ziggurat)
 85028 | Zig:22   | Entered Level 22 of a ziggurat
 85296 | Zig:22   | Identified Lom Lobon's Catalogue of Assistive Dislocation
 85334 | Zig:23   | Entered Level 23 of a ziggurat
 85352 | Zig:23   | Noticed a juggernaut
 85352 | Zig:23   | Noticed a juggernaut
 85353 | Zig:23   | Noticed a juggernaut
 85353 | Zig:23   | Noticed a juggernaut
 85353 | Zig:23   | Noticed a juggernaut
 85354 | Zig:23   | Noticed a juggernaut
 85356 | Zig:23   | Killed a juggernaut
 85356 | Zig:23   | Noticed a juggernaut
 85357 | Zig:23   | Noticed a juggernaut
 85357 | Zig:23   | Killed a juggernaut
 85357 | Zig:23   | Killed a juggernaut
 85357 | Zig:23   | Noticed a juggernaut
 85357 | Zig:23   | Noticed a juggernaut
 85357 | Zig:23   | Noticed a juggernaut
 85358 | Zig:23   | Killed a juggernaut
 85358 | Zig:23   | Killed a juggernaut
 85358 | Zig:23   | Killed a juggernaut
 85359 | Zig:23   | Killed a juggernaut
 85359 | Zig:23   | Killed a juggernaut
 85359 | Zig:23   | Killed a juggernaut
 85360 | Zig:23   | Killed a juggernaut
 85360 | Zig:23   | Noticed a juggernaut
 85362 | Zig:23   | Killed a juggernaut
 85364 | Zig:23   | Killed a juggernaut
 85472 | Zig:23   | Found the +0 Maxwell's etheric cage {RegenMP+ *Contam rElec
                  | MP+4}
 85484 | Zig:23   | Got a wavering marble ring
 85485 | Zig:23   | Identified the ring of Kunucw {Ice rPois Dex-2 Slay-4
                  | Stlth+} (You found it on level 23 of a ziggurat)
 85532 | Zig:24   | Entered Level 24 of a ziggurat
 85635 | Zig:24   | Got a heavily runed wooden ring
 85636 | Zig:24   | Identified the ring of Midwinter {rN+ Stlth+} (You found it
                  | on level 24 of a ziggurat)
 85645 | Zig:24   | Identified the +0 hat of Day {Int+4} (You found it on level
                  | 24 of a ziggurat)
 85648 | Zig:24   | Identified the +1 cloak of Mirth {rN+} (You found it on
                  | level 24 of a ziggurat)
 85655 | Zig:24   | Got a heavily runed granite ring
 85656 | Zig:24   | Identified the ring "Ninego" {Int+3 Dex+2 Stlth-} (You
                  | found it on level 24 of a ziggurat)
 85671 | Zig:25   | Entered Level 25 of a ziggurat
 85747 | Zig:25   | Got a fine granite ring
 85748 | Zig:25   | Identified the ring of Equilibrium {Ice rN+ Int+4} (You
                  | found it on level 25 of a ziggurat)
 85762 | Zig:25   | Identified the Incunabulum of the Traveller and Stones
 85771 | Zig:25   | Identified Rotisaps's Grimoire of Venom and Displacement
 85787 | Zig:26   | Entered Level 26 of a ziggurat
 85841 | Zig:26   | Found the +10 zealot's sword {holy, *Rage rN+ EV+3}
 85847 | Zig:26   | Identified the +6 morningstar "Ox" {crush, *Corrode rElec
                  | MR+ Int+4} (You found it on level 26 of a ziggurat)
 85884 | Zig:26   | Got a steaming wooden ring
 85885 | Zig:26   | Identified the ring "Luolor" {+Inv rF+ Stlth+} (You found
                  | it on level 26 of a ziggurat)
 85890 | Zig:26   | Identified the Incunabulum of Virous Stolen Souls
 85950 | Zig:27   | Entered Level 27 of a ziggurat
 85968 | Zig:27   | Noticed Siutymn the pandemonium lord
 85968 | Zig:27   | Noticed Omiubb the pandemonium lord
 85970 | Zig:27   | Noticed Suenwutwuf the pandemonium lord
 85973 | Zig:27   | Killed Omiubb the pandemonium lord
 85973 | Zig:27   | Killed Siutymn the pandemonium lord
 85973 | Zig:27   | Noticed Hyumonel the pandemonium lord
 85976 | Zig:27   | Killed Suenwutwuf the pandemonium lord
 85977 | Zig:27   | Noticed Baeqout the pandemonium lord
 85979 | Zig:27   | Noticed Kutygann the pandemonium lord
 85980 | Zig:27   | Killed Hyumonel the pandemonium lord
 85980 | Zig:27   | Reached skill level 27 in Fighting
 85981 | Zig:27   | Noticed Meuschot the pandemonium lord
 85982 | Zig:27   | Noticed Batusin the pandemonium lord
 85982 | Zig:27   | Noticed Junta the pandemonium lord
 85983 | Zig:27   | Killed Kutygann the pandemonium lord
 85983 | Zig:27   | Noticed Gowief the pandemonium lord
 85984 | Zig:27   | Killed Batusin the pandemonium lord
 85985 | Zig:27   | Killed Baeqout the pandemonium lord
 85985 | Zig:27   | Killed Meuschot the pandemonium lord
 85985 | Zig:27   | Noticed Emiehipa the pandemonium lord
 85986 | Zig:27   | Killed Junta the pandemonium lord
 85988 | Zig:27   | Killed Gowief the pandemonium lord
 85988 | Zig:27   | Noticed Nuimu the pandemonium lord
 85988 | Zig:27   | Killed Qyosah Ratagg the pandemonium lord
 85989 | Zig:27   | Noticed Sirch the pandemonium lord
 85989 | Zig:27   | Noticed Iskubrun the pandemonium lord
 85990 | Zig:27   | Noticed Hohaagg the pandemonium lord
 85990 | Zig:27   | Noticed Cuhon the pandemonium lord
 85990 | Zig:27   | Noticed Zuzautil the pandemonium lord
 85990 | Zig:27   | Noticed Nosmiwohe the pandemonium lord
 85990 | Zig:27   | Noticed Wazol the pandemonium lord
 85992 | Zig:27   | Killed Nosmiwohe the pandemonium lord
 85992 | Zig:27   | Killed Nuimu the pandemonium lord
 85993 | Zig:27   | Killed Sirch the pandemonium lord
 85993 | Zig:27   | Killed Hohaagg the pandemonium lord
 85994 | Zig:27   | Killed Zuzautil the pandemonium lord
 85994 | Zig:27   | Noticed Gioj the pandemonium lord
 85995 | Zig:27   | Noticed Baanyji the pandemonium lord
 85995 | Zig:27   | Killed Cuhon the pandemonium lord
 85995 | Zig:27   | Killed Iskubrun the pandemonium lord
 85996 | Zig:27   | Killed Emiehipa the pandemonium lord
 85998 | Zig:27   | Killed Gioj the pandemonium lord
 86000 | Zig:27   | Killed Wazol the pandemonium lord
 86000 | Zig:27   | Killed Baanyji the pandemonium lord
 86002 | Zig:27   | Reached skill level 15 in Necromancy
 86002 | Zig:27   | Noticed Rekeda Gubu the pandemonium lord
 86007 | Zig:27   | Killed Rekeda Gubu the pandemonium lord
 86221 | Zig:27   | Found the brooch of Shielding {Reflect SH+8}
 86250 | Zig:27   | Identified Tyotsatt's Compendium of Poisoning and Sinister
                  | Magic
 86354 | D:15     | Upgraded the game from 0.24-a0-580-g6a6c3f83c1 to
                  | 0.24-a0-581-gc0fa6600bf
 86365 | Zig:1    | Entered Level 1 of a ziggurat
 86596 | Zig:2    | Entered Level 2 of a ziggurat
 86721 | Zig:3    | Entered Level 3 of a ziggurat
 86899 | Zig:4    | Entered Level 4 of a ziggurat
 86908 | Zig:4    | Found the +3 crown of Dyrovepreva {rElec Int+2 SInv}
 86959 | Zig:5    | Entered Level 5 of a ziggurat
 87082 | Zig:5    | Got a pitted golden amulet
 87083 | Zig:5    | Identified the amulet "Hanenax" {+Rage rElec} (You found it
                  | on level 5 of a ziggurat)
 87098 | Zig:5    | Got a pair of jewelled boots
 87109 | Zig:5    | Identified the +2 pair of boots of Focus {rN+ Str+4} (You
                  | acquired it on level 5 of a ziggurat)
 87127 | Zig:6    | Entered Level 6 of a ziggurat
 87269 | Zig:7    | Entered Level 7 of a ziggurat
 87396 | Zig:8    | Entered Level 8 of a ziggurat
 87565 | Zig:9    | Entered Level 9 of a ziggurat
 87574 | Zig:9    | Noticed Xueliv the pandemonium lord
 87575 | Zig:9    | Found the +9 staff of Olgreb {rPois}
 87575 | Zig:9    | Found the +7 pair of quick blades "Gyre" and "Gimble"
                  | {protect}
 87588 | Zig:9    | Killed Xueliv the pandemonium lord
 87707 | Zig:10   | Entered Level 10 of a ziggurat
 87715 | Zig:10   | Noticed a juggernaut
 87718 | Zig:10   | Killed a juggernaut
 87770 | Zig:10   | Got a translucent bone ring
 87771 | Zig:10   | Identified the ring "Gupirph" {MP+9 Str+2 Stlth+} (You
                  | found it on level 10 of a ziggurat)
 87775 | Zig:10   | Identified Gocor's Papyrus of Conjuration
 87779 | Zig:11   | Entered Level 11 of a ziggurat
 87806 | Zig:11   | Found the ring of the Mage {Wiz MR++ Int+3}
 87836 | Zig:11   | Identified Cyont's Papyrus of Enchantment
 87843 | Zig:12   | Entered Level 12 of a ziggurat
 87851 | Zig:12   | Noticed an ancient lich
 87854 | Zig:12   | Killed an ancient lich
 88008 | Zig:12   | Identified the Almanac of the Big Fish
 88027 | Zig:13   | Entered Level 13 of a ziggurat
 88036 | Zig:13   | Reached skill level 27 in Spellcasting
 88143 | Zig:14   | Entered Level 14 of a ziggurat
 88155 | Zig:14   | Noticed Wiplael the pandemonium lord
 88162 | Zig:14   | Killed Wiplael the pandemonium lord
 88224 | Zig:14   | Found the +7 sceptre of Torment {pain, torment}
 88245 | Zig:14   | Got a scintillating copper amulet
 88246 | Zig:14   | Identified the amulet "Ulueses" {Inacc rPois Str+4 Int-3
                  | Dex+4} (You found it on level 14 of a ziggurat)
 88249 | Zig:14   | Got a scorched iron ring
 88250 | Zig:14   | Identified the ring of the Skies Above {-Tele +Fly rN+
                  | Stlth+} (You found it on level 14 of a ziggurat)
 88253 | Zig:14   | Got a twitching wooden ring
 88254 | Zig:14   | Identified the ring "Ytomucs" {AC+1 Int+3} (You found it on
                  | level 14 of a ziggurat)
 88265 | Zig:15   | Entered Level 15 of a ziggurat
 88363 | Zig:15   | Identified the +11 morningstar "Goufyase" {chaos, *Drain
                  | +Fly MR+++ Dex+3} (You found it on level 15 of a ziggurat)
 88401 | Zig:15   | Identified the Almanac of Dark Rituals and Feathers
 88420 | Zig:16   | Entered Level 16 of a ziggurat
 88457 | Zig:16   | Got a coiled steel amulet
 88458 | Zig:16   | Identified the amulet of Harmony {RegenMP rN+} (You found
                  | it on level 16 of a ziggurat)
 88582 | Zig:17   | Entered Level 17 of a ziggurat
 88661 | Zig:18   | Entered Level 18 of a ziggurat
 88788 | Zig:18   | Identified the Collected Works on Supportive Battle Magic
 88802 | Zig:18   | Identified Wounia's Handbook of Shape Shifting and Unholy
                  | Rituals
 88808 | Zig:18   | Got a flickering steel ring
 88809 | Zig:18   | Identified the ring "Erchet" {+Fly rN+ SInv} (You found it
                  | on level 18 of a ziggurat)
 88819 | Zig:18   | Identified the Compendium of Unstable Execration
 88822 | Zig:18   | Got a faintly glowing iron ring
 88823 | Zig:18   | Identified the ring of Pantheism {Wiz *Drain rPois rF+
                  | Int+2} (You found it on level 18 of a ziggurat)
 88837 | Zig:19   | Entered Level 19 of a ziggurat
 88848 | Zig:19   | Noticed a juggernaut
 88852 | Zig:19   | Killed a juggernaut
 88939 | Zig:19   | Got an ancient copper ring
 88940 | Zig:19   | Identified the ring of Creativity {+Fly rF- MP+9 Int+2}
                  | (You found it on level 19 of a ziggurat)
 88950 | Zig:19   | Got a twitching iron ring
 88952 | Zig:19   | Identified the ring "Wewerul" {+Fly rPois rC- MP+9 Stlth+}
                  | (You found it on level 19 of a ziggurat)
 88957 | Zig:20   | Entered Level 20 of a ziggurat
 89046 | Zig:20   | Lost mutation: You are partially covered in molten scales.
                  | (AC +2) [potion of mutation]
 89046 | Zig:20   | Lost mutation: You are resistant to hostile enchantments.
                  | (MR+) [potion of mutation]
 89046 | Zig:20   | Lost mutation: You have an uncontrollable temper. [potion
                  | of mutation]
 89046 | Zig:20   | Lost mutation: You are partially covered in large bone
                  | plates. (SH +4) [potion of mutation]
 89046 | Zig:20   | Gained mutation: Your muscles are strong. (Str +2) [potion
                  | of mutation]
 89047 | Zig:20   | Lost mutation: You are very frail. (-20% HP) [potion of
                  | mutation]
 89047 | Zig:20   | Lost mutation: You passively map a small area around you.
                  | [potion of mutation]
 89047 | Zig:20   | Gained mutation: You evolve. [potion of mutation]
 89048 | Zig:20   | Lost mutation: You are frail. (-10% HP) [potion of
                  | mutation]
 89048 | Zig:20   | Lost mutation: You are partially covered in thin metallic
                  | scales. (AC +2) [potion of mutation]
 89048 | Zig:20   | Lost mutation: Your muscles are strong. (Str +2) [potion of
                  | mutation]
 89048 | Zig:20   | Gained mutation: Your flesh is cold resistant. (rC+)
                  | [potion of mutation]
 89086 | Zig:21   | Entered Level 21 of a ziggurat
 89102 | Zig:21   | Noticed Yddar the pandemonium lord
 89105 | Zig:21   | Killed Yddar the pandemonium lord
 89362 | Zig:21   | Got a warped silver ring
 89363 | Zig:21   | Identified the ring of Ifunkuapp {rC+ rN+ Str+2 Slay+5}
                  | (You found it on level 21 of a ziggurat)
 89367 | Zig:22   | Entered Level 22 of a ziggurat
 89402 | Zig:22   | Found the +4 moon troll leather armour {Spirit, Regen++
                  | MP+5}
 89547 | Zig:22   | Got a bound turquoise ring
 89548 | Zig:22   | Identified the ring "Bashost" {rPois rF++ rC+ Str-2 Stlth+}
                  | (You found it on level 22 of a ziggurat)
 89562 | Zig:23   | Entered Level 23 of a ziggurat
 89587 | Zig:23   | Found the +8 mithril axe "Arga" {speed, MR+}
 89730 | Zig:23   | Identified the Almanac of Glacial Transformation
 89737 | Zig:23   | Reached skill level 10 in Throwing
 89767 | Zig:24   | Entered Level 24 of a ziggurat
 89776 | Zig:24   | Noticed an ancient lich
 89778 | Zig:24   | Noticed an ancient lich
 89779 | Zig:24   | Noticed an ancient lich
 89781 | Zig:24   | Killed an ancient lich
 89782 | Zig:24   | Killed an ancient lich
 89782 | Zig:24   | Killed an ancient lich
 89782 | Zig:24   | Noticed an ancient lich
 89783 | Zig:24   | Noticed an ancient lich
 89783 | Zig:24   | Noticed an ancient lich
 89783 | Zig:24   | Noticed an ancient lich
 89785 | Zig:24   | Reached skill level 27 in Earth Magic
 89785 | Zig:24   | Killed an ancient lich
 89785 | Zig:24   | Killed an ancient lich
 89785 | Zig:24   | Noticed an ancient lich
 89787 | Zig:24   | Noticed an ancient lich
 89787 | Zig:24   | Killed an ancient lich
 89787 | Zig:24   | Killed an ancient lich
 89788 | Zig:24   | Killed an ancient lich
 89793 | Zig:24   | Killed an ancient lich
 90037 | Zig:24   | Gained mutation: Your natural rate of healing is unusually
                  | fast. [evolution]
 90048 | Zig:24   | Got a coiled bronze ring
 90049 | Zig:24   | Identified the ring "Tyketyu" {rPois rF- rC+ Stlth+} (You
                  | found it on level 24 of a ziggurat)
 90226 | Zig:24   | Identified the Compendium of Toxic Weightlessness
 90252 | Zig:24   | Got a sparkling iron amulet
 90253 | Zig:24   | Identified the amulet "Todwoax" {Reflect Dex+6 SH+4} (You
                  | found it on level 24 of a ziggurat)
 90261 | Zig:24   | Identified the Incunabulum of Poisoning and Transformation
 90277 | Zig:25   | Entered Level 25 of a ziggurat
 90289 | Zig:25   | Noticed an ancient lich
 90291 | Zig:25   | Killed an ancient lich
 90294 | Zig:25   | Noticed an ancient lich
 90294 | Zig:25   | Noticed an ancient lich
 90297 | Zig:25   | Killed an ancient lich
 90297 | Zig:25   | Reached skill level 10 in Armour
 90301 | Zig:25   | Killed an ancient lich
 90310 | Zig:25   | Reached skill level 15 in Evocations
 90363 | Zig:25   | Got a heavily runed silver ring
 90364 | Zig:25   | Identified the ring of the Special Beds {rElec MP-9 Str+2
                  | Dex+3} (You found it on level 25 of a ziggurat)
 90396 | Zig:26   | Entered Level 26 of a ziggurat
 90414 | Zig:26   | Reached skill level 27 in Ice Magic
 90414 | Zig:26   | Reached skill level 27 in Fire Magic
 90586 | Zig:27   | Entered Level 27 of a ziggurat
 90595 | Zig:27   | Noticed an ancient lich
 90595 | Zig:27   | Noticed an ancient lich
 90597 | Zig:27   | Noticed an ancient lich
 90598 | Zig:27   | Noticed an ancient lich
 90598 | Zig:27   | Noticed an ancient lich
 90599 | Zig:27   | Noticed an ancient lich
 90600 | Zig:27   | Noticed an ancient lich
 90602 | Zig:27   | Killed an ancient lich
 90602 | Zig:27   | Killed an ancient lich
 90602 | Zig:27   | Killed an ancient lich
 90603 | Zig:27   | Killed an ancient lich
 90603 | Zig:27   | Killed an ancient lich
 90604 | Zig:27   | Noticed an ancient lich
 90604 | Zig:27   | Noticed an ancient lich
 90605 | Zig:27   | Killed an ancient lich
 90605 | Zig:27   | Killed an ancient lich
 90607 | Zig:27   | Killed an ancient lich
 90607 | Zig:27   | Killed an ancient lich
 90609 | Zig:27   | Noticed an ancient lich
 90610 | Zig:27   | Noticed an ancient lich
 90613 | Zig:27   | Killed an ancient lich
 90613 | Zig:27   | Killed an ancient lich
 90616 | Zig:27   | Noticed an ancient lich
 90620 | Zig:27   | Killed an ancient lich
 90743 | Zig:27   | Identified the ring "Ullun" {+Fly MP-9 Str+4 Int+2} (You
                  | found it on level 27 of a ziggurat)
 90986 | Zot:5    | Killed an orb of fire
 90990 | Zot:5    | Noticed an orb of fire
 90990 | Zot:5    | Noticed an ancient lich
 91133 | Zot:5    | Killed an orb of fire
 91133 | Zot:5    | Killed an ancient lich
 91135 | Zot:5    | Killed an ancient lich
 91139 | Zot:5    | Killed an orb of fire
 91140 | Zot:5    | Killed an ancient lich
 91141 | Zot:5    | Noticed an ancient lich
 91301 | Zot:5    | Noticed an ancient lich
 91303 | Zot:5    | Cast into level 5 of the Abyss (an ancient lich)
 91303 | Abyss:5  | Entered Level 5 of the Abyss
 91303 | Abyss:5  | Entered Level 5 of the Abyss
 91339 | Abyss:5  | Got a clouded marble ring
 91355 | Zot:5    | Escaped the Abyss
 91357 | Zot:5    | Killed an ancient lich
 91359 | Zot:5    | Killed an ancient lich
 91360 | Zot:5    | Identified the ring of Jetem {Dex+2 Stlth+} (You found it
                  | on level 5 of the Abyss)
 92183 | Zot:5    | Noticed an ancient lich
 92190 | Zot:5    | Killed an ancient lich
 92656 | Zot:1    | Gained mutation: Potions are less effective at restoring
                  | your health. [evolution]
 92786 | Zig:1    | Entered Level 1 of a ziggurat
 92808 | Zig:2    | Entered Level 2 of a ziggurat
 92810 | Zig:2    | Noticed an ancient lich
 92813 | Zig:2    | Killed an ancient lich
 92960 | Zig:3    | Entered Level 3 of a ziggurat
 92986 | Zig:4    | Entered Level 4 of a ziggurat
 93226 | Zig:5    | Entered Level 5 of a ziggurat
 93411 | Zig:5    | Got a shimmering brass ring
 93415 | Zig:5    | Identified the ring "Wimidu" {MP+9 Dex+2} (You found it on
                  | level 5 of a ziggurat)
 93437 | Zig:6    | Entered Level 6 of a ziggurat
 93608 | Zig:7    | Entered Level 7 of a ziggurat
 93757 | Zig:7    | Found the +10 large shield of Ignorance {rN+ Int-4}
 93825 | Zig:8    | Entered Level 8 of a ziggurat
 93831 | Zig:8    | Noticed Yvienn the pandemonium lord
 93836 | Zig:8    | Killed Yvienn the pandemonium lord
 94013 | Zig:9    | Entered Level 9 of a ziggurat
 94099 | Zig:9    | Identified Ejebetib's Almanac of Beguiling and
                  | Augmentations
 94106 | Zig:9    | Identified the Grimoire of the Glacier and Black Magic
 94110 | Zig:10   | Entered Level 10 of a ziggurat
 94118 | Zig:10   | Found the +8 glaive of the Guard {elec, +Rage AC+5 SInv}
 94209 | Zig:11   | Entered Level 11 of a ziggurat
 94230 | Zig:11   | Found the +8 orange crystal plate armour {Archmagi, Int+3
                  | Clar}
 94257 | Zig:11   | Got a faintly glowing bone amulet
 94258 | Zig:11   | Identified the amulet of Daonn {Faith rN+} (You found it on
                  | level 11 of a ziggurat)
 94264 | Zig:12   | Entered Level 12 of a ziggurat
 94433 | Zig:12   | Got a serpentine glass ring
 94434 | Zig:12   | Identified the ring of Cuaturu {rPois rF+} (You found it on
                  | level 12 of a ziggurat)
 94445 | Zig:13   | Entered Level 13 of a ziggurat
 94449 | Zig:13   | Noticed an ancient lich
 94454 | Zig:13   | Killed an ancient lich
 94454 | Zig:13   | Noticed an ancient lich
 94459 | Zig:13   | Killed an ancient lich
 94491 | Zig:13   | Got a crude bone ring
 94492 | Zig:13   | Identified the ring of Axoocuek {rElec rPois rN+} (You
                  | found it on level 13 of a ziggurat)
 94494 | Zig:13   | Identified Zose's Catalogue of Shape Shifting
 94520 | Zig:14   | Entered Level 14 of a ziggurat
 94529 | Zig:14   | Noticed Weupasch the pandemonium lord
 94529 | Zig:14   | Noticed Ocrid the pandemonium lord
 94529 | Zig:14   | Noticed Loneafio the pandemonium lord
 94529 | Zig:14   | Noticed Luopicvy the pandemonium lord
 94530 | Zig:14   | Noticed Echy the pandemonium lord
 94530 | Zig:14   | Noticed Novvakk the pandemonium lord
 94530 | Zig:14   | Noticed Codyipep the pandemonium lord
 94530 | Zig:14   | Noticed Lutheaps the pandemonium lord
 94530 | Zig:14   | Noticed Hitwi the pandemonium lord
 94533 | Zig:14   | Noticed Ytoqaej the pandemonium lord
 94534 | Zig:14   | Found the +4 dagger "Morg" {pain, MR+ Int+5}
 94534 | Zig:14   | Killed Ytoqaej the pandemonium lord
 94534 | Zig:14   | Killed Codyipep the pandemonium lord
 94534 | Zig:14   | Killed Novvakk the pandemonium lord
 94537 | Zig:14   | Killed Ocrid the pandemonium lord
 94538 | Zig:14   | Killed Hitwi the pandemonium lord
 94538 | Zig:14   | Killed Lutheaps the pandemonium lord
 94539 | Zig:14   | Killed Loneafio the pandemonium lord
 94540 | Zig:14   | Killed Luopicvy the pandemonium lord
 94542 | Zig:14   | Killed Echy the pandemonium lord
 94543 | Zig:14   | Killed Weupasch the pandemonium lord
 94663 | Zig:15   | Entered Level 15 of a ziggurat
 94696 | Zig:15   | Reached skill level 27 in Evocations
 94844 | Zig:15   | Found the cursed necklace of Bloodlust {*Rage +Rage MR++
                  | Int-3 Slay+6 *Curse}
 94855 | Zig:15   | Identified the +0 pair of gloves of Valiance {rC+ MR+} (You
                  | found it on level 15 of a ziggurat)
 94878 | Zig:16   | Entered Level 16 of a ziggurat
 94885 | Zig:16   | Paralysed by accursed screaming for 1 turns
 94979 | Zig:16   | Gained mutation: You can translocate small distances at
                  | will. [evolution]
 94979 | Zig:16   | Lost mutation: You evolve. [end of evolution]
 94985 | Zig:17   | Entered Level 17 of a ziggurat
 94988 | Zig:17   | Noticed a greater mummy
 94992 | Zig:17   | Noticed a greater mummy
 94992 | Zig:17   | Noticed a greater mummy
 94992 | Zig:17   | Noticed a greater mummy
 94993 | Zig:17   | Noticed a greater mummy
 94994 | Zig:17   | Killed a greater mummy
 94995 | Zig:17   | Killed a greater mummy
 94995 | Zig:17   | Noticed a greater mummy
 94996 | Zig:17   | Noticed a greater mummy
 94996 | Zig:17   | Noticed a greater mummy
 94996 | Zig:17   | Noticed a greater mummy
 94997 | Zig:17   | Killed a greater mummy
 94997 | Zig:17   | Killed a greater mummy
 94997 | Zig:17   | Noticed a greater mummy
 94998 | Zig:17   | Killed a greater mummy
 94999 | Zig:17   | Killed a greater mummy
 94999 | Zig:17   | Noticed a greater mummy
 95000 | Zig:17   | Noticed a greater mummy
 95001 | Zig:17   | Killed a greater mummy
 95001 | Zig:17   | Killed a greater mummy
 95001 | Zig:17   | Killed a greater mummy
 95001 | Zig:17   | Noticed a greater mummy
 95002 | Zig:17   | Killed a greater mummy
 95002 | Zig:17   | Noticed a greater mummy
 95004 | Zig:17   | Killed a greater mummy
 95004 | Zig:17   | Killed a greater mummy
 95004 | Zig:17   | Killed a greater mummy
 95006 | Zig:17   | Noticed a greater mummy
 95007 | Zig:17   | Killed a greater mummy
 95013 | Zig:17   | Killed a greater mummy
 95293 | Zig:18   | Entered Level 18 of a ziggurat
 95303 | Zig:18   | Reached skill level 27 in Conjurations
 95390 | Zig:18   | Found the +2 shield of Resistance {rF+ rC+ MR+}
 95396 | Zig:18   | Identified Peplikit's Tome of Scorching Talismans
 95433 | Zig:19   | Entered Level 19 of a ziggurat
 95436 | Zig:19   | Noticed a greater mummy
 95439 | Zig:19   | Noticed a greater mummy
 95440 | Zig:19   | Noticed a greater mummy
 95441 | Zig:19   | Killed a greater mummy
 95441 | Zig:19   | Noticed a greater mummy
 95442 | Zig:19   | Killed a greater mummy
 95442 | Zig:19   | Noticed a greater mummy
 95444 | Zig:19   | Killed a greater mummy
 95444 | Zig:19   | Killed a greater mummy
 95445 | Zig:19   | Noticed a greater mummy
 95447 | Zig:19   | Noticed a greater mummy
 95448 | Zig:19   | Noticed a greater mummy
 95449 | Zig:19   | Killed a greater mummy
 95449 | Zig:19   | Noticed a greater mummy
 95452 | Zig:19   | Killed a greater mummy
 95452 | Zig:19   | Killed a greater mummy
 95453 | Zig:19   | Killed a greater mummy
 95454 | Zig:19   | Noticed a greater mummy
 95456 | Zig:19   | Killed a greater mummy
 95456 | Zig:19   | Noticed a greater mummy
 95460 | Zig:19   | Killed a greater mummy
 95462 | Zig:19   | Killed a greater mummy
 95527 | Zig:19   | Got a pitted gossamer ring
 95528 | Zig:19   | Identified the ring "Ifialon" {MP+9 Str+7} (You found it on
                  | level 19 of a ziggurat)
 95529 | Zig:19   | Identified the Collected Works on Black Arts and
                  | Weightlessness
 95542 | Zig:19   | Identified the +4 demon whip of Tenacity {antimagic,
                  | *Contam rPois rN+ Int+2} (You found it on level 19 of a
                  | ziggurat)
 95544 | Zig:20   | Entered Level 20 of a ziggurat
 95584 | Zig:20   | Got a transparent tin amulet
 95585 | Zig:20   | Identified the amulet "Tapruod" {Inacc *Slow Int+3 Dex+2}
                  | (You found it on level 20 of a ziggurat)
 95595 | Zig:20   | Identified the Grimoire of Dislocated Aid
 95597 | Zig:20   | Identified The Last Secrets of Witchery
 95614 | Zig:21   | Entered Level 21 of a ziggurat
 95679 | Zig:21   | Found the +9 scales of the Dragon King {rPois rF+ rC+ MR+}
 95681 | Zig:21   | Found the amulet of the Air {Inacc +Fly rElec EV+5 RMsl}
 95697 | Zig:21   | Identified the Almanac of Excruciating Orientation
 95722 | Zig:21   | Identified the ring of the Moon {MR+ Dex+4 SInv} (You found
                  | it on level 21 of a ziggurat)
 95732 | Zig:22   | Entered Level 22 of a ziggurat
 95742 | Zig:22   | Noticed a juggernaut
 95746 | Zig:22   | Noticed a juggernaut
 95749 | Zig:22   | Noticed a juggernaut
 95752 | Zig:22   | Killed a juggernaut
 95752 | Zig:22   | Killed a juggernaut
 95754 | Zig:22   | Killed a juggernaut
 95794 | Zig:22   | Identified the amulet of Tetiunt {Gourm Str+4 Slay-3} (You
                  | found it on level 22 of a ziggurat)
 95835 | Zig:23   | Entered Level 23 of a ziggurat
 95865 | Zig:23   | Found the macabre finger necklace {rN+}
 95956 | Zig:23   | Identified the Catalogue of Companions and Darkness
 95959 | Zig:23   | Identified the Handbook of Creative Transmutation
 95969 | Zig:23   | Identified Sif Muna's Guide on Shifting Creation
 95981 | Zig:23   | Identified the Almanac of the Oath and Attacks
 95988 | Zig:24   | Entered Level 24 of a ziggurat
 96021 | Zig:24   | Found the +12 Vampire's Tooth {vamp}
 96087 | Zig:24   | Identified the ring of Amorality {MR+ AC+4} (You found it
                  | on level 24 of a ziggurat)
 96102 | Zig:24   | Identified the Compendium of Poisoning and Shape Shifting
 96121 | Zig:25   | Entered Level 25 of a ziggurat
 96381 | Zig:25   | Identified the ring "Cumerrej" {rC+ rN+ MP+9 Int-5 Slay+2}
                  | (You found it on level 25 of a ziggurat)
 96389 | Zig:25   | Identified Utomufep's Incunabulum of Creation
 96456 | Zig:26   | Entered Level 26 of a ziggurat
 96476 | Zig:26   | Gained mutation: Your magical capacity is low. (-10% MP) [a
                  | cacodemon]
 96481 | Zig:26   | Noticed Huhaomm the pandemonium lord
 96484 | Zig:26   | Killed Huhaomm the pandemonium lord
 96520 | Zig:26   | Reached skill level 27 in Dodging
 96729 | Zig:26   | Found the +7 lajatang of Order {silver, rMut}
 96743 | Zig:26   | Identified the Almanac of Doomed Changing
 96760 | Zig:26   | Identified the cursed ring of the Moon {EV-3 Int+5 Stlth-}
                  | (You found it on level 26 of a ziggurat)
 96765 | Zig:26   | Identified the ring of the Past {+Fly rPois rF+ MR- Str+4}
                  | (You found it on level 26 of a ziggurat)
 96768 | Zig:26   | Identified the ring of the Lizard {rC+ MR+} (You found it
                  | on level 26 of a ziggurat)
 96770 | Zig:26   | Identified the ring of Kineast {+Blink rN+ Str-3 SInv} (You
                  | found it on level 26 of a ziggurat)
 96778 | Zig:27   | Entered Level 27 of a ziggurat
 96805 | Zig:27   | Paralysed by accursed screaming for 2 turns
 96808 | Zig:27   | Gained mutation: You are weak. (Str -2) [a neqoxec]
 96854 | Zig:27   | Identified the ring "Wyceleuh" {rElec rPois Str+4 Int+4
                  | Dex+3} (You found it on level 27 of a ziggurat)
 96863 | Zig:27   | Identified the Collected Works on Envenoming and Necromancy
 96867 | Zig:27   | Identified the ring "Voum Epp" {*Corrode rC+++ MR- Str+7
                  | SInv Stlth-} (You found it on level 27 of a ziggurat)
 96974 | Pan      | Entered Pandemonium
 97393 | Pan      | Noticed Zogolo the pandemonium lord
 97403 | Pan      | Killed Zogolo the pandemonium lord
 97780 | Pan      | Found a runed translucent door.
 97781 | Pan      | Noticed Piusoete the pandemonium lord
 97788 | Pan      | Found a runed translucent door.
 97790 | Pan      | Identified the +6 great mace of Exhibitionism {drain,
                  | Str+4}
 97791 | Pan      | Found a runed translucent door.
 97801 | Pan      | Killed Piusoete the pandemonium lord
 97809 | Pan      | Found a runed translucent door.
 97952 | Pan      | Noticed Coifium the pandemonium lord
 97956 | Pan      | Killed Coifium the pandemonium lord
 98197 | Pan      | Lost mutation: Your flesh is cold resistant. (rC+) [potion
                  | of mutation]
 98197 | Pan      | Lost mutation: You can translocate small distances at will.
                  | [potion of mutation]
 98197 | Pan      | Gained mutation: You have large cloven feet. [potion of
                  | mutation]
 98198 | Pan      | Lost mutation: You have large cloven feet. [potion of
                  | mutation]
 98198 | Pan      | Lost mutation: Potions are less effective at restoring your
                  | health. [potion of mutation]
 98198 | Pan      | Lost mutation: Your magical capacity is low. (-10% MP)
                  | [potion of mutation]
 98198 | Pan      | Lost mutation: You are weak. (Str -2) [potion of mutation]
 98198 | Pan      | Gained mutation: You evolve. [potion of mutation]
 98198 | Pan      | Gained mutation: Your movements are slightly less
                  | encumbered by armour. (ER -2) [potion of mutation]
 98198 | Pan      | Gained mutation: You passively map a small area around you.
                  | [potion of mutation]
 98223 | Pan      | Found an exit through the horrors of the Abyss.
 98234 | Pan      | Entered the realm of Cerebov.
 98299 | Pan      | Identified the +6 sword of Cerebov {flame}
 98299 | Pan      | Noticed Cerebov
 98741 | Pan      | Identified the cursed ring "Peagues" {rC+ AC-3}
 98749 | Pan      | Reached skill level 27 in Necromancy
 99028 | Pan      | Reached skill level 15 in Armour
 99064 | Pan      | Killed Cerebov
 99342 | Pan      | Identified Ixyutofy's Catalogue of Summoning
 99389 | Pan      | Got a faintly glowing platinum ring
 99390 | Pan      | Identified the ring "Xouhaohepp" {rPois MR- Int+7 SInv
                  | Stlth+} (You found it in Pandemonium)
 99470 | Pan      | Got a fiery rune of Zot
 99652 | Pan      | Found an exit through the horrors of the Abyss.
 99655 | Pan      | Noticed Anemp the pandemonium lord
 99666 | Pan      | Killed Anemp the pandemonium lord
 99830 | Pan      | Entered the realm of Lom Lobon.
 99830 | Pan      | Noticed Lom Lobon
 99832 | Pan      | Got a magical rune of Zot
100035 | Pan      | Noticed Lom Lobon
100102 | Pan      | Gained mutation: You are clumsy. (Dex -2) [a cacodemon]
101597 | Pan      | Found an exit through the horrors of the Abyss.
101709 | Pan      | Lost mutation: You are clumsy. (Dex -2) [evolution]
101719 | Pan      | Learned a level 8 spell: Lehudib's Crystal Spear
101761 | Pan      | Noticed Baecivuc the pandemonium lord
102115 | Pan      | Killed Baecivuc the pandemonium lord
102706 | Pan      | Killed Lom Lobon
103461 | Pan      | Gained mutation: You often lose your temper in combat. [a
                  | neqoxec]
103461 | Pan      | Noticed Lave the pandemonium lord
103471 | Pan      | Killed Lave the pandemonium lord
103579 | Pan      | Noticed Legaebu the pandemonium lord
103595 | Pan      | Got a demonic rune of Zot
103800 | Pan      | Lost mutation: You passively map a small area around you.
                  | [potion of mutation]
103800 | Pan      | Lost mutation: You tend to lose your temper in combat.
                  | [potion of mutation]
103800 | Pan      | Lost mutation: Your natural rate of healing is unusually
                  | fast. [potion of mutation]
103800 | Pan      | Lost mutation: You evolve. [potion of mutation]
103800 | Pan      | Gained mutation: You are partially covered in iridescent
                  | scales. (AC +2) [potion of mutation]
103800 | Pan      | Gained mutation: You possess an exceptional clarity of
                  | mind. [potion of mutation]
103818 | Pan      | Found an exit through the horrors of the Abyss.
103972 | Pan      | Killed Legaebu the pandemonium lord
104230 | Pan      | Noticed Lomm the pandemonium lord
104251 | Pan      | Killed Lomm the pandemonium lord
104601 | Pan      | Noticed Dohoh the pandemonium lord
104611 | Pan      | Killed Dohoh the pandemonium lord
104996 | Pan      | Entered the realm of Gloorx Vloq.
105030 | Pan      | Noticed Gloorx Vloq
105037 | Pan      | Killed Gloorx Vloq
105044 | Pan      | Got a dark rune of Zot
105171 | Pan      | Entered the realm of Mnoleg.
105228 | Pan      | Noticed Mnoleg
105241 | Pan      | Killed Mnoleg
105343 | Pan      | Got a glowing rune of Zot
105504 | Pan      | Found an exit through the horrors of the Abyss.
105524 | Pan      | Gained mutation: You are partially covered in icy blue
                  | scales. (AC +2) [a cacodemon]
105599 | Pan      | Noticed Jodah the pandemonium lord
105607 | Pan      | Killed Jodah the pandemonium lord
105648 | Depths:1 | Escaped Pandemonium
105998 | Zig:1    | Entered Level 1 of a ziggurat
106127 | Zig:2    | Entered Level 2 of a ziggurat
106145 | Zig:2    | Learned a level 9 spell: Tornado
106159 | Zig:3    | Entered Level 3 of a ziggurat
106160 | Zig:3    | Reached skill level 1 in Air Magic
106198 | Zig:3    | Identified the Grimoire of Icy Arcane Weapons
106203 | Zig:4    | Entered Level 4 of a ziggurat
106205 | Zig:4    | Noticed a juggernaut
106213 | Zig:4    | Killed a juggernaut
106342 | Zig:5    | Entered Level 5 of a ziggurat
106357 | Zig:5    | Reached skill level 5 in Air Magic
106546 | Zig:6    | Entered Level 6 of a ziggurat
106669 | Zig:7    | Entered Level 7 of a ziggurat
106885 | Zig:7    | Got a warped ivory ring
106886 | Zig:7    | Identified the ring of the Lily {rN+++ MR- EV+2 Str+2} (You
                  | found it on level 7 of a ziggurat)
106903 | Zig:8    | Entered Level 8 of a ziggurat
106909 | Zig:8    | Noticed a juggernaut
106910 | Zig:8    | Noticed a juggernaut
106911 | Zig:8    | Reached skill level 10 in Air Magic
106915 | Zig:8    | Killed a juggernaut
106917 | Zig:8    | Killed a juggernaut
107132 | Zig:8    | Got a glittering platinum ring
107133 | Zig:8    | Identified the ring "Fajuax" {-Tele MR++ Dex+4 Stlth-} (You
                  | found it on level 8 of a ziggurat)
107137 | Zig:8    | Got a bound golden ring
107138 | Zig:8    | Identified the ring of Xaickedd {Ice rElec MR+} (You found
                  | it on level 8 of a ziggurat)
107163 | Zig:9    | Entered Level 9 of a ziggurat
107176 | Zig:9    | Noticed an ancient lich
107178 | Zig:9    | Killed an ancient lich
107226 | Zig:9    | Got a brightly glowing bone ring
107227 | Zig:9    | Identified the ring "Zewkiw" {rC+ rN+ MP+9 Dex+4 Slay-3}
                  | (You found it on level 9 of a ziggurat)
107237 | Zig:9    | Identified the Tome of the Butterfly
107242 | Zig:10   | Entered Level 10 of a ziggurat
107250 | Zig:10   | Noticed a juggernaut
107251 | Zig:10   | Noticed a juggernaut
107252 | Zig:10   | Noticed a juggernaut
107252 | Zig:10   | Noticed a juggernaut
107253 | Zig:10   | Noticed a juggernaut
107253 | Zig:10   | Noticed a juggernaut
107254 | Zig:10   | Killed a juggernaut
107255 | Zig:10   | Killed a juggernaut
107255 | Zig:10   | Killed a juggernaut
107255 | Zig:10   | Killed a juggernaut
107256 | Zig:10   | Killed a juggernaut
107256 | Zig:10   | Reached skill level 15 in Air Magic
107257 | Zig:10   | Killed a juggernaut
107335 | Zig:11   | Entered Level 11 of a ziggurat
107379 | Zig:11   | Identified the Volume of Evil and Malediction
107501 | Zig:12   | Entered Level 12 of a ziggurat
107535 | Zig:12   | Got a bound ivory amulet
107786 | Zig:13   | Entered Level 13 of a ziggurat
107896 | Zig:13   | Found the +0 sword of Power
107899 | Zig:13   | Found the +18 shield of the Gong {rElec rN+ MR+ EV-5}
108018 | Zig:13   | Identified the cursed +0 robe "Gibohopt" {rF+ rC+ Str+4
                  | Int-5} (You found it on level 13 of a ziggurat)
108019 | Zig:13   | Identified the amulet "Xutamnau" {Reflect rN+ SH+3} (You
                  | found it on level 12 of a ziggurat)
108048 | Zig:13   | Identified Unopra's Reference Book on the Volcanoes and
                  | Earth
108057 | Zig:14   | Entered Level 14 of a ziggurat
108094 | Zig:14   | Cast into level 2 of the Abyss (a deep elf demonologist)
108095 | Abyss:2  | Found a corrupted altar of Lugonu.
108124 | Zig:14   | Escaped the Abyss
108179 | Zig:14   | Found the +2 ratskin cloak {+Rats rPois rN+ Str-1 Int-1
                  | Dex+1}
108202 | Zig:14   | Identified the +3 cloak of the Moon Troll {rC+ rCorr MP+9
                  | Str+4} (You found it on level 14 of a ziggurat)
108211 | Zig:15   | Entered Level 15 of a ziggurat
108223 | Zig:15   | Noticed a juggernaut
108223 | Zig:15   | Noticed a juggernaut
108226 | Zig:15   | Noticed a juggernaut
108228 | Zig:15   | Noticed a juggernaut
108229 | Zig:15   | Killed a juggernaut
108229 | Zig:15   | Killed a juggernaut
108229 | Zig:15   | Killed a juggernaut
108231 | Zig:15   | Killed a juggernaut
108331 | Zig:15   | Got a clouded silver ring
108332 | Zig:15   | Identified the ring "Isesur" {Str+4 Int+4 Dex+5} (You found
                  | it on level 15 of a ziggurat)
108339 | Zig:15   | Got a vibrating silver ring
108340 | Zig:15   | Identified the ring of the Battered Yaks {rPois Slay+2
                  | Stlth-} (You found it on level 15 of a ziggurat)
108364 | Zig:16   | Entered Level 16 of a ziggurat
108427 | Zig:16   | Cast into level 2 of the Abyss (a deep elf demonologist)
108445 | Zig:16   | Escaped the Abyss
108646 | Zig:16   | Got a smoking jade amulet
108647 | Zig:16   | Identified the amulet "Tyly" {RegenMP rC++ Str+5 Dex-4}
                  | (You found it on level 16 of a ziggurat)
108656 | Zig:16   | Identified the +0 robe "Ruqyol" {MR+ Str-3 Stlth+} (You
                  | found it on level 16 of a ziggurat)
108687 | Zig:17   | Entered Level 17 of a ziggurat
108700 | Zig:17   | Noticed an ancient lich
108702 | Zig:17   | Noticed an ancient lich
108703 | Zig:17   | Noticed an ancient lich
108705 | Zig:17   | Noticed an ancient lich
108707 | Zig:17   | Noticed an ancient lich
108708 | Zig:17   | Killed an ancient lich
108708 | Zig:17   | Killed an ancient lich
108708 | Zig:17   | Killed an ancient lich
108709 | Zig:17   | Killed an ancient lich
108709 | Zig:17   | Killed an ancient lich
108857 | Zig:17   | Found the +27 Lear's hauberk
108857 | Zig:17   | Found the +8 lance "Wyrmbane" {slay drac, rPois rF+ rC+
                  | AC+3}
109035 | Zig:18   | Entered Level 18 of a ziggurat
109149 | Zig:18   | Found the +7 mace of Variability {chain chaos}
109166 | Zig:18   | Identified the +2 pair of boots "Jegai" {rPois rN+++ Str+3
                  | Dex-5} (You found it on level 18 of a ziggurat)
109192 | Zig:18   | Identified the ring of Law {rPois EV+3 Int+2 SInv} (You
                  | found it on level 18 of a ziggurat)
109199 | Zig:18   | Identified the +2 robe of Haesk {MR+ Str+2 Dex+4 SInv} (You
                  | found it on level 18 of a ziggurat)
109205 | Zig:19   | Entered Level 19 of a ziggurat
109220 | Zig:19   | Noticed an ancient lich
109226 | Zig:19   | Killed an ancient lich
109226 | Zig:19   | HP: 7/214 [Ice Fiend (21)]
109247 | Zig:19   | Gained mutation: You have a pair of small horns on your
                  | head. [a cacodemon]
109254 | Zig:19   | Noticed Awegar the pandemonium lord
109255 | Zig:19   | Reached skill level 27 in Air Magic
109258 | Zig:19   | Killed Awegar the pandemonium lord
109271 | Zig:19   | Reached skill level 10 in Polearms
109438 | Zig:19   | Found the +7 captain's cutlass {speed, disarm}
109458 | Zig:19   | Identified Peawnen's Collected Works on the Enchanting
                  | Glacier
109477 | Zig:20   | Entered Level 20 of a ziggurat
109539 | Zig:20   | Reached skill level 15 in Polearms
109718 | Zig:20   | Got a scintillating jade ring
109719 | Zig:20   | Identified the ring "Zibeedun" {rPois rN++ Str+6 Dex-5}
                  | (You found it on level 20 of a ziggurat)
109726 | Zig:20   | Identified the +1 helmet of Giahauc {Regen+ Slay+5} (You
                  | found it on level 20 of a ziggurat)
109742 | Zig:20   | Identified the Guide on Floating Flames
109759 | Zig:20   | Identified the ring "Yruehiug" {*Tele Dex+3} (You found it
                  | on level 20 of a ziggurat)
109772 | Zig:21   | Entered Level 21 of a ziggurat
109842 | Zig:21   | Found the +11 plutonium sword {*Contam Stlth-}
109842 | Zig:21   | Found the +15 Maxwell's patent armour {-Cast -Tele rElec
                  | MR+ rCorr}
109887 | Zig:21   | Identified the ring of Winter {+Fly rElec rF- rN+++ Stlth+}
                  | (You found it on level 21 of a ziggurat)
109915 | Zig:22   | Entered Level 22 of a ziggurat
110185 | Zig:22   | Identified the ring "Qeud" {+Blink rF- Dex+7 SInv} (You
                  | found it on level 22 of a ziggurat)
110194 | Zig:23   | Entered Level 23 of a ziggurat
110369 | Zig:23   | Identified the amulet "Gajizom" {Spirit +Inv rPois rF+ MR-}
                  | (You found it on level 23 of a ziggurat)
110370 | Zig:23   | Identified the Catalogue of the Supportive Voyage
110372 | Zig:23   | Identified the Volume of the Voyage
110375 | Zig:23   | Identified the ring "Lobacva" {+Blink MP+9} (You found it
                  | on level 23 of a ziggurat)
110392 | Zig:23   | Identified the +0 helmet of Theory {Str+10} (You found it
                  | on level 23 of a ziggurat)
110403 | Zig:24   | Entered Level 24 of a ziggurat
110422 | Zig:24   | Gained mutation: Your spells are a little easier to cast,
                  | but a little less powerful. [a cacodemon]
110426 | Zig:24   | Noticed Tethrat the pandemonium lord
110474 | Zig:24   | Killed Tethrat the pandemonium lord
110836 | Zig:24   | Got a transparent copper ring
110837 | Zig:24   | Identified the ring "Uromoc" {MR+ MP+9} (You found it on
                  | level 24 of a ziggurat)
110865 | Zig:24   | Got a wavering bronze ring
110866 | Zig:24   | Identified the ring of the Magpie {rN++ SInv} (You found it
                  | on level 24 of a ziggurat)
110874 | Zig:25   | Entered Level 25 of a ziggurat
110884 | Zig:25   | Noticed a juggernaut
110888 | Zig:25   | Noticed a juggernaut
110888 | Zig:25   | Noticed a juggernaut
110888 | Zig:25   | Noticed a juggernaut
110889 | Zig:25   | Noticed a juggernaut
110892 | Zig:25   | Killed a juggernaut
110892 | Zig:25   | Noticed a juggernaut
110893 | Zig:25   | Killed a juggernaut
110894 | Zig:25   | Killed a juggernaut
110894 | Zig:25   | Killed a juggernaut
110895 | Zig:25   | Killed a juggernaut
110895 | Zig:25   | Noticed a juggernaut
110896 | Zig:25   | Killed a juggernaut
110896 | Zig:25   | Reached skill level 27 in Polearms
110896 | Zig:25   | Noticed a juggernaut
110896 | Zig:25   | Noticed a juggernaut
110897 | Zig:25   | Noticed a juggernaut
110898 | Zig:25   | Reached skill level 10 in Shields
110899 | Zig:25   | Killed a juggernaut
110900 | Zig:25   | Killed a juggernaut
110900 | Zig:25   | Killed a juggernaut
110901 | Zig:25   | Killed a juggernaut
110945 | Zig:25   | Found the +3 pair of gauntlets of War {Slay+5}
110946 | Zig:25   | Found the +8 demon blade "Bloodbane" {slice, *Rage +Rage
                  | Stlth-}
110961 | Zig:25   | Identified the Handbook of Doom
110974 | Zig:25   | Identified the cursed +0 helmet of the Sun {-Cast rF+++ MR+
                  | Stlth+} (You found it on level 25 of a ziggurat)
110991 | Zig:26   | Entered Level 26 of a ziggurat
111017 | Zig:26   | Noticed an ancient lich
111018 | Zig:26   | Noticed an ancient lich
111018 | Zig:26   | Noticed an ancient lich
111018 | Zig:26   | Noticed an ancient lich
111019 | Zig:26   | Noticed an ancient lich
111019 | Zig:26   | Noticed an ancient lich
111019 | Zig:26   | Noticed an ancient lich
111019 | Zig:26   | Noticed an ancient lich
111021 | Zig:26   | Killed an ancient lich
111021 | Zig:26   | Reached skill level 15 in Shields
111021 | Zig:26   | Killed an ancient lich
111021 | Zig:26   | Killed an ancient lich
111021 | Zig:26   | Paralysed by a floating eye for 2 turns
111024 | Zig:26   | Killed an ancient lich
111025 | Zig:26   | Killed an ancient lich
111025 | Zig:26   | Killed an ancient lich
111025 | Zig:26   | Killed an ancient lich
111026 | Zig:26   | Noticed an ancient lich
111026 | Zig:26   | Killed an ancient lich
111026 | Zig:26   | Noticed an ancient lich
111027 | Zig:26   | Killed an ancient lich
111027 | Zig:26   | Noticed an ancient lich
111027 | Zig:26   | Noticed an ancient lich
111029 | Zig:26   | Noticed an ancient lich
111030 | Zig:26   | Killed an ancient lich
111030 | Zig:26   | Noticed an ancient lich
111031 | Zig:26   | Killed an ancient lich
111031 | Zig:26   | Killed an ancient lich
111031 | Zig:26   | Killed an ancient lich
111033 | Zig:26   | Killed an ancient lich
111035 | Zig:26   | Noticed an ancient lich
111039 | Zig:26   | Killed an ancient lich
111072 | Zig:26   | Found the ring of the Octopus King
111094 | Zig:26   | Found the +4 skin of Zhor {Hibernate rC+++ SInv}
111112 | Zig:26   | Got a ring of the Octopus King
111113 | Zig:26   | Identified a ring of the Octopus King {AC+1 EV+1 Str+1
                  | Int+1 Dex+1 Stlth+} (You found it on level 26 of a
                  | ziggurat)
111116 | Zig:26   | Got a scintillating wooden ring
111117 | Zig:26   | Identified the cursed ring "Mal Yteb" {+Fly rPois Int-3
                  | Dex+8 Stlth-} (You found it on level 26 of a ziggurat)
111121 | Zig:26   | Identified the Guide on the Rocks and Beguiling
111138 | Zig:26   | Got a heavily runed wooden ring
111139 | Zig:26   | Identified the ring of the Magpie {+Blink rPois rC+ MR+
                  | SInv} (You found it on level 26 of a ziggurat)
111149 | Zig:26   | Got a fine amber ring
111150 | Zig:26   | Identified the ring "Ewuck" {+Fly rF- rC+ Dex+3 SInv} (You
                  | found it on level 26 of a ziggurat)
111157 | Zig:26   | Identified the +1 helmet of the Eagle {+Fly rPois rCorr}
                  | (You found it on level 26 of a ziggurat)
111165 | Zig:26   | Got a scorched golden ring
111166 | Zig:26   | Identified the ring "Ejiataez" {rPois rC- Int+5} (You found
                  | it on level 26 of a ziggurat)
111170 | Zig:26   | Got a scintillating steel amulet
111171 | Zig:26   | Identified the amulet of Ulyxiot {+Rage rElec rPois Dex+4}
                  | (You found it on level 26 of a ziggurat)
111186 | Zig:26   | Got a glittering turquoise ring
111187 | Zig:26   | Identified the ring "Suxioxuti" {Wiz rN+ Str+10 Dex-3} (You
                  | found it on level 26 of a ziggurat)
111195 | Zig:27   | Entered Level 27 of a ziggurat
111348 | Zig:27   | Reached skill level 27 in Shields
111689 | D:15     | Reached skill level 1 in Translocations
112004 | Tomb:1   | Entered Level 1 of the Tomb of the Ancients
112015 | Tomb:1   | Noticed a greater mummy
112015 | Tomb:1   | Noticed a greater mummy
112015 | Tomb:1   | Noticed a greater mummy
112023 | Tomb:1   | Killed a greater mummy
112023 | Tomb:1   | Killed a greater mummy
112023 | Tomb:1   | Reached skill level 5 in Translocations
112025 | Tomb:1   | Killed a greater mummy
112025 | Tomb:1   | Noticed a greater mummy
112027 | Tomb:1   | Noticed a greater mummy
112195 | Tomb:1   | Killed a greater mummy
112196 | Tomb:1   | Killed a greater mummy
112203 | Tomb:1   | Noticed a greater mummy
112839 | Tomb:1   | Killed a greater mummy
112843 | Tomb:1   | Noticed a greater mummy
112986 | Tomb:1   | Killed a greater mummy
112986 | Tomb:1   | Reached skill level 10 in Translocations
113004 | Tomb:1   | Noticed Sojobo
113010 | Tomb:1   | Noticed a greater mummy
113011 | Tomb:1   | Noticed a greater mummy
113013 | Tomb:1   | Killed Sojobo
113014 | Tomb:1   | Noticed a greater mummy
113170 | Tomb:1   | Noticed a greater mummy
113171 | Tomb:1   | Noticed a greater mummy
113172 | Tomb:1   | Noticed a greater mummy
113173 | Tomb:1   | Killed a greater mummy
113174 | Tomb:1   | Killed a greater mummy
113175 | Tomb:1   | Killed a greater mummy
113175 | Tomb:1   | Killed a greater mummy
113176 | Tomb:1   | Killed a greater mummy
113177 | Tomb:1   | Killed a greater mummy
113301 | Crypt:3  | Learned a level 8 spell: Controlled Blink
113389 | Tomb:1   | Noticed a greater mummy
113403 | Tomb:1   | Killed a greater mummy
113531 | Tomb:1   | Paralysed by a sphinx for 7 turns
113702 | Tomb:1   | Noticed a greater mummy
113708 | Tomb:1   | Noticed a greater mummy
113711 | Tomb:1   | Noticed a greater mummy
113714 | Tomb:1   | Noticed a greater mummy
113718 | Tomb:1   | Killed a greater mummy
113718 | Tomb:1   | Killed a greater mummy
113718 | Tomb:1   | Killed a greater mummy
113718 | Tomb:1   | Noticed a greater mummy
113719 | Tomb:1   | Killed a greater mummy
113720 | Tomb:1   | Noticed a greater mummy
113723 | Tomb:1   | Killed a greater mummy
113725 | Tomb:1   | Killed a greater mummy
113725 | Tomb:1   | Paralysed by a sphinx for 5 turns
113730 | Tomb:1   | Noticed a greater mummy
113731 | Tomb:1   | Noticed a greater mummy
113897 | Tomb:1   | Killed a greater mummy
113898 | Tomb:1   | Killed a greater mummy
114150 | Tomb:2   | Noticed an ancient lich
114150 | Tomb:2   | Noticed a greater mummy
114156 | Tomb:2   | Killed an ancient lich
114157 | Tomb:2   | Killed a greater mummy
114171 | Tomb:2   | Noticed a greater mummy
114177 | Tomb:2   | Killed a greater mummy
114461 | Tomb:2   | Noticed a greater mummy
114464 | Tomb:2   | Killed a greater mummy
114592 | Tomb:2   | Reached skill level 15 in Translocations
115162 | Tomb:3   | Entered Level 3 of the Tomb of the Ancients
115182 | Tomb:3   | Noticed a greater mummy
115184 | Tomb:3   | Noticed a greater mummy
115186 | Tomb:3   | Noticed a greater mummy
115188 | Tomb:3   | Noticed a greater mummy
115188 | Tomb:3   | Noticed Khufu
115189 | Tomb:3   | Killed a greater mummy
115189 | Tomb:3   | Killed a greater mummy
115190 | Tomb:3   | Noticed a greater mummy
115191 | Tomb:3   | Killed a greater mummy
115192 | Tomb:3   | Killed a greater mummy
115193 | Tomb:3   | Killed Khufu
115193 | Tomb:3   | Noticed a greater mummy
115197 | Tomb:3   | Noticed a greater mummy
115200 | Tomb:3   | Killed a greater mummy
115200 | Tomb:3   | Killed a greater mummy
115204 | Tomb:3   | Killed a greater mummy
115498 | Tomb:3   | Got a warped copper ring
115499 | Tomb:3   | Identified the ring of the Equinox {rF- rN+ EV+1 Int+3
                  | Stlth+} (You found it on level 3 of the Tomb of the
                  | Ancients)
115603 | Tomb:3   | Got a wavering lapis lazuli ring
115604 | Tomb:3   | Identified the cursed ring "Dakygeun" {Str-3 Dex+2 Stlth+}
                  | (You found it on level 3 of the Tomb of the Ancients)
115815 | Tomb:3   | Got a golden rune of Zot
116247 | D:15     | Lost mutation: You possess an exceptional clarity of mind.
                  | [potion of mutation]
116247 | D:15     | Lost mutation: Your spells are a little easier to cast, but
                  | a little less powerful. [potion of mutation]
116247 | D:15     | Lost mutation: Your movements are slightly less encumbered
                  | by armour. (ER -2) [potion of mutation]
116247 | D:15     | Lost mutation: You have supernaturally acute eyesight.
                  | (SInv) [potion of mutation]
116247 | D:15     | Gained mutation: You are partially covered in molten
                  | scales. (AC +2) [potion of mutation]
116247 | D:15     | Gained mutation: Armour fits poorly on your strangely
                  | shaped body. [potion of mutation]
116247 | D:15     | Gained mutation: You evolve. [potion of mutation]
116252 | Zig:1    | Entered Level 1 of a ziggurat
116252 | Zig:1    | Noticed Fyhaog the pandemonium lord
116257 | Zig:1    | Killed Fyhaog the pandemonium lord
116411 | Zig:2    | Entered Level 2 of a ziggurat
116457 | Zig:3    | Entered Level 3 of a ziggurat
116481 | Zig:4    | Entered Level 4 of a ziggurat
116525 | Zig:4    | Gained mutation: You occasionally shout uncontrollably at
                  | your foes. [evolution]
116541 | Zig:5    | Entered Level 5 of a ziggurat
116580 | Zig:5    | Found the ring of the Octopus King
116589 | Zig:5    | Got a ring of the Octopus King
116590 | Zig:5    | Identified a ring of the Octopus King {AC+1 EV+1 Str+1
                  | Int+1 Dex+1 SInv} (You found it on level 5 of a ziggurat)
116594 | Zig:6    | Entered Level 6 of a ziggurat
116619 | Zig:6    | Found the +7 great mace "Firestarter" {inner flame, rF++}
116920 | Zig:7    | Entered Level 7 of a ziggurat
116927 | Zig:7    | Noticed Ohy Sopn the pandemonium lord
116933 | Zig:7    | Killed Ohy Sopn the pandemonium lord
117076 | Zig:7    | Identified the Almanac of Hurtful Intoxication
117100 | Zig:7    | Identified Advanced Steps in the Arcane Arts
117104 | Zig:8    | Entered Level 8 of a ziggurat
117113 | Zig:8    | Reached skill level 27 in Armour
117134 | Zig:8    | Got a scintillating lapis lazuli ring
117135 | Zig:8    | Identified the ring "Keva" {Wiz Int+2} (You found it on
                  | level 8 of a ziggurat)
117147 | Zig:9    | Entered Level 9 of a ziggurat
117387 | Zig:10   | Entered Level 10 of a ziggurat
117397 | Zig:10   | Found the +7 Kryia's mail coat {PotionHeal*2 rC+}
117577 | Zig:11   | Entered Level 11 of a ziggurat
117581 | Zig:11   | Noticed a greater mummy
117583 | Zig:11   | Noticed a greater mummy
117584 | Zig:11   | Noticed a greater mummy
117584 | Zig:11   | Noticed a greater mummy
117584 | Zig:11   | Noticed a greater mummy
117585 | Zig:11   | Noticed a greater mummy
117586 | Zig:11   | Killed a greater mummy
117587 | Zig:11   | Noticed an ancient lich
117587 | Zig:11   | Killed a greater mummy
117587 | Zig:11   | Killed a greater mummy
117587 | Zig:11   | Noticed a greater mummy
117588 | Zig:11   | Noticed a greater mummy
117589 | Zig:11   | Killed a greater mummy
117589 | Zig:11   | Killed a greater mummy
117589 | Zig:11   | Noticed a greater mummy
117590 | Zig:11   | Killed a greater mummy
117590 | Zig:11   | Killed a greater mummy
117590 | Zig:11   | Killed an ancient lich
117592 | Zig:11   | Killed a greater mummy
117595 | Zig:11   | Killed a greater mummy
117752 | Zig:12   | Entered Level 12 of a ziggurat
117820 | Zig:13   | Entered Level 13 of a ziggurat
117922 | Zig:13   | Got a brightly glowing bone amulet
117923 | Zig:13   | Identified the amulet "Luthug" {rC++ Regen+ Str+5 Int-4}
                  | (You found it on level 13 of a ziggurat)
117930 | Zig:13   | Got a wavering silver ring
117931 | Zig:13   | Identified the ring of the Death Scarab {Wiz rC+ MR+} (You
                  | found it on level 13 of a ziggurat)
117942 | Zig:14   | Entered Level 14 of a ziggurat
117949 | Zig:14   | Noticed a greater mummy
117949 | Zig:14   | Noticed a greater mummy
117951 | Zig:14   | Noticed a greater mummy
117951 | Zig:14   | Noticed a greater mummy
117951 | Zig:14   | Noticed a greater mummy
117951 | Zig:14   | Noticed a greater mummy
117951 | Zig:14   | Noticed a greater mummy
117951 | Zig:14   | Noticed a greater mummy
117952 | Zig:14   | Killed a greater mummy
117952 | Zig:14   | Killed a greater mummy
117952 | Zig:14   | Noticed a greater mummy
117953 | Zig:14   | Killed a greater mummy
117953 | Zig:14   | Killed a greater mummy
117953 | Zig:14   | Killed a greater mummy
117954 | Zig:14   | Killed a greater mummy
117954 | Zig:14   | Killed a greater mummy
117956 | Zig:14   | Killed a greater mummy
117956 | Zig:14   | Killed a greater mummy
117958 | Zig:14   | Noticed a greater mummy
117960 | Zig:14   | Noticed a greater mummy
117963 | Zig:14   | Reached skill level 27 in Translocations
117964 | Zig:14   | Killed a greater mummy
117965 | Zig:14   | Reached skill level 10 in Stealth
117965 | Zig:14   | Killed a greater mummy
118096 | Zig:15   | Entered Level 15 of a ziggurat
118107 | Zig:15   | Noticed a juggernaut
118109 | Zig:15   | Noticed a juggernaut
118109 | Zig:15   | Killed a juggernaut
118110 | Zig:15   | Killed a juggernaut
118111 | Zig:15   | Noticed a juggernaut
118112 | Zig:15   | Noticed a juggernaut
118112 | Zig:15   | Noticed a juggernaut
118114 | Zig:15   | Noticed a juggernaut
118116 | Zig:15   | Killed a juggernaut
118116 | Zig:15   | Reached skill level 15 in Stealth
118117 | Zig:15   | Killed a juggernaut
118117 | Zig:15   | Killed a juggernaut
118118 | Zig:15   | Killed a juggernaut
118132 | Zig:15   | Found the +7 great mace "Undeadhunter" {disrupt, rN+}
118222 | Zig:15   | Identified the Disquisition on Stones
118237 | Zig:15   | Got a smoking sapphire amulet
118238 | Zig:15   | Identified the amulet of the Bull {RegenMP Int+4} (You
                  | found it on level 15 of a ziggurat)
118255 | Zig:16   | Entered Level 16 of a ziggurat
118269 | Zig:16   | Found the +1 cloak of Starlight {rElec rC+ EV+4 Stlth--}
118329 | Zig:16   | Identified the Tome of Dislocated Lightness
118333 | Zig:16   | Got a warped brass ring
118334 | Zig:16   | Identified the ring of Pecw {rPois rF+ rC+ Int-5 SInv} (You
                  | found it on level 16 of a ziggurat)
118359 | Zig:16   | Got a faintly glowing golden ring
118360 | Zig:16   | Identified the ring "Myhoapp" {MR+ Str+2 Stlth+} (You found
                  | it on level 16 of a ziggurat)
118370 | Zig:17   | Entered Level 17 of a ziggurat
118376 | Zig:17   | Noticed an ancient lich
118377 | Zig:17   | Noticed an ancient lich
118377 | Zig:17   | Noticed an ancient lich
118377 | Zig:17   | Noticed an ancient lich
118381 | Zig:17   | Killed an ancient lich
118382 | Zig:17   | Killed an ancient lich
118382 | Zig:17   | Killed an ancient lich
118382 | Zig:17   | Killed an ancient lich
118383 | Zig:17   | Noticed an ancient lich
118383 | Zig:17   | Noticed an ancient lich
118385 | Zig:17   | Killed an ancient lich
118386 | Zig:17   | Killed an ancient lich
118386 | Zig:17   | Noticed an ancient lich
118386 | Zig:17   | Paralysed by a vampire knight for 2 turns
118388 | Zig:17   | Noticed an ancient lich
118389 | Zig:17   | Noticed an ancient lich
118390 | Zig:17   | Killed an ancient lich
118391 | Zig:17   | Killed an ancient lich
118392 | Zig:17   | Killed an ancient lich
118393 | Zig:17   | Noticed an ancient lich
118393 | Zig:17   | Noticed an ancient lich
118400 | Zig:17   | Killed an ancient lich
118400 | Zig:17   | Killed an ancient lich
118504 | Zig:17   | Identified Gyzakar's Reference Book on Doomed Shape
                  | Shifting
118515 | Zig:17   | Identified the Grimoire of Transmutation
118539 | Zig:18   | Entered Level 18 of a ziggurat
118555 | Zig:18   | Identified the +1 buckler of the Other World {rC+}
118556 | Zig:18   | Reached skill level 27 in Stealth
118557 | Zig:18   | Noticed Waterchiu the pandemonium lord
118576 | Zig:18   | Killed Waterchiu the pandemonium lord
118616 | Zig:18   | Reached skill level 15 in Throwing
118826 | Zig:18   | Found the ring of the Octopus King
118833 | Zig:18   | Got a ring of the Octopus King
118834 | Zig:18   | Identified a ring of the Octopus King {rN+ AC+1 EV+1 Str+1
                  | Int+1 Dex+1} (You found it on level 18 of a ziggurat)
118839 | Zig:18   | Got a glittering glass ring
118840 | Zig:18   | Identified the ring of the Firefly {MR+ Slay+3} (You found
                  | it on level 18 of a ziggurat)
118863 | Zig:19   | Entered Level 19 of a ziggurat
118932 | Zig:19   | Found the ring of Phasing {EV+8}
118934 | Zig:19   | Found the +8 trident of the Octopus King {venom, rElec
                  | rPois MR+}
118952 | Zig:19   | Got a flickering bronze ring
118953 | Zig:19   | Identified the ring "Feydopur" {rElec rPois Int+3} (You
                  | found it on level 19 of a ziggurat)
118976 | Zig:19   | Identified the Tome of Quantum Stones
118996 | Zig:20   | Entered Level 20 of a ziggurat
119012 | Zig:20   | Gained mutation: You are frail. (-10% HP) [mutagenic glow]
119177 | Zig:20   | Lost mutation: Armour fits poorly on your strangely shaped
                  | body. [potion of mutation]
119177 | Zig:20   | Lost mutation: You are partially covered in icy blue
                  | scales. (AC +2) [potion of mutation]
119177 | Zig:20   | Lost mutation: You evolve. [potion of mutation]
119177 | Zig:20   | Gained mutation: Scrolls take you a little longer to read.
                  | [potion of mutation]
119177 | Zig:20   | Gained mutation: Your movements are slightly less
                  | encumbered by armour. (ER -2) [potion of mutation]
119178 | Zig:20   | Lost mutation: You have a pair of small horns on your head.
                  | [potion of mutation]
119178 | Zig:20   | Lost mutation: You are partially covered in iridescent
                  | scales. (AC +2) [potion of mutation]
119178 | Zig:20   | Lost mutation: You are frail. (-10% HP) [potion of
                  | mutation]
119178 | Zig:20   | Lost mutation: You occasionally shout uncontrollably at
                  | your foes. [potion of mutation]
119178 | Zig:20   | Gained mutation: Your spells are a little harder to cast,
                  | but a little more powerful. [potion of mutation]
119178 | Zig:20   | Gained mutation: Your mind is acute. (Int +2) [potion of
                  | mutation]
119178 | Zig:20   | Gained mutation: You are somewhat resistant to further
                  | mutation. [potion of mutation]
119179 | Zig:20   | Lost mutation: Your mind is acute. (Int +2) [potion of
                  | mutation]
119179 | Zig:20   | Lost mutation: Scrolls take you a little longer to read.
                  | [potion of mutation]
119179 | Zig:20   | Lost mutation: You are somewhat resistant to further
                  | mutation. [potion of mutation]
119179 | Zig:20   | Gained mutation: You are mostly covered in molten scales.
                  | (AC +3) [potion of mutation]
119229 | Zig:20   | Got a glittering lapis lazuli ring
119230 | Zig:20   | Identified the ring of Omuju {Wiz MR+} (You found it on
                  | level 20 of a ziggurat)
119248 | Zig:20   | Identified the Reference Book on the Mountains and Unholy
                  | Magic
119251 | Zig:20   | Identified the +1 helmet of Hinoagg {*Corrode Int+5 SInv}
                  | (You found it on level 20 of a ziggurat)
119267 | Zig:21   | Entered Level 21 of a ziggurat
119302 | Zig:21   | Paralysed by a floating eye for 3 turns
119333 | Zig:21   | Got a flickering tin ring
119334 | Zig:21   | Identified the ring "Boeps" {rCorr Int+4} (You found it on
                  | level 21 of a ziggurat)
119368 | Zig:21   | Identified the Papyrus of the Foremost Coins
119387 | Zig:22   | Entered Level 22 of a ziggurat
119471 | Zig:22   | Found the +6 shillelagh "Devastator" {shatter}
119473 | Zig:22   | Found the +6 arbalest "Damnation" {damnation}
119500 | Zig:22   | Got a serpentine steel ring
119501 | Zig:22   | Identified the ring "Xosughur" {rF+ rC++} (You found it on
                  | level 22 of a ziggurat)
119512 | Zig:22   | Got a coiled golden ring
119513 | Zig:22   | Identified the ring "Herph" {rPois MR+ Int+4} (You found it
                  | on level 22 of a ziggurat)
119541 | Zig:22   | Got a twitching brass ring
119542 | Zig:22   | Identified the ring of the Archfiend {Str-5 Int+5 Stlth+}
                  | (You found it on level 22 of a ziggurat)
119545 | Zig:22   | Identified the cursed +0 cloak "Itakehao" {rC- rN+ MR+
                  | rCorr} (You found it on level 22 of a ziggurat)
119552 | Zig:23   | Entered Level 23 of a ziggurat
119560 | Zig:23   | Reached skill level 27 in Throwing
119560 | Zig:23   | Reached skill level 1 in Staves
119560 | Zig:23   | Reached skill level 5 in Staves
119561 | Zig:23   | Reached skill level 10 in Staves
119617 | Zig:23   | Reached skill level 15 in Staves
119665 | Zig:23   | Found the +2 Maxwell's thermic engine {flame, freeze}
119698 | Zig:23   | Identified Sif Muna's Almanac of Intoxication
119706 | Zig:23   | Got a vibrating ivory ring
119707 | Zig:23   | Identified the ring of the Endless Expanse {+Fly rN+ MR+++
                  | Str+3 Dex-4} (You found it on level 23 of a ziggurat)
119725 | Zig:23   | Identified the +2 robe of the Endless Expanse {rElec rPois}
                  | (You found it on level 23 of a ziggurat)
119730 | Zig:23   | Identified the cursed +0 pair of boots of the Failed Coup
                  | {rElec rC++ Dex-4 Slay+5} (You found it on level 23 of a
                  | ziggurat)
119754 | Zig:24   | Entered Level 24 of a ziggurat
120042 | Zig:24   | Identified the Volume of Translocation
120049 | Zig:24   | Got a shimmering amber ring
120050 | Zig:24   | Identified the ring of Suspected Treachery {+Fly rF- rN+
                  | MP+9 Dex+4} (You found it on level 24 of a ziggurat)
120293 | Zig:25   | Entered Level 25 of a ziggurat
120475 | Zig:25   | Got a faintly glowing wooden ring
120476 | Zig:25   | Identified the ring "Zynietoe" {Fire *Contam MP+9 Str+4
                  | Stlth+} (You found it on level 25 of a ziggurat)
120509 | Zig:25   | Got a smoking jade ring
120510 | Zig:25   | Identified the ring "Luxuin" {*Contam +Inv rC+++ MR+ Str+4}
                  | (You found it on level 25 of a ziggurat)
120521 | Zig:26   | Entered Level 26 of a ziggurat
120540 | Zig:26   | Noticed an ancient lich
120543 | Zig:26   | Noticed an ancient lich
120543 | Zig:26   | Noticed an ancient lich
120544 | Zig:26   | Killed an ancient lich
120546 | Zig:26   | Killed an ancient lich
120546 | Zig:26   | Killed an ancient lich
120546 | Zig:26   | Noticed an ancient lich
120548 | Zig:26   | Killed an ancient lich
120555 | Zig:26   | Reached skill level 27 in Staves
120555 | Zig:26   | Reached skill level 1 in Short Blades
120555 | Zig:26   | Reached skill level 1 in Long Blades
120556 | Zig:26   | Reached skill level 5 in Short Blades
120556 | Zig:26   | Reached skill level 5 in Long Blades
120558 | Zig:26   | Noticed an ancient lich
120560 | Zig:26   | Killed an ancient lich
120563 | Zig:26   | Reached skill level 10 in Short Blades
120563 | Zig:26   | Reached skill level 10 in Long Blades
120655 | Zig:26   | Identified the +0 pair of gloves "Oduylilu" {rElec} (You
                  | found it on level 26 of a ziggurat)
120705 | Zig:27   | Entered Level 27 of a ziggurat
120746 | Zig:27   | Reached skill level 15 in Long Blades
120761 | Zig:27   | Found the +8 autumn katana {slice, Clar}
120964 | Zig:27   | Identified Ninlutaz's Handbook of Evil Rituals and
                  | Protection
120969 | Zig:27   | Identified the Handbook of Earthen Malediction
120975 | Zig:27   | Identified the +0 pair of gloves of Anarchy {+Blink rF-
                  | Dex+6} (You found it on level 27 of a ziggurat)
120980 | Zig:27   | Got a coiled bronze ring
120983 | Zig:27   | Identified the ring "Piecing" {MR+ Stlth+} (You found it on
                  | level 27 of a ziggurat)
120990 | Zig:27   | Identified the Almanac of Attacks
120992 | Zig:27   | Identified Sif Muna's Grimoire of Creative Glamour
121000 | Zig:27   | Got a glittering garnet amulet
121001 | Zig:27   | Identified the amulet "Diull" {Regen+ Str+5} (You found it
                  | on level 27 of a ziggurat)
121016 | Zig:27   | Got a flickering bone ring
121019 | Zig:27   | Identified the ring "Wixkurch" {-Tele +Fly rC- Dex+9} (You
                  | found it on level 27 of a ziggurat)
121021 | Zig:27   | Identified Jeryo's Almanac of Damaging Unholy Magic
121035 | Zig:27   | Got a sparkling lapis lazuli ring
121036 | Zig:27   | Identified the ring of Monotheism {Ice *Drain rElec rN+++
                  | Stlth+} (You found it on level 27 of a ziggurat)
121197 | Zig:1    | Entered Level 1 of a ziggurat
121201 | Zig:1    | Reached skill level 1 in Unarmed Combat
121260 | Zig:2    | Entered Level 2 of a ziggurat
121419 | Zig:3    | Entered Level 3 of a ziggurat
121419 | Zig:3    | Noticed Istruviga the pandemonium lord
121423 | Zig:3    | Killed Istruviga the pandemonium lord
121423 | Zig:3    | Reached skill level 5 in Unarmed Combat
121426 | Zig:3    | Noticed Koiwn the pandemonium lord
121427 | Zig:3    | Killed Koiwn the pandemonium lord
121451 | Zig:3    | Identified the +1 helmet of the Devil's Advocate {*Drain
                  | rF+ Str+3 Int+3} (You found it on level 3 of a ziggurat)
121463 | Zig:4    | Entered Level 4 of a ziggurat
121470 | Zig:4    | Noticed Pumiof the pandemonium lord
121475 | Zig:4    | Killed Pumiof the pandemonium lord
121719 | Zig:5    | Entered Level 5 of a ziggurat
121770 | Zig:6    | Entered Level 6 of a ziggurat
121784 | Zig:6    | Reached skill level 10 in Unarmed Combat
121785 | Zig:6    | Reached skill level 10 in Transmutations
121839 | Zig:7    | Entered Level 7 of a ziggurat
122054 | Zig:8    | Entered Level 8 of a ziggurat
122064 | Zig:8    | Noticed Etagaur the pandemonium lord
122071 | Zig:8    | Killed Etagaur the pandemonium lord
122249 | Zig:8    | Identified Oczit's Almanac of Enchanting Summoning
122255 | Zig:8    | Got a transparent golden amulet
122256 | Zig:8    | Identified the amulet of the Past {Inacc rElec} (You found
                  | it on level 8 of a ziggurat)
122302 | Zig:9    | Entered Level 9 of a ziggurat
122321 | Zig:9    | Reached skill level 15 in Unarmed Combat
122333 | Zig:9    | Found the +2 robe of Vines {NoPotionHeal Regen+7}
122372 | Zig:9    | Got a wavering amber ring
122377 | Zig:9    | Identified the ring of Trog's Vengeance {Fire rN+ MR-
                  | Dex+2} (You found it on level 9 of a ziggurat)
122399 | Zig:9    | Got a vibrating brass amulet
122400 | Zig:9    | Identified the amulet "Cuig" {Acrobat Slay+3} (You found it
                  | on level 9 of a ziggurat)
122616 | Zig:10   | Entered Level 10 of a ziggurat
122619 | Zig:10   | Noticed an ancient lich
122619 | Zig:10   | Noticed an ancient lich
122620 | Zig:10   | Noticed an ancient lich
122622 | Zig:10   | Killed an ancient lich
122622 | Zig:10   | Killed an ancient lich
122622 | Zig:10   | Killed an ancient lich
122623 | Zig:10   | Noticed an ancient lich
122625 | Zig:10   | Noticed an ancient lich
122625 | Zig:10   | Noticed an ancient lich
122626 | Zig:10   | Reached skill level 15 in Transmutations
122627 | Zig:10   | Killed an ancient lich
122627 | Zig:10   | Killed an ancient lich
122628 | Zig:10   | Killed an ancient lich
122683 | Zig:10   | Got a fine steel ring
122684 | Zig:10   | Identified Cowuuwki's Grimoire of Fiery Companions
122687 | Zig:10   | Identified the ring "Cipsuc" {rF+ rC- Str+5} (You found it
                  | on level 10 of a ziggurat)
122692 | Zig:10   | Got a transparent jade ring
122693 | Zig:10   | Identified the ring "Nisil" {rElec Int+4} (You found it on
                  | level 10 of a ziggurat)
122738 | Zig:11   | Entered Level 11 of a ziggurat
122742 | Zig:11   | Noticed a juggernaut
122743 | Zig:11   | Noticed a juggernaut
122743 | Zig:11   | Noticed a juggernaut
122744 | Zig:11   | Killed a juggernaut
122744 | Zig:11   | Killed a juggernaut
122747 | Zig:11   | Killed a juggernaut
122748 | Zig:11   | Noticed a juggernaut
122753 | Zig:11   | Killed a juggernaut
122797 | Zig:11   | Identified the Incunabulum of the Freezing Rocks
122855 | Zig:12   | Entered Level 12 of a ziggurat
122903 | Zig:12   | Found the -2 hat of the Alchemist {rElec rPois rF+ rC+ rN+
                  | MR+ rMut rCorr}
123038 | Zig:13   | Entered Level 13 of a ziggurat
123108 | Zig:13   | Identified The Second Course in Spellcraft
123111 | Zig:14   | Entered Level 14 of a ziggurat
123116 | Zig:14   | Noticed Fuolo the pandemonium lord
123116 | Zig:14   | Noticed Duogiczi the pandemonium lord
123118 | Zig:14   | Killed Fuolo the pandemonium lord
123118 | Zig:14   | Noticed Berghisets the pandemonium lord
123118 | Zig:14   | Noticed Qatan the pandemonium lord
123118 | Zig:14   | Noticed Xyucw the pandemonium lord
123119 | Zig:14   | Noticed Jedgh the pandemonium lord
123119 | Zig:14   | Noticed Fathof the pandemonium lord
123120 | Zig:14   | Killed Duogiczi the pandemonium lord
123120 | Zig:14   | Noticed Feedeung the pandemonium lord
123121 | Zig:14   | Noticed Iriczari the pandemonium lord
123122 | Zig:14   | Noticed Mowu the pandemonium lord
123123 | Zig:14   | Noticed Zounapp the pandemonium lord
123123 | Zig:14   | Killed Berghisets the pandemonium lord
123123 | Zig:14   | Killed Xyucw the pandemonium lord
123123 | Zig:14   | Noticed Sais Ashru the pandemonium lord
123123 | Zig:14   | Noticed Iryttegg the pandemonium lord
123123 | Zig:14   | Killed Qatan the pandemonium lord
123124 | Zig:14   | Killed Jedgh the pandemonium lord
123124 | Zig:14   | Noticed Dixecwoj the pandemonium lord
123124 | Zig:14   | Noticed Seosaer the pandemonium lord
123125 | Zig:14   | Noticed Jutymo the pandemonium lord
123126 | Zig:14   | Killed Feedeung the pandemonium lord
123126 | Zig:14   | Noticed Jirchin the pandemonium lord
123127 | Zig:14   | Noticed Mobeohiw the pandemonium lord
123127 | Zig:14   | Killed Fathof the pandemonium lord
123127 | Zig:14   | Killed Zounapp the pandemonium lord
123127 | Zig:14   | Killed Iryttegg the pandemonium lord
123127 | Zig:14   | Killed Mowu the pandemonium lord
123127 | Zig:14   | Noticed Juckaf the pandemonium lord
123128 | Zig:14   | Noticed Ixaafapn the pandemonium lord
123128 | Zig:14   | Killed Seosaer the pandemonium lord
123128 | Zig:14   | Killed Iriczari the pandemonium lord
123131 | Zig:14   | Killed Ixaafapn the pandemonium lord
123131 | Zig:14   | Killed Juckaf the pandemonium lord
123132 | Zig:14   | Killed Jutymo the pandemonium lord
123133 | Zig:14   | Killed Sais Ashru the pandemonium lord
123133 | Zig:14   | Killed Dixecwoj the pandemonium lord
123135 | Zig:14   | Noticed Sirghevu the pandemonium lord
123137 | Zig:14   | Noticed Sown the pandemonium lord
123139 | Zig:14   | Killed Mobeohiw the pandemonium lord
123139 | Zig:14   | Killed Jirchin the pandemonium lord
123140 | Zig:14   | Killed Sirghevu the pandemonium lord
123141 | Zig:14   | Noticed Mapir the pandemonium lord
123145 | Zig:14   | Killed Mapir the pandemonium lord
123145 | Zig:14   | Noticed Ozith the pandemonium lord
123146 | Zig:14   | Killed Sown the pandemonium lord
123146 | Zig:14   | Killed Abavemn the pandemonium lord
123155 | Zig:14   | Killed Ozith the pandemonium lord
123314 | Zig:14   | Found the ring of Shadows {Umbra +Inv Stlth+}
123355 | Zig:15   | Entered Level 15 of a ziggurat
123356 | Zig:15   | Noticed a juggernaut
123356 | Zig:15   | Noticed a juggernaut
123356 | Zig:15   | Noticed a juggernaut
123357 | Zig:15   | Noticed a juggernaut
123357 | Zig:15   | Killed a juggernaut
123357 | Zig:15   | Killed a juggernaut
123357 | Zig:15   | Noticed a juggernaut
123358 | Zig:15   | Killed a juggernaut
123358 | Zig:15   | Killed a juggernaut
123360 | Zig:15   | Noticed a juggernaut
123360 | Zig:15   | Noticed a juggernaut
123364 | Zig:15   | Killed a juggernaut
123364 | Zig:15   | Killed a juggernaut
123365 | Zig:15   | Killed a juggernaut
123451 | Zig:15   | Identified the Incunabulum of Confrontation and Good Luck
123465 | Zig:16   | Entered Level 16 of a ziggurat
123466 | Zig:16   | Noticed an ancient lich
123467 | Zig:16   | Noticed an ancient lich
123467 | Zig:16   | Noticed an ancient lich
123467 | Zig:16   | Noticed an ancient lich
123467 | Zig:16   | Noticed an ancient lich
123468 | Zig:16   | Killed an ancient lich
123468 | Zig:16   | Noticed an ancient lich
123469 | Zig:16   | Killed an ancient lich
123469 | Zig:16   | Killed an ancient lich
123469 | Zig:16   | Killed an ancient lich
123469 | Zig:16   | Noticed an ancient lich
123470 | Zig:16   | Killed an ancient lich
123470 | Zig:16   | Noticed an ancient lich
123471 | Zig:16   | Killed an ancient lich
123471 | Zig:16   | Killed an ancient lich
123471 | Zig:16   | Noticed an ancient lich
123474 | Zig:16   | Killed an ancient lich
123475 | Zig:16   | Noticed an ancient lich
123477 | Zig:16   | Killed an ancient lich
123478 | Zig:16   | Killed an ancient lich
123491 | Zig:16   | Found the +10 morningstar "Eos" {elec, Halo rElec}
123505 | Zig:16   | Got an ancient lead ring
123506 | Zig:16   | Identified the ring "Ochymeex" {+Inv MR+ Int+3 Stlth+} (You
                  | found it on level 16 of a ziggurat)
123538 | Zig:16   | Identified the Reference Book on Fiery Transmigration
123540 | Zig:16   | Got a scorched sapphire amulet
123541 | Zig:16   | Identified the amulet of the Traitor {Reflect rElec rC- rN+
                  | Str+8 SH+2} (You found it on level 16 of a ziggurat)
123550 | Zig:17   | Entered Level 17 of a ziggurat
123557 | Zig:17   | Found the +3 hat of Pondering {ponderous, MR+ MP+10 Int+5}
123598 | Zig:17   | Got a heavily runed bone ring
123599 | Zig:17   | Identified the ring "Werumpeu" {+Fly Str+5} (You found it
                  | on level 17 of a ziggurat)
123629 | Zig:17   | Got a brightly glowing steel ring
123630 | Zig:17   | Identified the ring "Bebath" {rC+ Str+3} (You found it on
                  | level 17 of a ziggurat)
123646 | Zig:17   | Identified the Incunabulum of Dislocation
123807 | Zig:18   | Entered Level 18 of a ziggurat
123814 | Zig:18   | Reached skill level 27 in Unarmed Combat
124135 | Zig:18   | Got a translucent tin ring
124136 | Zig:18   | Identified the ring "Tyntoq" {rPois MP+9 Str+4 Slay-5} (You
                  | found it on level 18 of a ziggurat)
124175 | Zig:19   | Entered Level 19 of a ziggurat
124192 | Zig:19   | Reached skill level 15 in Short Blades
124192 | Zig:19   | Reached skill level 27 in Maces & Flails
124377 | Zig:19   | Identified the Almanac of the Escort and Flight
124389 | Zig:20   | Entered Level 20 of a ziggurat
124392 | Zig:20   | Noticed a juggernaut
124392 | Zig:20   | Noticed a juggernaut
124392 | Zig:20   | Noticed a juggernaut
124394 | Zig:20   | Killed a juggernaut
124394 | Zig:20   | Killed a juggernaut
124396 | Zig:20   | Killed a juggernaut
124397 | Zig:20   | Noticed a juggernaut
124399 | Zig:20   | Noticed a juggernaut
124401 | Zig:20   | Killed a juggernaut
124402 | Zig:20   | Noticed a juggernaut
124405 | Zig:20   | Killed a juggernaut
124408 | Zig:20   | Killed a juggernaut
124434 | Zig:20   | Found the +5 robe of Misfortune {*Contam Harm *Corrode
                  | *Drain *Slow EV+5}
124435 | Zig:20   | Found the ring of the Octopus King
124435 | Zig:20   | Found the +8 longbow "Zephyr" {speed, Dex+3 SInv}
124453 | Zig:20   | Found the +5 robe of Night {Dark MR+ SInv}
124453 | Zig:20   | Got a steaming brass amulet
124454 | Zig:20   | Identified the amulet of Yesterday {rPois Regen+ Dex+3}
                  | (You found it on level 20 of a ziggurat)
124474 | Zig:20   | Got a ring of the Octopus King
124533 | Zig:21   | Entered Level 21 of a ziggurat
124537 | Zig:21   | Reached skill level 27 in Transmutations
124537 | Zig:21   | Reached skill level 1 in Axes
124537 | Zig:21   | Reached skill level 1 in Slings
124537 | Zig:21   | Reached skill level 5 in Axes
124537 | Zig:21   | Reached skill level 5 in Slings
124540 | Zig:21   | Reached skill level 10 in Axes
124540 | Zig:21   | Reached skill level 10 in Slings
124563 | Zig:21   | Found the +12 glaive of Prune {chop}
124563 | Zig:21   | Found the ring of the Octopus King
124622 | Zig:21   | Identified the Volume of Hurtful Black Secrets
124632 | Zig:22   | Entered Level 22 of a ziggurat
124718 | Zig:22   | Got a crude platinum ring
124719 | Zig:22   | Identified the ring "Osizat" {rCorr Dex+4} (You found it on
                  | level 22 of a ziggurat)
124728 | Zig:22   | Got a pitted bronze ring
124730 | Zig:22   | Identified the ring "Veawk" {rElec Str+8 SInv} (You found
                  | it on level 22 of a ziggurat)
124758 | Zig:22   | Got a shimmering tin amulet
124759 | Zig:22   | Identified the amulet "Forget-Me-Not" {RegenMP rPois rF+
                  | Int+5 Dex+3} (You found it on level 22 of a ziggurat)
124761 | Zig:22   | Identified Sif Muna's Papyrus of the Rocks
124951 | Zig:23   | Entered Level 23 of a ziggurat
124971 | Zig:23   | Gained mutation: Armour fits poorly on your strangely
                  | shaped body. [a shining eye]
125130 | Zig:23   | Found the +6 lightning scales {run, rElec}
125131 | Zig:23   | Found the +8 Wrath of Trog {antimagic, *Rage}
125173 | Zig:23   | Identified the Papyrus of Attacks
125185 | Zig:23   | Identified Durashraly's Compendium of Gliding Clay
125194 | Zig:24   | Entered Level 24 of a ziggurat
125211 | Zig:24   | Identified the +2 buckler "Kaenadusch" {Dex+3}
125218 | Zig:24   | Identified the +2 buckler "Wugaph" {rF++ rN++ Dex-2}
125355 | Zig:24   | Reached skill level 27 in Long Blades
125398 | Zig:25   | Entered Level 25 of a ziggurat
125415 | Zig:25   | Found the +8 frozen axe "Frostbite" {freezing cloud, *Noise
                  | +Fly rC+}
125441 | Zig:25   | Found the amulet of the Four Winds {rN+ MR+++ Clar}
125443 | Zig:25   | Got a clouded jade ring
125447 | Zig:25   | Identified the ring of Qemeb {Ice MR+ SInv} (You found it
                  | on level 25 of a ziggurat)
125484 | Zig:25   | Identified the Collected Works on Ashen Intoxication
125505 | Zig:25   | Got a clouded sapphire amulet
125507 | Zig:25   | Identified the amulet "Luageoma" {Faith rC+ Int+3} (You
                  | found it on level 25 of a ziggurat)
125517 | Zig:25   | Identified the +1 buckler of Exclusion {MR++ Str+3 Dex-3}
                  | (You found it on level 25 of a ziggurat)
125618 | Zig:26   | Entered Level 26 of a ziggurat
125631 | Zig:26   | Reached skill level 10 in Bows
125640 | Zig:26   | Paralysed by accursed screaming for 2 turns
125648 | Zig:26   | Reached skill level 15 in Bows
125656 | Zig:26   | Noticed an ancient lich
125658 | Zig:26   | Killed an ancient lich
125737 | Zig:26   | Identified Plog's Introduction to Hermeneutics
125767 | Zig:26   | Identified the Papyrus of Necromancy and Envenoming
125868 | Zig:27   | Entered Level 27 of a ziggurat
125898 | Zig:27   | Found the +2 hat of the Bear Spirit {Spirit, +Rage rN+
                  | MR++}
125921 | Zig:27   | Found the ring of the Octopus King
125922 | Zig:27   | Got a heavily runed tin ring
125923 | Zig:27   | Identified the ring "Kenlag" {rElec EV+3} (You found it on
                  | level 27 of a ziggurat)
125947 | Zig:27   | Identified Ucvumpogh's Handbook of Dislocated Confrontation
125966 | Zig:27   | Got a slimy lapis lazuli ring
125967 | Zig:27   | Identified the ring of Wocer {rN+ EV+3 Int+3 Slay-4} (You
                  | found it on level 27 of a ziggurat)
125974 | Zig:27   | Got a vibrating jade ring
125975 | Zig:27   | Identified the ring "Uliwol" {*Tele rF+ rN+ MP+9 Int-3}
                  | (You found it on level 27 of a ziggurat)
125981 | Zig:27   | Identified the cursed -9 large shield of Kindness {-Tele
                  | rC++ Int+6} (You found it on level 27 of a ziggurat)
125986 | Zig:27   | Identified the Disquisition on Evil and Air
125996 | Zig:27   | Got a ring of the Octopus King
126013 | D:15     | Upgraded the game from 0.24-a0-581-gc0fa6600bf to
                  | 0.24-a0-582-g4d4af813a0
126030 | Zig:1    | Entered Level 1 of a ziggurat
126072 | Zig:2    | Entered Level 2 of a ziggurat
126072 | Zig:2    | Noticed a greater mummy
126076 | Zig:2    | Killed a greater mummy
126135 | Zig:3    | Entered Level 3 of a ziggurat
126181 | Zig:3    | Got a steaming turquoise ring
126188 | Zig:3    | Identified the ring "Tiwkic" {rN+ MR- Dex+2 Slay+2 SInv}
                  | (You found it on level 3 of a ziggurat)
126199 | Zig:4    | Entered Level 4 of a ziggurat
126204 | Zig:4    | Noticed Nebeing the pandemonium lord
126209 | Zig:4    | Killed Nebeing the pandemonium lord
126370 | Zig:5    | Entered Level 5 of a ziggurat
126621 | Zig:5    | Got a warped brass ring
126622 | Zig:5    | Identified the cursed ring "Ephel" {+Inv +Fly MP-9 Int-2
                  | Dex+4} (You found it on level 5 of a ziggurat)
126635 | Zig:6    | Entered Level 6 of a ziggurat
126725 | Zig:6    | Got a vibrating tin ring
126726 | Zig:6    | Identified the ring "Kuabic" {rF+ rN++ MR+ Int-3 SInv} (You
                  | found it on level 6 of a ziggurat)
126734 | Zig:7    | Entered Level 7 of a ziggurat
126815 | Zig:8    | Entered Level 8 of a ziggurat
126819 | Zig:8    | Noticed Kafamm the pandemonium lord
126820 | Zig:8    | Noticed Evug the pandemonium lord
126822 | Zig:8    | Killed Pudyoxti the pandemonium lord
126824 | Zig:8    | Killed Kafamm the pandemonium lord
126824 | Zig:8    | Noticed Neygur the pandemonium lord
126826 | Zig:8    | Killed Evug the pandemonium lord
126826 | Zig:8    | Noticed Poirisab the pandemonium lord
126828 | Zig:8    | Noticed Momell the pandemonium lord
126828 | Zig:8    | Killed Neygur the pandemonium lord
126828 | Zig:8    | Noticed Arueqor the pandemonium lord
126828 | Zig:8    | Noticed Zatilelo the pandemonium lord
126829 | Zig:8    | Killed Fiosch the pandemonium lord
126830 | Zig:8    | Killed Poirisab the pandemonium lord
126831 | Zig:8    | Killed Zatilelo the pandemonium lord
126832 | Zig:8    | Noticed Lerghurch the pandemonium lord
126833 | Zig:8    | Killed Arueqor the pandemonium lord
126833 | Zig:8    | Killed Momell the pandemonium lord
126834 | Zig:8    | Noticed Qoefiset the pandemonium lord
126835 | Zig:8    | Killed Qoefiset the pandemonium lord
126840 | Zig:8    | Killed Lerghurch the pandemonium lord
126926 | Zig:8    | Got a crude pewter ring
126927 | Zig:8    | Identified the ring "Tem Jis" {rN+ Str-5 Dex+5} (You found
                  | it on level 8 of a ziggurat)
126937 | Zig:9    | Entered Level 9 of a ziggurat
126940 | Zig:9    | Noticed an ancient lich
126941 | Zig:9    | Noticed an ancient lich
126944 | Zig:9    | Killed an ancient lich
126945 | Zig:9    | Killed an ancient lich
127035 | Zig:10   | Entered Level 10 of a ziggurat
127225 | Zig:11   | Entered Level 11 of a ziggurat
127259 | Zig:11   | Identified the Reference Book on the Oath
127274 | Zig:11   | Identified the Handbook of Vitriolic Good Luck
127463 | Zig:12   | Entered Level 12 of a ziggurat
127466 | Zig:12   | Noticed a juggernaut
127466 | Zig:12   | Noticed a juggernaut
127466 | Zig:12   | Noticed a juggernaut
127466 | Zig:12   | Noticed a juggernaut
127467 | Zig:12   | Killed a juggernaut
127467 | Zig:12   | Killed a juggernaut
127467 | Zig:12   | Noticed a juggernaut
127469 | Zig:12   | Killed a juggernaut
127469 | Zig:12   | Killed a juggernaut
127470 | Zig:12   | Noticed a juggernaut
127470 | Zig:12   | Noticed a juggernaut
127471 | Zig:12   | Noticed a juggernaut
127472 | Zig:12   | Killed a juggernaut
127476 | Zig:12   | Killed a juggernaut
127476 | Zig:12   | Killed a juggernaut
127478 | Zig:12   | Killed a juggernaut
127563 | Zig:12   | Identified the Tome of the Entrancing Rocks
127568 | Zig:13   | Entered Level 13 of a ziggurat
127914 | Zig:14   | Entered Level 14 of a ziggurat
127926 | Zig:14   | Found the +3 robe of Folly {Archmagi, MR-- Int+5}
127967 | Zig:14   | Identified the Handbook of Snow
127985 | Zig:14   | Identified the Catalogue of Flamy Earth
128006 | Zig:14   | Identified the Collected Works on Blistering Poison
128020 | Zig:14   | Got a crude brass ring
128021 | Zig:14   | Identified the ring "Igir" {rC+ rN+ Str-2 Int+4} (You found
                  | it on level 14 of a ziggurat)
128029 | Zig:15   | Entered Level 15 of a ziggurat
128161 | Zig:15   | Got a crude brass ring
128165 | Zig:15   | Got a scintillating steel ring
128166 | Zig:15   | Identified the ring of Liberty {rPois AC+3} (You found it
                  | on level 15 of a ziggurat)
128168 | Zig:15   | Identified the ring of Amelioration {rElec MR+ Dex+2
                  | Stlth+} (You found it on level 15 of a ziggurat)
128210 | Zig:15   | Got a flickering zirconium amulet
128212 | Zig:15   | Identified the amulet of Tivvese {Faith rC+ Int-3 Stlth+}
                  | (You found it on level 15 of a ziggurat)
128220 | Zig:16   | Entered Level 16 of a ziggurat
128266 | Zig:16   | Noticed Birul the pandemonium lord
128283 | Zig:16   | Killed Birul the pandemonium lord
128419 | Zig:16   | Found the +4 robe of Augmentation {Str+4 Int+4 Dex+4}
128479 | Zig:16   | Got a slimy lapis lazuli ring
128480 | Zig:16   | Identified the ring of Agnosticism {Str+2 Int+6} (You found
                  | it on level 16 of a ziggurat)
128504 | Zig:16   | Reached skill level 27 in Axes
128507 | Zig:16   | Got a bound turquoise ring
128508 | Zig:16   | Identified the ring of Xom's Fair Game {+Fly MP+9 Str-5
                  | SInv} (You found it on level 16 of a ziggurat)
128518 | Zig:17   | Entered Level 17 of a ziggurat
128521 | Zig:17   | Noticed a greater mummy
128523 | Zig:17   | Noticed a greater mummy
128523 | Zig:17   | Noticed a greater mummy
128523 | Zig:17   | Noticed a greater mummy
128523 | Zig:17   | Noticed a greater mummy
128523 | Zig:17   | Noticed a greater mummy
128523 | Zig:17   | Noticed a greater mummy
128523 | Zig:17   | Noticed a greater mummy
128523 | Zig:17   | Noticed a greater mummy
128523 | Zig:17   | Noticed a greater mummy
128523 | Zig:17   | Noticed a greater mummy
128523 | Zig:17   | Noticed a greater mummy
128524 | Zig:17   | Killed a greater mummy
128524 | Zig:17   | Killed a greater mummy
128524 | Zig:17   | Noticed a greater mummy
128524 | Zig:17   | Noticed a greater mummy
128525 | Zig:17   | Killed a greater mummy
128525 | Zig:17   | Killed a greater mummy
128525 | Zig:17   | Killed a greater mummy
128525 | Zig:17   | Killed a greater mummy
128525 | Zig:17   | Killed a greater mummy
128525 | Zig:17   | Killed a greater mummy
128525 | Zig:17   | Killed a greater mummy
128525 | Zig:17   | Killed a greater mummy
128525 | Zig:17   | Killed a greater mummy
128525 | Zig:17   | Noticed a greater mummy
128525 | Zig:17   | Noticed a greater mummy
128526 | Zig:17   | Noticed a greater mummy
128526 | Zig:17   | Noticed a greater mummy
128526 | Zig:17   | Noticed a greater mummy
128526 | Zig:17   | Noticed a greater mummy
128526 | Zig:17   | Noticed a greater mummy
128526 | Zig:17   | Noticed a greater mummy
128526 | Zig:17   | Killed a greater mummy
128526 | Zig:17   | Killed a greater mummy
128526 | Zig:17   | Noticed a greater mummy
128526 | Zig:17   | Noticed a greater mummy
128527 | Zig:17   | Killed a greater mummy
128527 | Zig:17   | Killed a greater mummy
128527 | Zig:17   | Killed a greater mummy
128527 | Zig:17   | Killed a greater mummy
128528 | Zig:17   | Killed a greater mummy
128528 | Zig:17   | Killed a greater mummy
128528 | Zig:17   | Killed a greater mummy
128528 | Zig:17   | Killed a greater mummy
128528 | Zig:17   | Killed a greater mummy
128528 | Zig:17   | Noticed a greater mummy
128529 | Zig:17   | Killed a greater mummy
128529 | Zig:17   | Killed a greater mummy
128529 | Zig:17   | Noticed a greater mummy
128529 | Zig:17   | Noticed a greater mummy
128533 | Zig:17   | Killed a greater mummy
128533 | Zig:17   | Killed a greater mummy
128533 | Zig:17   | Killed a greater mummy
128533 | Zig:17   | Noticed a greater mummy
128533 | Zig:17   | Noticed a greater mummy
128534 | Zig:17   | Noticed a greater mummy
128535 | Zig:17   | Killed a greater mummy
128535 | Zig:17   | Noticed a greater mummy
128535 | Zig:17   | Noticed a greater mummy
128536 | Zig:17   | Killed a greater mummy
128536 | Zig:17   | Killed a greater mummy
128539 | Zig:17   | Killed a greater mummy
128539 | Zig:17   | Killed a greater mummy
128539 | Zig:17   | Noticed a greater mummy
128543 | Zig:17   | Killed a greater mummy
128639 | Zig:17   | Reached skill level 27 in Short Blades
128692 | Zig:17   | Identified Sif Muna's Compendium of the Rocks and
                  | Companions
128707 | Zig:18   | Entered Level 18 of a ziggurat
128718 | Zig:18   | Noticed Qac Xac Raph the pandemonium lord
128718 | Zig:18   | Noticed Uhyst the pandemonium lord
128718 | Zig:18   | Noticed Zucejimi the pandemonium lord
128718 | Zig:18   | Noticed Sarymeyrgh the pandemonium lord
128719 | Zig:18   | Noticed Neidy the pandemonium lord
128719 | Zig:18   | Noticed Majanw Faoca the pandemonium lord
128719 | Zig:18   | Noticed Neseeq the pandemonium lord
128719 | Zig:18   | Noticed Buahuwa the pandemonium lord
128719 | Zig:18   | Noticed Jorch the pandemonium lord
128719 | Zig:18   | Noticed Esysk the pandemonium lord
128719 | Zig:18   | Noticed Zeuw the pandemonium lord
128719 | Zig:18   | Noticed Urghello the pandemonium lord
128719 | Zig:18   | Noticed Oxik the pandemonium lord
128719 | Zig:18   | Noticed Hehizaze the pandemonium lord
128719 | Zig:18   | Noticed Avadib the pandemonium lord
128719 | Zig:18   | Noticed Qulail the pandemonium lord
128719 | Zig:18   | Noticed Geelebur the pandemonium lord
128719 | Zig:18   | Noticed Jeros the pandemonium lord
128719 | Zig:18   | Noticed Wahaug the pandemonium lord
128719 | Zig:18   | Noticed Luith the pandemonium lord
128719 | Zig:18   | Noticed Ipieheop the pandemonium lord
128719 | Zig:18   | Noticed Hairrap the pandemonium lord
128719 | Zig:18   | Noticed Byevoth the pandemonium lord
128719 | Zig:18   | Noticed Zaacra the pandemonium lord
128719 | Zig:18   | Noticed Fajonadgh the pandemonium lord
128719 | Zig:18   | Noticed Foibanuv the pandemonium lord
128719 | Zig:18   | Noticed Estruwigi the pandemonium lord
128719 | Zig:18   | Noticed Saigraf the pandemonium lord
128719 | Zig:18   | Noticed Kury the pandemonium lord
128719 | Zig:18   | Noticed Qumpeos the pandemonium lord
128720 | Zig:18   | Noticed Sehibbuh the pandemonium lord
128720 | Zig:18   | Noticed Mizorast the pandemonium lord
128720 | Zig:18   | Killed Mizorast the pandemonium lord
128720 | Zig:18   | Killed Jorch the pandemonium lord
128720 | Zig:18   | Killed Saigraf the pandemonium lord
128720 | Zig:18   | Killed Hairrap the pandemonium lord
128720 | Zig:18   | Noticed Gikhlish the pandemonium lord
128720 | Zig:18   | Noticed Rimajewe the pandemonium lord
128721 | Zig:18   | Killed Hehizaze the pandemonium lord
128721 | Zig:18   | Killed Fajonadgh the pandemonium lord
128721 | Zig:18   | Killed Buahuwa the pandemonium lord
128721 | Zig:18   | Killed Estruwigi the pandemonium lord
128721 | Zig:18   | Killed Wahaug the pandemonium lord
128721 | Zig:18   | Killed Qac Xac Raph the pandemonium lord
128721 | Zig:18   | Killed Uhyst the pandemonium lord
128721 | Zig:18   | Noticed Zamug the pandemonium lord
128721 | Zig:18   | Noticed Muno the pandemonium lord
128722 | Zig:18   | Noticed Peapnin the pandemonium lord
128722 | Zig:18   | Killed Sehibbuh the pandemonium lord
128722 | Zig:18   | Killed Rimajewe the pandemonium lord
128722 | Zig:18   | Killed Zucejimi the pandemonium lord
128722 | Zig:18   | Killed Foibanuv the pandemonium lord
128722 | Zig:18   | Killed Urghello the pandemonium lord
128722 | Zig:18   | Noticed Nuwikh the pandemonium lord
128725 | Zig:18   | Killed Qulail the pandemonium lord
128725 | Zig:18   | Killed Jeros the pandemonium lord
128725 | Zig:18   | Killed Avadib the pandemonium lord
128725 | Zig:18   | Killed Neidy the pandemonium lord
128727 | Zig:18   | Killed Sarymeyrgh the pandemonium lord
128727 | Zig:18   | Killed Esysk the pandemonium lord
128728 | Zig:18   | Killed Zeuw the pandemonium lord
128728 | Zig:18   | Killed Zaacra the pandemonium lord
128728 | Zig:18   | Killed Luith the pandemonium lord
128729 | Zig:18   | Killed Oxik the pandemonium lord
128730 | Zig:18   | Killed Byevoth the pandemonium lord
128731 | Zig:18   | Killed Qumpeos the pandemonium lord
128734 | Zig:18   | Killed Peapnin the pandemonium lord
128734 | Zig:18   | Killed Majanw Faoca the pandemonium lord
128734 | Zig:18   | Killed Muno the pandemonium lord
128734 | Zig:18   | Killed Zamug the pandemonium lord
128734 | Zig:18   | Noticed Seuler the pandemonium lord
128735 | Zig:18   | Killed Ipieheop the pandemonium lord
128736 | Zig:18   | Killed Geelebur the pandemonium lord
128737 | Zig:18   | Noticed Qietoh the pandemonium lord
128738 | Zig:18   | Killed Gikhlish the pandemonium lord
128738 | Zig:18   | Noticed Migauc the pandemonium lord
128738 | Zig:18   | Noticed Qumof the pandemonium lord
128740 | Zig:18   | Killed Kury the pandemonium lord
128740 | Zig:18   | Killed Neseeq the pandemonium lord
128741 | Zig:18   | Killed Nuwikh the pandemonium lord
128742 | Zig:18   | Noticed Team the pandemonium lord
128742 | Zig:18   | Noticed Ryutacum the pandemonium lord
128742 | Zig:18   | Noticed Duariruh the pandemonium lord
128742 | Zig:18   | Noticed Fikhio the pandemonium lord
128744 | Zig:18   | Killed Migauc the pandemonium lord
128744 | Zig:18   | Killed Qumof the pandemonium lord
128745 | Zig:18   | Killed Qietoh the pandemonium lord
128747 | Zig:18   | Noticed Naummil the pandemonium lord
128747 | Zig:18   | Noticed Eniul the pandemonium lord
128751 | Zig:19   | Entered Level 19 of a ziggurat
128897 | Zig:19   | Got a fine wooden ring
128903 | Zig:19   | Identified the ring of Trepidation {rPois MR+} (You found
                  | it on level 19 of a ziggurat)
128913 | Zig:19   | Got a heavily runed jade ring
128914 | Zig:19   | Identified the ring of Jiomadwiz {+Blink rPois rF- Str+2
                  | Slay+5} (You found it on level 19 of a ziggurat)
128944 | Zig:19   | Got a sparkling silver amulet
128945 | Zig:19   | Identified the amulet of Kearu {Inacc rF- Int+6 Dex+9
                  | Stlth-} (You found it on level 19 of a ziggurat)
128963 | Zig:19   | Identified the Reference Book on Ghastly Flight
128969 | Zig:19   | Got a glittering steel ring
128971 | Zig:19   | Identified the ring of the Queen {Dex+2 SInv Stlth+} (You
                  | found it on level 19 of a ziggurat)
128976 | Zig:19   | Identified the Volume of Augmentations and Attacks
128982 | Zig:20   | Entered Level 20 of a ziggurat
128995 | Zig:20   | Cast into level 2 of the Abyss (a deep elf demonologist)
129066 | Abyss:2  | Found a corrupted altar of Lugonu.
129071 | Abyss:2  | Gained mutation: Scrolls take you a little longer to read.
                  | [mutagenic glow]
129120 | Zig:20   | Escaped the Abyss
129157 | Zig:20   | Found the +2 cloak of the Thief {+Fog Slay-2 SInv Stlth+}
129193 | Zig:20   | Lost mutation: Your movements are slightly less encumbered
                  | by armour. (ER -2) [potion of mutation]
129193 | Zig:20   | Lost mutation: Armour fits poorly on your strangely shaped
                  | body. [potion of mutation]
129193 | Zig:20   | Gained mutation: Scrolls take you longer to read. [potion
                  | of mutation]
129193 | Zig:20   | Gained mutation: You evolve. [potion of mutation]
129194 | Zig:20   | Lost mutation: Scrolls take you longer to read. [potion of
                  | mutation]
129194 | Zig:20   | Lost mutation: You evolve. [potion of mutation]
129194 | Zig:20   | Lost mutation: Scrolls take you a little longer to read.
                  | [potion of mutation]
129194 | Zig:20   | Gained mutation: You possess an exceptional clarity of
                  | mind. [potion of mutation]
129194 | Zig:20   | Gained mutation: You are resistant to hostile enchantments.
                  | (MR+) [potion of mutation]
129202 | Zig:20   | Got a smoking silver amulet
129203 | Zig:20   | Identified the amulet "Alujuq" {Acrobat rN+ Int+3 Slay+2
                  | Stlth-} (You found it on level 20 of a ziggurat)
129230 | Zig:20   | Reached skill level 27 in Slings
129230 | Zig:20   | Reached skill level 27 in Bows
129239 | Zig:20   | Got an ancient golden amulet
129240 | Zig:20   | Identified the amulet "Nisezeev" {Reflect rC+ SH+2} (You
                  | found it on level 20 of a ziggurat)
129244 | Zig:20   | Got a faintly glowing brass ring
129245 | Zig:20   | Identified the ring "Ykhleant" {+Inv +Fly rC+} (You found
                  | it on level 20 of a ziggurat)
129255 | Zig:20   | Identified Cepheh's Handbook of Companions
129258 | Zig:21   | Entered Level 21 of a ziggurat
129352 | Zig:21   | Got a scorched brass ring
129354 | Zig:21   | Identified the ring of Syuwusom {rF++ MR+} (You found it on
                  | level 21 of a ziggurat)
129359 | Zig:21   | Got a translucent iron ring
129360 | Zig:21   | Identified the ring "Womaib" {rF+ rC+} (You found it on
                  | level 21 of a ziggurat)
129379 | Zig:21   | Identified the Disquisition on Dark Moulding
129412 | Zig:21   | Identified the Tome of the Rocks and Attacks
129430 | Zig:22   | Entered Level 22 of a ziggurat
129441 | Zig:22   | Noticed an ancient lich
129441 | Zig:22   | Noticed an ancient lich
129441 | Zig:22   | Noticed an ancient lich
129442 | Zig:22   | Noticed an ancient lich
129442 | Zig:22   | Noticed an ancient lich
129443 | Zig:22   | Noticed an ancient lich
129443 | Zig:22   | Killed an ancient lich
129445 | Zig:22   | Killed an ancient lich
129445 | Zig:22   | Killed an ancient lich
129448 | Zig:22   | Killed an ancient lich
129448 | Zig:22   | Killed an ancient lich
129448 | Zig:22   | Killed an ancient lich
129457 | Zig:22   | Noticed an ancient lich
129461 | Zig:22   | Noticed an ancient lich
129468 | Zig:22   | Killed an ancient lich
129468 | Zig:22   | Killed an ancient lich
129468 | Zig:22   | Noticed an ancient lich
129469 | Zig:22   | Noticed an ancient lich
129471 | Zig:22   | Killed an ancient lich
129472 | Zig:22   | Noticed an ancient lich
129472 | Zig:22   | Killed an ancient lich
129473 | Zig:22   | Noticed an ancient lich
129473 | Zig:22   | Noticed an ancient lich
129476 | Zig:22   | Noticed an ancient lich
129477 | Zig:22   | Killed an ancient lich
129477 | Zig:22   | Noticed an ancient lich
129477 | Zig:22   | Noticed an ancient lich
129478 | Zig:22   | Killed an ancient lich
129478 | Zig:22   | Killed an ancient lich
129478 | Zig:22   | Killed an ancient lich
129492 | Zig:22   | Killed an ancient lich
129493 | Zig:22   | Killed an ancient lich
129739 | Zig:22   | Found the +7 Spriggan's Knife {stab, EV+4 Stlth+}
129753 | Zig:22   | Identified the Incunabulum of Evil Ice
129771 | Zig:22   | Identified the cursed -5 cloak of Unreason {*Slow rElec
                  | rCorr Str-2 Dex+9} (You found it on level 22 of a ziggurat)
129786 | Zig:22   | Got a vibrating iron ring
129787 | Zig:22   | Identified the ring of Awe {+Fly SInv} (You found it on
                  | level 22 of a ziggurat)
129793 | Zig:23   | Entered Level 23 of a ziggurat
130348 | Zig:23   | Identified Rikor's Papyrus of Attacks and Orientation
130351 | Zig:23   | Got a bound steel ring
130353 | Zig:23   | Identified the cursed ring "Ukkejeib" {MR+ MP+9 Str-3
                  | Stlth+} (You found it on level 23 of a ziggurat)
130487 | Zig:24   | Entered Level 24 of a ziggurat
130512 | Zig:24   | Gained mutation: Scrolls take you a little longer to read.
                  | [a neqoxec]
130598 | Zig:24   | Killed a starcursed mass
130745 | Zig:24   | Found the ring of the Octopus King
130759 | Zig:24   | Got a twitching marble ring
130761 | Zig:24   | Got a ring of the Octopus King
130764 | Zig:24   | Identified the ring of Irreem {rC+ Str+4 SInv} (You found
                  | it on level 24 of a ziggurat)
130767 | Zig:24   | Identified a ring of the Octopus King {MP+9 AC+1 EV+1 Str+1
                  | Int+1 Dex+1} (You found it on level 24 of a ziggurat)
130769 | Zig:24   | Identified Dyimexau's Compendium of Toxic Attacks
130786 | Zig:24   | Identified Wyrhuto's Grimoire of Gliding Stones
130800 | Zig:24   | Got a faintly glowing jade amulet
130803 | Zig:24   | Identified the amulet "Vourror" {Acrobat rC+ Str+2 Dex-5}
                  | (You found it on level 24 of a ziggurat)
130804 | Zig:24   | Identified Moskogae's Grimoire of Darkness
130822 | Zig:24   | Reached skill level 27 in Crossbows
130823 | Zig:24   | Reached skill level 1 in Summonings
130829 | Zig:25   | Entered Level 25 of a ziggurat
131141 | D:15     | Reached skill level 5 in Summonings
131141 | D:15     | Reached skill level 5 in Poison Magic
131155 | Zig:1    | Entered Level 1 of a ziggurat
131157 | Zig:1    | Noticed Wezan the pandemonium lord
131157 | Zig:1    | Killed Wezan the pandemonium lord
131310 | Zig:2    | Entered Level 2 of a ziggurat
131442 | Zig:3    | Entered Level 3 of a ziggurat
131485 | Zig:4    | Entered Level 4 of a ziggurat
131546 | Zig:5    | Entered Level 5 of a ziggurat
131685 | Zig:5    | Got a warped turquoise ring
131688 | Zig:5    | Identified the ring of Limitation {+Blink Dex+4} (You found
                  | it on level 5 of a ziggurat)
131691 | Zig:6    | Entered Level 6 of a ziggurat
131855 | Zig:6    | Found the +8 demon blade "Leech" {vamp, rN+ AC-3 EV-3}
131887 | Zig:7    | Entered Level 7 of a ziggurat
131889 | Zig:7    | Found the ring of the Octopus King
131910 | Zig:7    | Got a ring of the Octopus King
131915 | Zig:7    | Identified a ring of the Octopus King {Wiz AC+1 EV+1 Str+1
                  | Int+1 Dex+1} (You found it on level 7 of a ziggurat)
131949 | Zig:8    | Entered Level 8 of a ziggurat
131950 | Zig:8    | Noticed an ancient lich
131952 | Zig:8    | Found the +9 heavy crossbow "Sniper" {velocity, Acc+∞ SInv}
131955 | Zig:8    | Killed an ancient lich
131973 | Zig:8    | Found the +8 demon trident "Rift" {distort, reach+}
132007 | Zig:8    | Reached skill level 10 in Summonings
132128 | Zig:9    | Entered Level 9 of a ziggurat
132200 | Zig:10   | Entered Level 10 of a ziggurat
132247 | Zig:10   | Found the +5 scythe "Finisher" {speed, eviscerate}
132302 | Zig:11   | Entered Level 11 of a ziggurat
132624 | Zig:11   | Identified the +2 buckler of the Fiddle {rElec rPois rC+
                  | Int+3} (You found it on level 11 of a ziggurat)
132630 | Zig:12   | Entered Level 12 of a ziggurat
132635 | Zig:12   | Found the +0 pair of fencer's gloves {Riposte Dex+3}
132680 | Zig:12   | Identified the +1 cloak of Inukofan {Str+3} (You found it
                  | on level 12 of a ziggurat)
132711 | Zig:12   | Got a pitted bone ring
132714 | Zig:12   | Identified the ring of Loehette {Ice *Corrode *Drain rElec
                  | MR++} (You found it on level 12 of a ziggurat)
132800 | Zig:13   | Entered Level 13 of a ziggurat
132802 | Zig:13   | Reached skill level 27 in Charms
132827 | Zig:13   | Identified the Compendium of Unholy Rites
132851 | Zig:13   | Identified the cursed +0 cloak of Duck's Teeth {+Blink
                  | rCorr Int+3} (You found it on level 13 of a ziggurat)
132917 | Zig:14   | Entered Level 14 of a ziggurat
132922 | Zig:14   | Noticed a juggernaut
132922 | Zig:14   | Noticed a juggernaut
132922 | Zig:14   | Noticed a juggernaut
132923 | Zig:14   | Noticed a juggernaut
132924 | Zig:14   | Noticed a juggernaut
132924 | Zig:14   | Noticed a juggernaut
132924 | Zig:14   | Noticed a juggernaut
132924 | Zig:14   | Noticed a juggernaut
132925 | Zig:14   | Noticed a juggernaut
132925 | Zig:14   | Noticed a juggernaut
132925 | Zig:14   | Killed a juggernaut
132925 | Zig:14   | Killed a juggernaut
132925 | Zig:14   | Killed a juggernaut
132926 | Zig:14   | Killed a juggernaut
132926 | Zig:14   | Killed a juggernaut
132926 | Zig:14   | Noticed a juggernaut
132926 | Zig:14   | Noticed a juggernaut
132927 | Zig:14   | Noticed a juggernaut
132927 | Zig:14   | Killed a juggernaut
132927 | Zig:14   | Killed a juggernaut
132928 | Zig:14   | Noticed a juggernaut
132928 | Zig:14   | Killed a juggernaut
132928 | Zig:14   | Killed a juggernaut
132928 | Zig:14   | Killed a juggernaut
132928 | Zig:14   | Noticed a juggernaut
132928 | Zig:14   | Noticed a juggernaut
132929 | Zig:14   | Noticed a juggernaut
132929 | Zig:14   | Killed a juggernaut
132930 | Zig:14   | Killed a juggernaut
132930 | Zig:14   | Killed a juggernaut
132930 | Zig:14   | Killed a juggernaut
132930 | Zig:14   | Killed a juggernaut
132931 | Zig:14   | Killed a juggernaut
132932 | Zig:14   | Noticed a juggernaut
132933 | Zig:14   | Killed a juggernaut
132934 | Zig:14   | Killed a juggernaut
132976 | Zig:14   | Reached skill level 27 in Hexes
133026 | Zig:15   | Entered Level 15 of a ziggurat
133026 | Zig:15   | Noticed a juggernaut
133026 | Zig:15   | Noticed a juggernaut
133030 | Zig:15   | Killed a juggernaut
133032 | Zig:15   | Noticed a juggernaut
133033 | Zig:15   | Killed a juggernaut
133036 | Zig:15   | Killed a juggernaut
133037 | Zig:15   | Noticed a juggernaut
133040 | Zig:15   | Killed a juggernaut
133040 | Zig:15   | Noticed a juggernaut
133041 | Zig:15   | Noticed a juggernaut
133045 | Zig:15   | Killed a juggernaut
133045 | Zig:15   | Killed a juggernaut
133188 | Zig:16   | Entered Level 16 of a ziggurat
133191 | Zig:16   | Noticed an ancient lich
133192 | Zig:16   | Noticed an ancient lich
133196 | Zig:16   | Noticed an ancient lich
133196 | Zig:16   | Noticed an ancient lich
133197 | Zig:16   | Killed an ancient lich
133197 | Zig:16   | Killed an ancient lich
133198 | Zig:16   | Killed an ancient lich
133199 | Zig:16   | Killed an ancient lich
133201 | Zig:16   | Noticed an ancient lich
133202 | Zig:16   | Noticed an ancient lich
133203 | Zig:16   | Killed an ancient lich
133205 | Zig:16   | Killed an ancient lich
133205 | Zig:16   | Noticed an ancient lich
133207 | Zig:16   | Noticed an ancient lich
133207 | Zig:16   | Noticed an ancient lich
133210 | Zig:16   | Killed an ancient lich
133210 | Zig:16   | Killed an ancient lich
133211 | Zig:16   | Killed an ancient lich
133235 | Zig:16   | Found the +10 Black Knight's horse barding {ponderous,
                  | rPois rN+}
133248 | Zig:16   | Got an ancient copper ring
133253 | Zig:16   | Identified the ring of Contentment {Ice MP+9 Str+4 Int+4
                  | Dex-4} (You found it on level 16 of a ziggurat)
133283 | Zig:17   | Entered Level 17 of a ziggurat
133283 | Zig:17   | Noticed a juggernaut
133284 | Zig:17   | Noticed a juggernaut
133285 | Zig:17   | Noticed a juggernaut
133287 | Zig:17   | Noticed a juggernaut
133287 | Zig:17   | Noticed a juggernaut
133287 | Zig:17   | Noticed a juggernaut
133289 | Zig:17   | Killed a juggernaut
133294 | Zig:17   | Killed a juggernaut
133294 | Zig:17   | Killed a juggernaut
133294 | Zig:17   | Killed a juggernaut
133294 | Zig:17   | Killed a juggernaut
133294 | Zig:17   | Killed a juggernaut
133298 | Zig:17   | Noticed a juggernaut
133300 | Zig:17   | Noticed a juggernaut
133305 | Zig:17   | Noticed a juggernaut
133305 | Zig:17   | Noticed a juggernaut
133307 | Zig:17   | Killed a juggernaut
133315 | Zig:17   | Killed a juggernaut
133316 | Zig:17   | Killed a juggernaut
133317 | Zig:17   | Killed a juggernaut
133317 | Zig:17   | Noticed a juggernaut
133318 | Zig:17   | Noticed a juggernaut
133326 | Zig:17   | Killed a juggernaut
133326 | Zig:17   | Killed a juggernaut
133332 | Zig:17   | Noticed a juggernaut
133333 | Zig:17   | Noticed a juggernaut
133333 | Zig:17   | Noticed a juggernaut
133338 | Zig:17   | Killed a juggernaut
133338 | Zig:17   | Killed a juggernaut
133341 | Zig:17   | Killed a juggernaut
133397 | Zig:17   | Got a twitching jade ring
133400 | Zig:17   | Identified the ring "Pyerch" {rF+ rC+ rN+ Dex+3} (You found
                  | it on level 17 of a ziggurat)
133403 | Zig:17   | Identified Sif Muna's Guide on Snow and Arcane Weapons
133417 | Zig:17   | Got a glittering ivory amulet
133420 | Zig:17   | Identified the amulet "Koath" {Reflect rElec rN++ MR+
                  | Slay-5 SH+5} (You found it on level 17 of a ziggurat)
133439 | Zig:18   | Entered Level 18 of a ziggurat
133442 | Zig:18   | Noticed an ancient lich
133443 | Zig:18   | Noticed an ancient lich
133443 | Zig:18   | Noticed an ancient lich
133443 | Zig:18   | Noticed an ancient lich
133444 | Zig:18   | Noticed an ancient lich
133446 | Zig:18   | Noticed an ancient lich
133447 | Zig:18   | Killed an ancient lich
133447 | Zig:18   | Killed an ancient lich
133447 | Zig:18   | Killed an ancient lich
133447 | Zig:18   | Killed an ancient lich
133448 | Zig:18   | Killed an ancient lich
133449 | Zig:18   | Noticed an ancient lich
133449 | Zig:18   | Noticed an ancient lich
133450 | Zig:18   | Killed an ancient lich
133451 | Zig:18   | Killed an ancient lich
133452 | Zig:18   | Killed an ancient lich
133457 | Zig:18   | Noticed an ancient lich
133458 | Zig:18   | Noticed an ancient lich
133458 | Zig:18   | Noticed an ancient lich
133459 | Zig:18   | Noticed an ancient lich
133461 | Zig:18   | Killed an ancient lich
133461 | Zig:18   | Killed an ancient lich
133462 | Zig:18   | Killed an ancient lich
133462 | Zig:18   | Killed an ancient lich
133608 | Zig:19   | Entered Level 19 of a ziggurat
133612 | Zig:19   | Noticed an ancient lich
133613 | Zig:19   | Noticed an ancient lich
133613 | Zig:19   | Noticed an ancient lich
133615 | Zig:19   | Killed an ancient lich
133615 | Zig:19   | Killed an ancient lich
133616 | Zig:19   | Noticed an ancient lich
133617 | Zig:19   | Noticed an ancient lich
133620 | Zig:19   | Killed an ancient lich
133621 | Zig:19   | Noticed an ancient lich
133622 | Zig:19   | Noticed an ancient lich
133622 | Zig:19   | Noticed an ancient lich
133622 | Zig:19   | Noticed an ancient lich
133624 | Zig:19   | Noticed an ancient lich
133624 | Zig:19   | Noticed an ancient lich
133625 | Zig:19   | Noticed an ancient lich
133625 | Zig:19   | Killed an ancient lich
133626 | Zig:19   | Killed an ancient lich
133626 | Zig:19   | Killed an ancient lich
133626 | Zig:19   | Killed an ancient lich
133626 | Zig:19   | Killed an ancient lich
133626 | Zig:19   | Killed an ancient lich
133626 | Zig:19   | Noticed an ancient lich
133626 | Zig:19   | Noticed an ancient lich
133627 | Zig:19   | Noticed an ancient lich
133627 | Zig:19   | Killed an ancient lich
133628 | Zig:19   | Killed an ancient lich
133628 | Zig:19   | Killed an ancient lich
133628 | Zig:19   | Noticed an ancient lich
133631 | Zig:19   | Noticed an ancient lich
133631 | Zig:19   | Killed an ancient lich
133631 | Zig:19   | Killed an ancient lich
133631 | Zig:19   | Killed an ancient lich
133633 | Zig:19   | Killed an ancient lich
133634 | Zig:19   | Noticed an ancient lich
133645 | Zig:19   | Killed an ancient lich
133646 | Zig:19   | Killed an ancient lich
133698 | Zig:19   | Got a coiled ivory ring
133701 | Zig:19   | Identified the ring "Cel Zeng" {+Blink +Fly rF+ Str-2
                  | Int+3} (You found it on level 19 of a ziggurat)
133721 | Zig:19   | Reached skill level 27 in Summonings
133732 | Zig:19   | Identified the +1 large shield "Ezoasok" {Dex+2} (You found
                  | it on level 19 of a ziggurat)
133743 | Zig:20   | Entered Level 20 of a ziggurat
133963 | Zig:20   | Got a scorched silver ring
133976 | Zig:20   | Reached skill level 27 in Poison Magic
133976 | Zig:20   | Reached skill level 27 in Invocations
133987 | Zig:20   | Identified the Guide on Weightlessness
133996 | Zig:21   | Entered Level 21 of a ziggurat
134181 | Zig:22   | Entered Level 22 of a ziggurat
134188 | Zig:22   | Gained mutation: Your muscles are strong. (Str +2) [a
                  | cacodemon]
134199 | Zig:22   | Noticed an ancient lich
134204 | Zig:22   | Killed an ancient lich
134253 | Zig:22   | Found the +0 mask of the Dragon {MR+ Slay+3 SInv}
134456 | Zig:22   | Identified the ring "Garuqo" {rElec rN+ rCorr} (You found
                  | it on level 20 of a ziggurat)
134459 | Zig:22   | Identified the +2 pair of gloves "Wezok" {*Slow Str+2
                  | Int+5} (You found it on level 22 of a ziggurat)
134476 | Zig:23   | Entered Level 23 of a ziggurat
134480 | Zig:23   | Noticed an ancient lich
134481 | Zig:23   | Noticed an ancient lich
134481 | Zig:23   | Noticed an ancient lich
134481 | Zig:23   | Noticed an ancient lich
134482 | Zig:23   | Noticed an ancient lich
134482 | Zig:23   | Noticed an ancient lich
134482 | Zig:23   | Noticed an ancient lich
134482 | Zig:23   | Noticed an ancient lich
134483 | Zig:23   | Noticed an ancient lich
134483 | Zig:23   | Noticed an ancient lich
134483 | Zig:23   | Noticed an ancient lich
134483 | Zig:23   | Noticed an ancient lich
134483 | Zig:23   | Noticed an ancient lich
134483 | Zig:23   | Noticed an ancient lich
134485 | Zig:23   | Noticed an ancient lich
134485 | Zig:23   | Killed an ancient lich
134486 | Zig:23   | Killed an ancient lich
134486 | Zig:23   | Killed an ancient lich
134487 | Zig:23   | Killed an ancient lich
134487 | Zig:23   | Killed an ancient lich
134487 | Zig:23   | Killed an ancient lich
134487 | Zig:23   | Killed an ancient lich
134487 | Zig:23   | Killed an ancient lich
134487 | Zig:23   | Killed an ancient lich
134487 | Zig:23   | Killed an ancient lich
134487 | Zig:23   | Noticed an ancient lich
134487 | Zig:23   | Noticed an ancient lich
134488 | Zig:23   | Killed an ancient lich
134488 | Zig:23   | Killed an ancient lich
134489 | Zig:23   | Noticed an ancient lich
134490 | Zig:23   | Killed an ancient lich
134490 | Zig:23   | Noticed an ancient lich
134491 | Zig:23   | Killed an ancient lich
134491 | Zig:23   | Killed an ancient lich
134492 | Zig:23   | Killed an ancient lich
134492 | Zig:23   | Killed an ancient lich
134492 | Zig:23   | Killed an ancient lich
134493 | Zig:23   | Killed an ancient lich
134638 | Zig:23   | Got a steaming garnet amulet
134642 | Zig:23   | Identified the amulet "Iclacimotu" {Reflect rN+ Int+2 SH+5}
                  | (You found it on level 23 of a ziggurat)
134647 | Zig:23   | Identified the Incunabulum of the Icy Mountains
134654 | Zig:23   | Got a slimy granite ring
134657 | Zig:23   | Identified the ring of Beogh's Pride {MR+ Str-4 Int+5
                  | Slay-2 Stlth+} (You found it on level 23 of a ziggurat)
134660 | Zig:23   | Got a brightly glowing lead ring
134663 | Zig:23   | Identified the cursed ring of Xoxerec {rPois Str-3} (You
                  | found it on level 23 of a ziggurat)
134685 | Zig:23   | Identified the Tome of Talismans and Creation
134898 | Hell     | Found a gateway to the Iron City of Dis.
134988 | Hell     | Found a gateway to the ashen valley of Gehenna.
135021 | Hell     | Found a gateway to the decaying netherworld of Tartarus.
135071 | Hell     | Found a gateway to the freezing wastes of Cocytus.
135248 | Coc:1    | Entered Level 1 of Cocytus
135610 | Coc:7    | Entered Level 7 of Cocytus
136043 | Coc:7    | Noticed Antaeus
136060 | Coc:7    | Killed Antaeus
136213 | Coc:7    | Got an icy rune of Zot
136224 | Coc:7    | Identified the +2 robe "Xiher" {rElec rF+ SInv} (You found
                  | it on level 7 of Cocytus)
137603 | Orc:2    | Bought a potion of might for 68 gold pieces
137603 | Orc:2    | Bought a potion of berserk rage for 85 gold pieces
137603 | Orc:2    | Bought a potion of ambrosia for 136 gold pieces
137603 | Orc:2    | Bought a potion of haste for 170 gold pieces
137603 | Orc:2    | Bought a potion of might for 68 gold pieces
137603 | Orc:2    | Bought a potion of might for 68 gold pieces
137603 | Orc:2    | Bought a potion of ambrosia for 136 gold pieces
137771 | Geh:1    | Entered Level 1 of Gehenna
137973 | Geh:7    | Entered Level 7 of Gehenna
138081 | Geh:7    | Identified the +7 sceptre of Asmodeus
138081 | Geh:7    | Noticed Asmodeus
138101 | Geh:7    | Killed Asmodeus
138238 | Geh:7    | Got an obsidian rune of Zot
138401 | Geh:7    | Noticed the Serpent of Hell
138404 | Geh:7    | Killed the Serpent of Hell
139432 | Tar:1    | Entered Level 1 of Tartarus
139763 | Tar:7    | Entered Level 7 of Tartarus
140046 | Tar:7    | Noticed an ancient lich
140054 | Tar:7    | Killed an ancient lich
140193 | Tar:7    | Got a bone rune of Zot
140217 | Tar:7    | Noticed Ereshkigal
140228 | Tar:7    | Killed Ereshkigal
140261 | Tar:7    | Got a glittering pewter ring
140264 | Tar:7    | Identified the ring "Taje" {Int+4 Dex+4} (You found it on
                  | level 7 of Tartarus)
140436 | Tar:7    | Paralysed by a lich for 4 turns
140743 | Dis:1    | Entered Level 1 of the Iron City of Dis
140888 | Dis:7    | Entered Level 7 of the Iron City of Dis
141454 | Dis:7    | Identified the +4 staff of Dispater
141454 | Dis:7    | Noticed Dispater
141470 | Dis:7    | Killed Dispater
141547 | Dis:7    | Got an iron rune of Zot
142576 | D:1      | Lost mutation: Your muscles are strong. (Str +2) [potion of
                  | mutation]
142576 | D:1      | Lost mutation: Your spells are a little harder to cast, but
                  | a little more powerful. [potion of mutation]
142576 | D:1      | Gained mutation: You have a pair of small horns on your
                  | head. [potion of mutation]
142576 | D:1      | Gained mutation: You have large cloven feet. [potion of
                  | mutation]
142577 | D:1      | Lost mutation: You are resistant to hostile enchantments.
                  | (MR+) [potion of mutation]
142577 | D:1      | Lost mutation: You possess an exceptional clarity of mind.
                  | [potion of mutation]
142577 | D:1      | Lost mutation: Scrolls take you a little longer to read.
                  | [potion of mutation]
142577 | D:1      | Lost mutation: You have a pair of small horns on your head.
                  | [potion of mutation]
142577 | D:1      | Gained mutation: You possess an exceptional clarity of
                  | mind. [potion of mutation]
142578 | D:1      | Lost mutation: You possess an exceptional clarity of mind.
                  | [potion of mutation]
142578 | D:1      | Lost mutation: You are mostly covered in molten scales. (AC
                  | +3) [potion of mutation]
142578 | D:1      | Lost mutation: You have large cloven feet. [potion of
                  | mutation]
142578 | D:1      | Gained mutation: You passively map a small area around you.
                  | [potion of mutation]
142578 | D:1      | Gained mutation: You have an increased reservoir of magic.
                  | (+10% MP) [potion of mutation]
142578 | D:1      | Gained mutation: You have a pair of small antennae on your
                  | head. [potion of mutation]
142578 | D:1      | Gained mutation: Your flesh is heat resistant. (rF+)
                  | [potion of mutation]
143123 | Zot:5    | Got the Orb of Zot
143373 | Depths:5 | Noticed Ifotaq the pandemonium lord
143803 | D:$      | Escaped with the Orb!

Levels and vault maps discovered:
D:1:      dpeg_arrival_ratfight, layout_basic
D:2:      layout_rooms, lemuel_doored_altar, nicolae_qazlal_style_of_elements
D:3:      layout_loops_ring
D:4:      layout_basic, serial_shops, shop, first_ration, goddamned_bats,
          uniq_eustachio
D:5:      layout_basic, trog_butcher_becter
D:6:      layout_loops_ring, uniq_menkaure, uniq_duvessa
D:7:      layout_basic, minmay_temple_entry_statues_fountains,
          lightli_ossuary_entry_decrepit_ruins, uniq_joseph
D:8:      layout_basic
D:9:      layout_basic, dpeg_lair_monsters, nemelex_lonely_heart_becter,
          uniq_erolcha
D:10:     layout_rooms, hangedman_fish_farm, uniq_sonja
D:11:     layout_basic
D:12:     minmay_bloctagon_deflated, layout_loops_corners, david_orc_2
D:13:     layout_basic, portal_ice_cave_entry_imps, uniq_josephine
D:14:     layout_roguey, grunt_vaults_entry_fortified, minmay_fountain_box,
          maelrawn_ghost_gauntlet_escape, kennysheep_potato
D:15:     gammafunk_enter_depths_forms, layout_irregular_city,
          hangedman_abyss_or_decor_clamps, uniq_rupert
Temple:   kilobyte_greek_temple
Lair:1:   layout_regular_city, grunt_forest_small_clearings, st_stairs_5
Lair:2:   layout_regular_city
Lair:3:   layout_concentric_octagons, gauntlet_entry_generic,
          beast_lair_carwin_1, grunt_megastairs_4
Lair:4:   minmay_guarded_unrand_snakebite, layout_gridlike,
          elwin_shoals_entry_stream, dummy_snake_entry, beast_lair_carwin_6,
          serial_bayou_shore_a, lemuel_fruit_tree
Lair:5:   layout_small_grid, minivault_29, minmay_lair_oklob_chamber,
          uniq_nessos, uniq_urug
Lair:6:   minmay_lair_end_enchanted_forest, layout_layer_cave,
          minmay_slime_entry_jelly_boxes
Shoals:1: layout_shoals
Shoals:2: layout_shoals
Shoals:3: cheibrodos_shoals_satyrical_garden, layout_shoals, uniq_bai_suzhen
Shoals:4: shoals_end_grunt_garden, layout_shoals
Snake:1:  layout_layer_cave
Snake:2:  layout_grid_maze, serial_shops, nicolae_shop_waterfront
Snake:3:  layout_onion_interference, serial_shops, nicolae_shop_behind_doors,
          serial_bayou_lagoon_a, uniq_donald, uniq_vashnia, uniq_jorgrun,
          uniq_louise, uniq_azrael
Snake:4:  grunt_snake_rune_spirals, layout_onion_interference
Slime:1:  layout_caves
Slime:2:  layout_caves
Slime:3:  layout_caves
Slime:4:  layout_caves, cheibrodos_slime_lost_civilization_7
Slime:5
Orc:1:    layout_caves, uniq_gastronok
Orc:2:    st_orc_elflike, layout_caves, enter_volcano_3, serial_shops, shop,
          shop, shop
Elf:1:    layout_geoelf_grid, minivault_28, david_defended_altar_elf,
          minmay_shoptagon
Elf:2:    layout_geoelf_diagonals, serial_shops, shop
Elf:3:    elf_hall_gauntlet_narrow, layout_gridlike
Vaults:1: v_rooms_4, st_lines, v_misc_19, vaults_mumra_hexcomb,
          vaults_room_door_ring, layout_vaults_omnigrid, serial_shops,
          shop_fountains
Vaults:2: vaults_dpeg_ring, nicolae_vaults_yaktaur_gun_rack, vaults_mumra_lcd,
          hangedman_vaults_variations, ontoclasm_vaults_fault,
          nicolae_vaults_specimen_jars, hangedman_vaults_maws,
          vaults_dpeg_diagonal, vaults_room_stairs_pillars,
          layout_vaults_big_room, lightli_enter_wizlab_magi_temple
Vaults:3: hangedman_vaults_nodes, v_misc_1, minmay_crypt_entry_necro_gods,
          nicolae_vaults_theta, st_more_cells, v_alt_pattern_6, v_misc_4,
          nicolae_vaults_network_quinsquares
          [nicolae_vaults_network_quincunx_subvault,
          nicolae_vaults_network_quincunx_subvault,
          nicolae_vaults_network_quincunx_subvault,
          nicolae_vaults_network_quincunx_subvault], vaults_room_fours,
          vaults_dpeg_spiral, vaults_dpeg_hooks, nicolae_vaults_angled_halls,
          nicolae_vaults_little_ls, layout_vaults_omnibox, basic_altar
Vaults:4: nicolae_vaults_quartermaster, nicolae_vaults_little_squares_1,
          vaults_mumra_minichess_inversion, hangedman_vaults_stream, v_misc_3,
          vaults_room_door_hall, v_misc_26, nicolae_vaults_alarming,
          ontoclasm_vaults_idyll, layout_vaults_ring, serial_shops,
          bzr_entry_lakeside
Vaults:5
Crypt:1:  layout_rooms, uniq_aizul
Crypt:2:  layout_catacombs, nicolae_crypt_stairs_room, st_stairs_13,
          minmay_misc_feat_hallway
Crypt:3:  quadcrypt_mu
Tomb:1:   uniq_sojobo
Tomb:2
Tomb:3
Depths:1: layout_long_grid, enter_ziggurat_e, pan_entry, minmay_misc_feat_chi,
          ebering_ghost_gozag, grunt_hell_horde, eino_tiny_chamber,
          minmay_misc_feat_five, kennysheep_another_room,
          minmay_misc_feat_plants, chequers_serial_rivers_small_3, uniq_nikola
Depths:2: minmay_spriggan_fort, layout_gridlike, serial_shops, bzr_entry_water,
          hangedman_abyss_entry_splay, nicolae_two_hexagons, hell_entry,
          st_stairs_9, minmay_mirror_moons_of_madness, uniq_mara
Depths:3: kennysheep_ambush_hall, layout_gridlike, pf_hell_entry_tar_spiral,
          rand_demon_pan_entry_5, serial_bayou, serial_bayou_ford_a,
          serial_bayou_pond_c, serial_bayou_pond_c, serial_bayou_lake_a,
          uniq_jory
Depths:4: hangedman_pleasuredromes, hell_entry, serial_shops, abyss_entry
Depths:5: grunt_zot_entry_hairpin, layout_gridlike, grunt_hell_entry_dis_grunt,
          rand_demon_pan_entry_8, hex_intersection, serial_shops, freezing_bzr,
          nicolae_shop_overgrown_old_shop, shop,
          minmay_guarded_unrand_robustness
Hell
Dis:1:    layout_overlapping_boxes
Dis:2:    layout_gridville
Dis:3:    layout_jigsaw
Dis:4:    layout_chaotic_city
Dis:5:    layout_subdivisions
Dis:6:    layout_chaotic_city, hangedman_dis_decor_blocks_mantle
Dis:7:    dis_hangedman
Geh:1:    layout_gehenna_pools_box
Geh:2:    layout_gehenna_pools_basic
Geh:3:    layout_gehenna_pools_triple, door_vault
Geh:4:    layout_gehenna_lava_caves, lemuel_flamethrower_2
Geh:5:    layout_gehenna_pools_basic, grunt_megastairs_2
Geh:6:    layout_gehenna_lava_caves, lemuel_elevator
Geh:7:    evilmike_geh
Coc:1:    layout_ice_bergs
Coc:2:    layout_cocytus_delve
Coc:3:    layout_cocytus_delve
Coc:4:    layout_ice_bergs
Coc:5:    layout_ice_bergs
Coc:6:    layout_cocytus_water_paths
Coc:7:    coc_mu
Tar:1:    layout_cathedral_of_symmetry
Tar:2:    layout_grid_maze, nicolae_tar_cuneiform_bread
Tar:3:    layout_cathedral_of_symmetry
Tar:4:    layout_honeycomb
Tar:5:    layout_catacombs
Tar:6:    layout_grid_maze
Tar:7:    tar_grunt_cathedral
Zot:1:    grunt_zot_stairs_faceoff, layout_basic
Zot:2:    layout_gridville
Zot:3:    layout_onion_interference
Zot:4:    ebering_klown_carousel, layout_misc_corridors
Zot:5:    layout_gridlike, grunt_ministairs_8

Skill      XL: |  1  2  3  4  5  6  7  8  9 10 11 12 13 14 15 16 17 18 19 20 21 22 23 24 25 26 27 |
---------------+----------------------------------------------------------------------------------+-----
Earth Magic    | 4 5 6 7 8 9 10 11 12 13 14 15 16 17 18 19 20 27 | 27.0
Conjurations   | 1 2 3 4 5 6 7 8 9 10 11 12 13 14 15 16 27 | 27.0
Spellcasting   | 3 4 5 6 7 8 9 10 11 12 13 14 15 16 27 | 27.0
Fighting       | 1 2 4 5 6 8 9 10 11 12 13 14 15 16 17 18 27 | 27.0
Armour         | 1 2 4 5 6 27 | 27.0
Maces & Flails | 1 2 3 5 6 7 8 9 10 11 12 13 14 15 16 27 | 27.0
Dodging        | 2 3 4 5 6 7 8 9 10 11 12 13 14 27 | 27.0
Evocations     | 1 2 4 5 6 7 8 9 10 27 | 27.0
Fire Magic     | 4 6 8 10 11 12 14 15 16 17 18 19 20 27 | 27.0
Shields        | 27 | 27.0
Ice Magic      | 27 | 27.0
Transmutations | 27 | 27.0
Necromancy     | 27 | 27.0
Throwing       | 27 | 27.0
Air Magic      | 27 | 27.0
Polearms       | 27 | 27.0
Translocations | 27 | 27.0
Stealth        | 27 | 27.0
Staves         | 27 | 27.0
Short Blades   | 27 | 27.0
Long Blades    | 27 | 27.0
Unarmed Combat | 27 | 27.0
Axes           | 27 | 27.0
Slings         | 27 | 27.0
Bows           | 27 | 27.0
Hexes          | 27 | 27.0
Crossbows      | 27 | 27.0
Charms         | 27 | 27.0
Summonings     | 27 | 27.0
Poison Magic   | 27 | 27.0
Invocations    | 27 | 27.0

Action                   |  1- 3 |  4- 6 |  7- 9 | 10-12 | 13-15 | 16-18 | 19-21 | 22-24 | 25-27 || total
-------------------------+-------+-------+-------+-------+-------+-------+-------+-------+-------++-------
Melee: Short sword       |    21 |       |       |       |    75 |       |       |       |       ||    96
       Hand axe          |    49 |    56 |       |       |       |       |       |       |       ||   105
       Dagger            |       |    65 |   349 |   387 |       |       |       |       |       ||   801
       Flail             |       |       |       |       |   104 |       |       |       |       ||   104
       Whip              |       |       |       |       |   588 |   450 |    52 |       |       ||  1090
       Eveningstar       |       |       |       |       |       |       |   445 |   296 |  1506 ||  2247
       Peck              |       |       |       |       |       |       |       |       |    16 ||    16
       Lance             |       |       |       |       |       |       |       |       |  1598 ||  1598
       Staff             |       |       |       |       |       |       |       |       |   953 ||   953
       Headbutt          |       |       |       |       |       |       |       |       |    68 ||    68
Throw: Throwing net      |       |       |       |       |       |       |       |       |     2 ||     2
       Javelin           |       |       |       |       |       |       |       |       |    53 ||    53
 Cast: Sandblast         |     9 |    29 |    59 |   172 |   247 |    27 |     9 |     1 |       ||   553
       Stone Arrow       |     1 |     2 |    13 |    32 |    59 |     6 |       |     4 |    28 ||   145
       Lee's Rapid Decon |       |       |    10 |    61 |   128 |    56 |    44 |    39 |   111 ||   449
       Mephitic Cloud    |       |       |       |     6 |    14 |       |       |       |       ||    20
       Bolt of Magma     |       |       |       |       |    31 |     2 |       |       |       ||    33
       Bolt of Fire      |       |       |       |       |    14 |   116 |   106 |    41 |   180 ||   457
       Iron Shot         |       |       |       |       |    34 |    80 |    56 |    73 |   558 ||   801
       Fireball          |       |       |       |       |     4 |    40 |    27 |     2 |     4 ||    77
       Ignition          |       |       |       |       |       |       |    60 |    41 |   607 ||   708
       Shatter           |       |       |       |       |       |       |       |    32 |  1163 ||  1195
       Fire Storm        |       |       |       |       |       |       |       |       |   520 ||   520
       Glaciate          |       |       |       |       |       |       |       |       |   540 ||   540
       Controlled Blink  |       |       |       |       |       |       |       |       |    51 ||    51
       Lehudib's Crystal |       |       |       |       |       |       |       |       |    34 ||    34
       Tornado           |       |       |       |       |       |       |       |       |    33 ||    33
       Necromutation     |       |       |       |       |       |       |       |       |    15 ||    15
 Abil: Fly               |       |       |       |       |     2 |       |       |       |     1 ||     3
       Evoke Invisibilit |       |       |       |       |     1 |       |     1 |     1 |    35 ||    38
       Stop Flying       |       |       |       |       |     1 |       |       |       |     1 ||     2
Evoke: Wand              |       |       |       |     3 |     3 |    21 |     1 |     8 |    62 ||    98
       Staff of energy   |       |       |       |       |       |       |       |       |    20 ||    20
       Box of beasts     |       |       |       |       |       |       |       |       |    13 ||    13
       Figurine of a zig |       |       |       |       |       |       |       |       |     7 ||     7
       Phial of floods   |       |       |       |       |       |       |       |       |     3 ||     3
       Phantom mirror    |       |       |       |       |       |       |       |       |     2 ||     2
       Lamp of fire      |       |       |       |       |       |       |       |       |     1 ||     1
       Horn of Geryon    |       |       |       |       |       |       |       |       |     1 ||     1
  Use: Scroll            |     4 |     7 |    10 |    13 |    16 |    11 |    20 |     9 |   349 ||   439
       Potion            |     1 |       |     4 |     9 |     1 |     4 |     9 |     8 |   298 ||   334
 Stab: Sleeping          |     5 |     4 |     3 |       |     3 |     1 |     1 |     1 |    17 ||    35
       Distracted        |       |       |       |     1 |       |       |     1 |       |    25 ||    27
       Confused          |       |       |       |     2 |     1 |       |       |       |       ||     3
       Invisible         |       |       |       |       |       |       |       |       |     9 ||     9
  Eat: Chunk             |     3 |     5 |    14 |    21 |    46 |    26 |    37 |    10 |    89 ||   251
       Ration            |       |       |     1 |     5 |    10 |    12 |     9 |    10 |   184 ||   231
Armor: Robe              |    33 |    61 |   208 |   251 |   375 |   149 |   344 |   220 |   903 ||  2544
       Troll leather arm |       |       |       |       |       |       |       |       |  1724 ||  1724
Dodge: Dodged            |    42 |   102 |   322 |   394 |   719 |   237 |   490 |   281 |  5781 ||  8368
Block: Buckler           |       |       |       |       |       |       |       |       |  3066 ||  3066
       Reflection        |       |       |       |       |       |       |       |       |   397 ||   397

Table legend:
 A = Non-vault XP
 B = Vault XP
 C = Vault XP percentage of total XP
 D = Non-vault monster count
 E = Vault monster count
 F = Vault count percentage of total count
                 A         B        C        D         E       F
            +---------+---------+-------+---------+---------+-------
      Total | 7475610 | 1524389 |  16.9 |   20085 |    2013 |   9.1
            +---------+---------+-------+---------+---------+-------
        D:1 |      34 |       5 |  12.8 |      21 |       5 |  19.2
        D:2 |      80 |       0 |   0.0 |      13 |       0 |   0.0
        D:3 |     204 |       0 |   0.0 |      26 |       0 |   0.0
        D:4 |     403 |     381 |  48.6 |      15 |      21 |  58.3
        D:5 |     673 |       7 |   1.0 |      21 |       4 |  16.0
        D:6 |     549 |     395 |  41.8 |      18 |       3 |  14.3
        D:7 |     875 |     450 |  34.0 |      24 |       1 |   4.0
        D:8 |     838 |       0 |   0.0 |      16 |       0 |   0.0
        D:9 |    2202 |    3646 |  62.3 |      31 |      12 |  27.9
       D:10 |    1791 |    1100 |  38.0 |      24 |       2 |   7.7
       D:11 |    3884 |       0 |   0.0 |      24 |       0 |   0.0
       D:12 |    4737 |    4907 |  50.9 |      40 |      12 |  23.1
       D:13 |    5067 |    2265 |  30.9 |      27 |      18 |  40.0
       D:14 |    8353 |   11497 |  57.9 |      40 |      18 |  31.0
       D:15 |   15672 |    7319 |  31.8 |      44 |      11 |  20.0
     Lair:1 |    3236 |     409 |  11.2 |      14 |       2 |  12.5
     Lair:2 |    2890 |       0 |   0.0 |      14 |       0 |   0.0
     Lair:3 |    2481 |    1912 |  43.5 |       9 |       7 |  43.8
     Lair:4 |    7678 |    4286 |  35.8 |      33 |      21 |  38.9
     Lair:5 |    3784 |   13236 |  77.8 |      15 |      53 |  77.9
     Lair:6 |   10006 |    9903 |  49.7 |      34 |      60 |  63.8
   Shoals:1 |   11661 |       0 |   0.0 |      26 |       0 |   0.0
   Shoals:2 |   18734 |       0 |   0.0 |      34 |       0 |   0.0
   Shoals:3 |   14633 |    8205 |  35.9 |      31 |       7 |  18.4
   Shoals:4 |   23834 |   25379 |  51.6 |      42 |      37 |  46.8
    Snake:1 |   14873 |       0 |   0.0 |      26 |       0 |   0.0
    Snake:2 |   16715 |       0 |   0.0 |      29 |       0 |   0.0
    Snake:3 |   20650 |   17294 |  45.6 |      35 |      14 |  28.6
    Snake:4 |   27572 |   59870 |  68.5 |      53 |      88 |  62.4
    Slime:1 |   15209 |       0 |   0.0 |      25 |       0 |   0.0
    Slime:2 |    8049 |       0 |   0.0 |       7 |       0 |   0.0
    Slime:3 |    4852 |       0 |   0.0 |       3 |       0 |   0.0
    Slime:4 |    6052 |    1664 |  21.6 |      20 |       4 |  16.7
    Slime:5 |   18885 |   39897 |  67.9 |      25 |      13 |  34.2
      Orc:1 |    3138 |       0 |   0.0 |      19 |       0 |   0.0
      Orc:2 |    2370 |    8558 |  78.3 |      21 |      27 |  56.2
      Elf:1 |   15416 |    7363 |  32.3 |      23 |      12 |  34.3
      Elf:2 |   18390 |    1826 |   9.0 |      29 |       2 |   6.5
      Elf:3 |   12388 |   39677 |  76.2 |      20 |      26 |  56.5
   Vaults:1 |   16591 |   12309 |  42.6 |      29 |      17 |  37.0
   Vaults:2 |   56778 |    5517 |   8.9 |      92 |       8 |   8.0
   Vaults:3 |   38084 |   29341 |  43.5 |      48 |      35 |  42.2
   Vaults:4 |   41892 |   22615 |  35.1 |      58 |      27 |  31.8
   Vaults:5 |   29231 |  176200 |  85.8 |      35 |     114 |  76.5
    Crypt:1 |   37525 |    1706 |   4.3 |      58 |       1 |   1.7
    Crypt:2 |   35298 |    1458 |   4.0 |      56 |       1 |   1.8
    Crypt:3 |       0 |   68907 | 100.0 |       0 |      81 | 100.0
     Tomb:1 |       0 |       0 |   N/A |      22 |      82 |  78.8
     Tomb:2 |       0 |       0 |   N/A |      42 |      42 |  50.0
     Tomb:3 |       0 |       0 |   N/A |      22 |     115 |  83.9
   Depths:1 |   45384 |   16728 |  26.9 |      66 |      21 |  24.1
   Depths:2 |   46889 |   30664 |  39.5 |      60 |      36 |  37.5
   Depths:3 |   25068 |   17060 |  40.5 |      40 |      14 |  25.9
   Depths:4 |    2898 |  106630 |  97.4 |       8 |      90 |  91.8
   Depths:5 |   31685 |   28720 |  47.5 |      29 |      25 |  46.3
       Hell |   17129 |   14166 |  45.3 |      41 |      52 |  55.9
      Dis:1 |       0 |       0 |   N/A |      15 |       0 |   0.0
      Dis:2 |       0 |       0 |   N/A |       5 |       0 |   0.0
      Dis:3 |       0 |       0 |   N/A |       3 |       0 |   0.0
      Dis:4 |       0 |       0 |   N/A |       9 |       0 |   0.0
      Dis:5 |       0 |       0 |   N/A |       2 |       0 |   0.0
      Dis:6 |       0 |       0 |   N/A |       4 |       0 |   0.0
      Dis:7 |       0 |       0 |   N/A |      17 |      89 |  84.0
      Geh:1 |       0 |       0 |   N/A |      29 |       0 |   0.0
      Geh:2 |       0 |       0 |   N/A |       8 |       0 |   0.0
      Geh:3 |       0 |       0 |   N/A |       5 |       0 |   0.0
      Geh:4 |       0 |       0 |   N/A |       5 |       0 |   0.0
      Geh:5 |       0 |       0 |   N/A |      33 |       1 |   2.9
      Geh:7 |       0 |       0 |   N/A |      37 |      48 |  56.5
      Coc:1 |       0 |       0 |   N/A |      15 |       0 |   0.0
      Coc:2 |       0 |       0 |   N/A |      63 |       0 |   0.0
      Coc:3 |       0 |       0 |   N/A |      20 |       0 |   0.0
      Coc:4 |       0 |       0 |   N/A |       3 |       0 |   0.0
      Coc:5 |       0 |       0 |   N/A |       7 |       0 |   0.0
      Coc:6 |       0 |       0 |   N/A |       1 |       0 |   0.0
      Coc:7 |       0 |       0 |   N/A |      68 |      93 |  57.8
      Tar:1 |       0 |       0 |   N/A |       8 |       0 |   0.0
      Tar:2 |       0 |       0 |   N/A |       1 |       0 |   0.0
      Tar:3 |       0 |       0 |   N/A |       2 |       0 |   0.0
      Tar:5 |       0 |       0 |   N/A |      15 |       0 |   0.0
      Tar:6 |       0 |       0 |   N/A |       4 |       0 |   0.0
      Tar:7 |       0 |       0 |   N/A |      46 |      50 |  52.1
      Zot:1 |   48237 |   25852 |  34.9 |      28 |      14 |  33.3
      Zot:2 |   52094 |       0 |   0.0 |      32 |       0 |   0.0
      Zot:3 |   57781 |       0 |   0.0 |      36 |       0 |   0.0
      Zot:4 |   41347 |   55538 |  57.3 |      23 |      17 |  42.5
      Zot:5 |   46420 |  200102 |  81.2 |      28 |      45 |  61.6
    Abyss:1 |     590 |       0 |   0.0 |       3 |       0 |   0.0
    Abyss:2 |       0 |       0 |   N/A |       4 |      12 |  75.0
    Abyss:3 |   89591 |   14193 |  13.7 |     179 |      18 |   9.1
    Abyss:5 |     179 |       0 |   0.0 |       1 |       0 |   0.0
        Pan |  203407 |  322684 |  61.3 |     252 |     195 |  43.6
      Zig:1 |   11716 |    2544 |  17.8 |      45 |       4 |   8.2
      Zig:2 |   18882 |       0 |   0.0 |      84 |       0 |   0.0
      Zig:3 |   28374 |       0 |   0.0 |     117 |       0 |   0.0
      Zig:4 |   37730 |    2007 |   5.1 |     162 |       4 |   2.4
      Zig:5 |   45235 |       0 |   0.0 |     201 |       0 |   0.0
      Zig:6 |   62245 |    4559 |   6.8 |     269 |       8 |   2.9
      Zig:7 |   76437 |       0 |   0.0 |     314 |       0 |   0.0
      Zig:8 |  105930 |    4746 |   4.3 |     340 |       8 |   2.3
      Zig:9 |  144595 |       0 |   0.0 |     371 |       0 |   0.0
     Zig:10 |  152133 |       0 |   0.0 |     401 |       4 |   1.0
     Zig:11 |  119111 |    2561 |   2.1 |     624 |       4 |   0.6
     Zig:12 |  144225 |   10882 |   7.0 |     581 |       4 |   0.7
     Zig:13 |  187328 |    2679 |   1.4 |     606 |       4 |   0.7
     Zig:14 |  275087 |       0 |   0.0 |     637 |       4 |   0.6
     Zig:15 |  236533 |    2489 |   1.0 |     863 |       8 |   0.9
     Zig:16 |  242555 |       0 |   0.0 |     665 |       4 |   0.6
     Zig:17 |  352875 |       0 |   0.0 |     922 |       0 |   0.0
     Zig:18 |  313087 |    2054 |   0.7 |     805 |       4 |   0.5
     Zig:19 |  360836 |   15067 |   4.0 |     941 |       8 |   0.8
     Zig:20 |  296280 |    2163 |   0.7 |    1098 |       8 |   0.7
     Zig:21 |  347758 |       0 |   0.0 |    1125 |       0 |   0.0
     Zig:22 |  342336 |       0 |   0.0 |    1248 |       0 |   0.0
     Zig:23 |  435197 |    2528 |   0.6 |    1170 |       8 |   0.7
     Zig:24 |  553113 |       0 |   0.0 |    1109 |       4 |   0.4
     Zig:25 |  348639 |       0 |   0.0 |     917 |       4 |   0.4
     Zig:26 |  373367 |    5853 |   1.5 |     829 |       8 |   1.0
     Zig:27 |  571050 |       0 |   0.0 |     953 |       0 |   0.0
    Ossuary |       0 |     274 | 100.0 |       0 |      16 | 100.0
      IceCv |       0 |    3284 | 100.0 |       0 |      11 | 100.0
    Volcano |       0 |    4732 | 100.0 |       0 |       8 | 100.0
     WizLab |       0 |   29613 | 100.0 |       0 |      44 | 100.0
   Gauntlet |       0 |    4513 | 100.0 |       0 |      11 | 100.0
            +---------+---------+-------+---------+---------+-------
